Workbook

Sheet はじめに
AN2: ver. | AO2: 1.0 | AP2: .1
C3: 1. 本ファイルの目的
D5: 本補助金の応募申請では、事業計画関連の申請内容を以下4種類のファイル(応募申請画面インポート用フォーマット)に記入していただきます。
D7: 本ファイルは「補助対象予定経費・資金調達表」の情報を記入いただくフォーマットとなりますので、「3. 本ファイルの利用方法」に従い作成のうえ、
D8: 応募申請時に電子申請システムに添付してください。
E11: ➊ 応募申請画面インポート用フォーマット(事業計画)
E12: ・ | F12: 会社概要、経営戦略及び補助事業計画を入力するフォーマットです。
E14: ❷ 応募申請画面インポート用フォーマット(財務情報・収益計画)
E15: ・ | F15: 直近の貸借対照表・損益計算書の内容及び本補助金の要件を満たす収益計画を入力するフォーマットです。
E17: ❸ 応募申請画面インポート用フォーマット(資金調達表・補助対象予定経費)
E18: ・ | F18: 補助事業の実施にあたり見込まれる補助対象経費の具体的な内容及び金額、必要な資金の調達方法及び金額等を入力するフォーマットです。
E20: ❹ 応募申請画面インポート用フォーマット(スケジュール_補助事業実施期間・事業計画期間)
E21: ・ | F21: 補助事業実施期間及び事業計画期間の補助事業の実施スケジュールを入力するフォーマットです。
C25: 2. 各シートの概要
D27: シート名 | L27: 主な内容・役割
D28: はじめに | L28: (※本シート) 本ファイルの目的、各シートの入力方法等について説明しています。
D29: 補助対象予定経費 | L29: 補助事業の実施にあたり見込まれる補助対象経費について、費目ごとに具体的な内容・金額等を整理して入力します。
D30: 資金調達表 | L30: 補助事業の実施に必要な資金について、調達方法ごとに金額等を整理して入力します。
D31: 【解説・入力例】 補助対象予定経費 | L31: 各項目や自動計算の対象項目について解説しています。
D32: 【解説・入力例】 資金調達表 | L32: 各項目や自動計算の対象項目について解説しています。
C34: 3. 本ファイルの利用方法
D36: 凡例
H38: ：要入力(黒太枠で囲われているセルに値を入力してください)
H40: ：入力不要(入力内容に応じ、不要な項目はグレーアウトされます)
E42: XXXX | H42: ：入力不可(関数で自動入力されます)
D44: ① 「補助対象予定経費」シートの入力
E46: ❶ | F46: 該当する「補助対象事業枠」(D2)をプルダウンから選択してください。
F47: ・ | G47: 電子申請システムの応募申請画面で選択した内容と一致していることをご確認ください。
E49: ❷ | F49: 「従業員数」(D3)を入力してください。
F50: ・ | G50: 電子申請システムの応募申請画面で選択した内容と一致していることをご確認ください。
E52: ❸ | F52: 該当する「対象事業者の選択」(D5)をプルダウンから選択してください。
F53: ・ | G53: 電子申請システムの応募申請画面で選択した内容と一致していることをご確認ください。
E55: ❹ | F55: 該当する「賃上げ特例要件適用有無」(D6)をプルダウンから選択してください。
F56: ・ | G56: 電子申請システムの応募申請画面で選択した内容と一致していることをご確認ください。
E58: ❺ | F58: 該当する「地域別最低賃金引上げ特例要件適用有無」(D7)をプルダウンから選択してください。
F59: ・ | G59: 電子申請システムの応募申請画面で選択した内容と一致していることをご確認ください。
E61: ➏ | F61: 「事業計画期間1年当たりの補助事業で新たに製造等する製品等の売上高見込み額(税抜き)(円)」(D8)を入力してください。
F62: ・ | G62: 計上されている「広告宣伝・販売促進費」が補助上限額の範囲内であるか判断するために使用します。
F63: ・ | G63: 応募申請画面インポート用フォーマット(財務情報・収益計画)の「事業計画期間1年あたりの補助事業で新たに製造等する
G64: 製品等の売上高見込み額(税抜)」(Q18)の金額と同じ金額を入力してください。
G82: ・ | H82: ➊～❺で入力した内容に応じて、補助率(D9)、補助下限額(D10)、補助上限額(D11)が自動で表示されます。
G83: ・ | H83: 「補助対象事業枠」と「対象事業者の選択」の内容に応じて、「賃上げ特例要件適用有無」及び
H84: 「地域別最低賃金引上げ特例適用有無」の選択可否が異なります。
G85: ・ | H85: 詳細は、公募要領や応募申請ガイドを参照してください。
H107: 革新的新製品・サービス枠
H129: 新事業進出枠
H149: グローバル枠
E170: ➐ | F170: 補助対象経費区分ごとの「品目数」(D15～D26)をプルダウンから選択してください。
F171: ・ | G171: 計上しない補助対象経費区分の品目数は"0"を選択してください。("(空白)"の場合は提出可否が"NG"になるのでご注意ください。)
F172: ・ | G172: 革新的新製品・サービス枠を選択した場合、「機械装置・システム構築費」は補助対象経費に含まれていなければなりません。
F173: ・ | G173: 新事業進出枠及びグローバル枠を選択した場合、「機械装置・システム構築費」または「建物費」のいずれかが
G174: 補助対象経費に含まれていなければなりません。
F175: ※ | G175: 選択した品目数に応じて、下段にある詳細の表の入力項目が白塗りになります。
F176: ※ | G176: 選択した補助対象事業枠に応じて、補助対象外となる経費区分はグレーアウトされます。
G177: 革新的新製品・サービス枠の場合、「建物費」、「海外旅費」、「通訳・翻訳費」は補助対象外です。
G178: 新事業進出枠の場合、「海外旅費」、「通訳・翻訳費」は補助対象外です。
E196: ➑ | F196: 計上予定の品目について、下段にある詳細の表の「名称」(D列)(1,000文字以内)、「A 事業に要する経費(税込み)(円)」(E列)、
F197: 「B 補助対象経費(税抜き)(円)」(F列)を入力してください。
F198: ・ | G198: 選択した品目数に対応する項目のみ入力してください。
F199: ・ | G199: ❼で「6以上」を選択した場合には、各補助対象経費区分のNo.5にまとめて入力してください。
F200: ・ | G200: 「A 事業に要する経費(税込み)(円)」(E列)は、各経費区分で計上する品目の取得に要する金額(税込)を入力してください。
F201: ※ | G201: 「C 補助金交付申請額(円)」(G列)は、「補助率」(D9)と「B 補助対象経費(税抜き)(円)」(F列)の値を基に自動計算されます。
E203: ➒ | F203: ➑で「B 補助対象経費(税抜き)(円)」(F列)を計上する場合、「積算基礎 補助対象経費」(H列)(1,000文字以内)
F204: と「補助対象経費の必要性」(I列)(300文字以内)を入力してください。
F205: ・ | G205: 「機械装置・システム構築費」については、「内訳に含まれる経費の種類」(J列)をプルダウンから選択してください。
F206: ・ | G206: 選択した品目数に対応する項目のみ入力してください。
F207: ・ | G207: 「<」、「>」、「&」、「"」、「'」の文字(半角)は使用不可です。使用する場合は、全角にするか、別の文字に置き換えて入力してください。
F208: ・ | G208: 「B 補助対象経費(税抜き)(円)」(F列)が0円の品目については入力不要です。
E226: ❿ | F226: 「合計 (B 補助対象経費(円))」(F15～F26)を計上している補助対象経費区分について、上段にある概要の表の
F227: 「積算基礎 補助対象経費(概要)」(H15～H26)(各1,000文字以内)、「積算基礎 補助対象外経費」(I15～I26)(各1,000文字以内)
F228: を入力してください。
F229: ・ | G229: 「<」、「>」、「&」、「"」、「'」の文字(半角)は使用不可です。使用する場合は、全角にするか、別の文字に置き換えて入力してください。
F230: ・ | G230: 「合計 (B 補助対象経費(円))」(E15～E26)が0円の補助対象経費区分については入力不要です。
E248: ⓫ | F248: シート右上にある「提出可否」(J7)が"OK"になっていることを確認してください。
F249: ・ | G249: 入力内容に不備がある場合は"NG"になりますので、以下を参考に入力内容を修正してください。
G250: ・ | H250: 必要な項目はすべて入力されているか
G251: ・ | H251: 品目数に応じた値のみが入力されているか(例：品目数"3"のときにNo.4、5の行に値が入力されている場合→"NG")
G252: ・ | H252: 「合計 (C 補助金交付申請額(円))」の合計(G27)が、資金調達表シートで入力した「補助金交付申請額」と同額になっているか
G253: ・ | H253: 入力内容に「<」、「>」、「&」、「"」、「'」の文字(半角)が入っていないか
G254: ・ | H254: 金額項目の桁数が合っているか
G255: ・ | H255: 金額項目に小数が入力されていないか
H256: ※ | I256: 小数を入力していても、セルの表示は小数点第1位が四捨五入された整数になります。
I257: 小数になっているかどうかは、確認したいセルを選択し、画面上部の数式バーからご確認ください。
G258: ・ | H258: 各経費区分で定められた上限額を上回っていないか
D271: ② 「資金調達表」シートの入力
E273: ❶ | F273: 「補助事業全体に要する経費調達」の表に、「事業に要する経費(円)」(C列)とその「資金の調達先」(D列)(各1,000文字以内)を記載してください。
F274: ・ | G274: 複数から資金を調達している場合、すべての調達先を記載してください。
F275: ・ | G275: 公租公課は補助対象外のため、「補助金を受けるまでの資金」の表に税抜きの額を半角数字で記載してください。
G276: なお、税分は「補助事業全体に要する経費調達」の表の「補助金交付申請額」以外の区分に含めてください。
F277: ・ | G277: リース会社と共同申請をする場合、リースに要する経費は「補助金を受けるまでの資金」の表の「その他」(G6)に計上し、
G278: 「その他の調達先」(H6)には「リース会社との共同申請」と記載してください。
E280: ➋ | F280: 「補助金を受けるまでの資金」の表に、「事業に要する経費(円)」(G列)とその「資金の調達先」(H列)(各1,000文字以内)を記載してください。
F281: ・ | G281: 複数から資金を調達している場合、全ての調達先を記載してください。
E283: ❸ | F283: シート右上にある「提出可否」(J3)が"OK"になっていることを確認してください。
F284: ・ | G284: 入力内容に不備がある場合は"NG"になりますので、以下を参考に入力内容を修正してください。
G285: ・ | H285: 必要な項目はすべて入力されているか
G286: ・ | H286: 入力内容に「<」、「>」、「&」、「"」、「'」の文字(半角)が入っていないか
G287: ・ | H287: 金額項目の桁数が合っているか
G288: ・ | H288: 金額項目に小数が入力されていないか
H289: ※ | I289: 小数を入力していても、セルの表示は小数点第1位が四捨五入された整数になります。
...

Sheet 補助対象予定経費
L1: 必須チェック | M1: 形式チェック | N1: 不要箇所 チェック
B2: 補助対象事業枠 | L2: =IF(D2="","NG","OK") -> NG | M2: - | N2: -
B3: 従業員数 | L3: =IF(D3="","NG","OK") -> NG | M3: =IFERROR(IF(AND( ISNUMBER(D3),D3=INT(D3),D3>0,LEN(TEXT(D3,"0"))<=3), "OK","NG"),"NG" ) -> NG | N3: -
B4: 従業員数(レンジ) | D4: =IF(OR($D$2="", NOT(ISNUMBER($D3))), "", IF($D$2=リスト!$A$3, IF($D3>=51, リスト!$F$6, IF($D3>=21, リスト!$F$5, IF($D3>=6, リスト!$F$4, IF($D3>=1, リスト!$F$3, "")))), IF(OR($D$2=リスト!$A$4, $D$2=リスト!$A$5), IF($D3>=101, リスト!$G$6, IF($D3>=51, リスト!$G$5, IF($D3>=21, リスト!$G$4, IF($D3>=1, リスト!$G$3, "")))), ""))) | L4: - | M4: =IF($D$2=リスト!$A$3, IF(OR($D4="", COUNTIF(リスト!$F$3:$F$6,$D4)>0), "OK", "NG"), IF(OR($D$2=リスト!$A$4, $D$2=リスト!$A$5), IF(OR($D4="", COUNTIF(リスト!$G$3:$G$6,$D4)>0), "OK", "NG"), "-")) -> - | N4: -
B5: 対象事業者の選択 | L5: =IF(D5="","NG","OK") -> NG | M5: - | N5: -
B6: 賃上げ特例要件適用有無 | J6: 提出可否 | L6: =IF(OR( AND($D$2=リスト!$A$3, $D$5<>リスト!$B$4, OR($D$7=リスト!$D$3, $D$7="")), $D$2=リスト!$A$4, AND($D$2=リスト!$A$5, $D$5<>リスト!$B$4) ), IF(D6="","NG","OK"),"-") -> - | M6: - | N6: =IF(OR( AND($D$2=リスト!$A$3, OR($D$5=リスト!$B$4, $D7=リスト!$D$4)), AND($D$2=リスト!$A$5, $D$5=リスト!$B$4) ), IF($D6=リスト!$D$4, "NG", "OK"), "-") -> -
B7: 地域別最低賃金引上げ特例要件適用有無 | J7: =IF(COUNTIF(L2:N11, "NG") + COUNTIF(L31:P90, "NG") + COUNTIF(L15:Q27, "NG") > 0, "NG", "OK") -> NG | L7: =IF(OR( AND($D$2=リスト!$A$3, $D$5<>リスト!$B$3, $D$5<>リスト!$B$4, OR($D$6=リスト!$D$3, $D$6="")), $D$2=リスト!$A$4 ), IF(D7="","NG","OK"),"-") -> - | M7: - | N7: =IF(OR( AND($D$2=リスト!$A$3, OR($D$5=リスト!$B$3, $D$5=リスト!$B$4, $D$6=リスト!$D$4)), $D$2=リスト!$A$5 ), IF($D$7=リスト!$D$4, "NG", "OK"), "-") -> -
B8: 事業計画期間１年当たりの 補助事業で新たに製造等する製品等の 売上高見込み額(税抜き)(円) | J8: =IF($J$7="NG","※「はじめに」シートの3.①.⓫をご確認の上、入力内容に誤りがないかをご確認ください。","") -> ※「はじめに」シートの3.①.⓫をご確認の上、入力内容に誤りがないかをご確認ください。 | L8: =IF(D8="","NG","OK") -> NG | M8: =IF($D8="", "OK", IF(ISNUMBER($D8), IF(AND($D8=INT($D8), $D8>=0, LEN(TEXT($D8,"0"))<=12), "OK", "NG"), "NG")) -> OK | N8: -
B9: 補助率 | D9: =IF($D$2="","", IF($D$2=リスト!$A$3, IF(OR($D$5=リスト!$B$3, $D$5=リスト!$B$4, $D$7=リスト!$D$4), リスト!$E$4, リスト!$E$3), IF($D$2=リスト!$A$4, IF($D$7=リスト!$D$4, リスト!$E$4, リスト!$E$3), IF($D$2=リスト!$A$5, リスト!$E$4, リスト!$E$3 )))) | L9: - | M9: - | N9: -
B10: 補助下限額 | D10: =IF($D$2<>"", IF($D$2=リスト!$A$3, リスト!$I$3, リスト!$L$3),"") | L10: - | M10: - | N10: -
B11: 補助上限額 | D11: =IF(OR($D$2="",$D$4=""),"", IFERROR( IF($D$2=リスト!$A$3, IF(OR($D$6=リスト!$D$3,$D$6=""), INDEX(リスト!$J$3:$J$6,MATCH($D$4,リスト!$F$3:$F$6,0)), IF($D$6=リスト!$D$4, INDEX(リスト!$K$3:$K$6,MATCH($D$4,リスト!$F$3:$F$6,0)), "")), IF(OR($D$2=リスト!$A$4,$D$2=リスト!$A$5), IF(OR($D$6=リスト!$D$3,$D$6=""), INDEX(リスト!$M$3:$M$6,MATCH($D$4,リスト!$G$3:$G$6,0)), IF($D$6=リスト!$D$4, INDEX(リスト!$N$3:$N$6,MATCH($D$4,リスト!$G$3:$G$6,0)), "")), "")), "")) | L11: - | M11: - | N11: -
D13: 概要
B14: 補助対象経費区分 | D14: 品目数 | E14: 合計 (A 事業に要する経費(円)) | F14: 合計 (B 補助対象経費(円)) | G14: 合計 (C 補助金交付申請額(円)) | H14: 積算基礎 補助対象経費(概要) | I14: 積算基礎 補助対象外経費 | L14: 必須チェック | N14: 経費区分 チェック | O14: 形式チェック | P14: 数値チェック | Q14: 不要箇所 チェック
B15: 機械装置・システム構築費 | E15: =SUM(E31:E35) -> 0 | F15: =SUM(F31:F35) -> 0 | G15: =SUM(G31:G35) -> 0 | L15: =IF( IF($D$2=リスト!$A$3, NOT(OR($B15=$B$16, $B15=$B$25, $B15=$B$26)), IF($D$2=リスト!$A$4, NOT(OR($B15=$B$25, $B15=$B$26)), IF($D$2=リスト!$A$5, TRUE, FALSE))), IF($D15<>"", "OK", "NG"), "-") -> - | M15: =IF($F15>0, IF(OR($H15="", $I15=""), "NG", "OK"), "-") -> - | N15: =IF( IF($D$2=リスト!$A$3, $B15=$B$15, IF(OR($D$2=リスト!$A$4, $D$2=リスト!$A$5), OR($B15=$B$15, $B15=$B$16), FALSE)), IF( IF($D$2=リスト!$A$3, AND($D$15<>"", $D$15<>0), IF(OR($D$2=リスト!$A$4, $D$2=リスト!$A$5), OR(AND($D$15<>"", $D$15<>0), AND($D$16<>"", $D$16<>0)), FALSE)), "OK", "NG"), "-") -> - | O15: {=IF(AND( LEN(SUBSTITUTE(SUBSTITUTE($H15,CHAR(10),""),CHAR(13),""))<=1000, SUMPRODUCT(--ISNUMBER(FIND({"<";">";"&";"""";"'"}, $H15)))=0, LEN(SUBSTITUTE(SUBSTITUTE($I15,CHAR(10),""),CHAR(13),""))<=1000, SUMPRODUCT(--ISNUMBER(FIND({"<";">";"&";"""";"'"}, $I15)))=0 ), "OK", "NG")} -> OK | P15: - | Q15: =IF( OR( IF($D$2=リスト!$A$3, OR($B15=$B$16, $B15=$B$25, $B15=$B$26), IF($D$2=リスト!$A$4, OR($B15=$B$25, $B15=$B$26), FALSE)), $F15=0 ), IF(OR( AND(IF($D$2=リスト!$A$3, OR($B15=$B$16, $B15=$B$25, $B15=$B$26), IF($D$2=リスト!$A$4, OR($B15=$B$25, $B15=$B$26), FALSE)), OR(AND($D15<>"", $D15<>0), $H15<>"", $I15<>"")), AND($F15=0, $H15<>""), AND($E15=0, $I15<>"") ), "NG", "OK"), "-") -> OK
B16: 建物費 | E16: =SUM(E36:E40) -> 0 | F16: =SUM(F36:F40) -> 0 | G16: =SUM(G36:G40) -> 0 | L16: =IF( IF($D$2=リスト!$A$3, NOT(OR($B16=$B$16, $B16=$B$25, $B16=$B$26)), IF($D$2=リスト!$A$4, NOT(OR($B16=$B$25, $B16=$B$26)), IF($D$2=リスト!$A$5, TRUE, FALSE))), IF($D16<>"", "OK", "NG"), "-") -> - | M16: =IF($F16>0, IF(OR($H16="", $I16=""), "NG", "OK"), "-") -> - | N16: =IF( IF($D$2=リスト!$A$3, $B16=$B$15, IF(OR($D$2=リスト!$A$4, $D$2=リスト!$A$5), OR($B16=$B$15, $B16=$B$16), FALSE)), IF( IF($D$2=リスト!$A$3, AND($D$15<>"", $D$15<>0), IF(OR($D$2=リスト!$A$4, $D$2=リスト!$A$5), OR(AND($D$15<>"", $D$15<>0), AND($D$16<>"", $D$16<>0)), FALSE)), "OK", "NG"), "-") -> - | O16: {=IF(AND( LEN(SUBSTITUTE(SUBSTITUTE($H16,CHAR(10),""),CHAR(13),""))<=1000, SUMPRODUCT(--ISNUMBER(FIND({"<";">";"&";"""";"'"}, $H16)))=0, LEN(SUBSTITUTE(SUBSTITUTE($I16,CHAR(10),""),CHAR(13),""))<=1000, SUMPRODUCT(--ISNUMBER(FIND({"<";">";"&";"""";"'"}, $I16)))=0 ), "OK", "NG")} -> OK | P16: - | Q16: =IF( OR( IF($D$2=リスト!$A$3, OR($B16=$B$16, $B16=$B$25, $B16=$B$26), IF($D$2=リスト!$A$4, OR($B16=$B$25, $B16=$B$26), FALSE)), $F16=0 ), IF(OR( AND(IF($D$2=リスト!$A$3, OR($B16=$B$16, $B16=$B$25, $B16=$B$26), IF($D$2=リスト!$A$4, OR($B16=$B$25, $B16=$B$26), FALSE)), OR(AND($D16<>"", $D16<>0), $H16<>"", $I16<>"")), AND($F16=0, $H16<>""), AND($E16=0, $I16<>"") ), "NG", "OK"), "-") -> OK
B17: 運搬費 | E17: =SUM(E41:E45) -> 0 | F17: =SUM(F41:F45) -> 0 | G17: =SUM(G41:G45) -> 0 | L17: =IF( IF($D$2=リスト!$A$3, NOT(OR($B17=$B$16, $B17=$B$25, $B17=$B$26)), IF($D$2=リスト!$A$4, NOT(OR($B17=$B$25, $B17=$B$26)), IF($D$2=リスト!$A$5, TRUE, FALSE))), IF($D17<>"", "OK", "NG"), "-") -> - | M17: =IF($F17>0, IF(OR($H17="", $I17=""), "NG", "OK"), "-") -> - | N17: =IF( IF($D$2=リスト!$A$3, $B17=$B$15, IF(OR($D$2=リスト!$A$4, $D$2=リスト!$A$5), OR($B17=$B$15, $B17=$B$16), FALSE)), IF( IF($D$2=リスト!$A$3, AND($D$15<>"", $D$15<>0), IF(OR($D$2=リスト!$A$4, $D$2=リスト!$A$5), OR(AND($D$15<>"", $D$15<>0), AND($D$16<>"", $D$16<>0)), FALSE)), "OK", "NG"), "-") -> - | O17: {=IF(AND( LEN(SUBSTITUTE(SUBSTITUTE($H17,CHAR(10),""),CHAR(13),""))<=1000, SUMPRODUCT(--ISNUMBER(FIND({"<";">";"&";"""";"'"}, $H17)))=0, LEN(SUBSTITUTE(SUBSTITUTE($I17,CHAR(10),""),CHAR(13),""))<=1000, SUMPRODUCT(--ISNUMBER(FIND({"<";">";"&";"""";"'"}, $I17)))=0 ), "OK", "NG")} -> OK | P17: - | Q17: =IF( OR( IF($D$2=リスト!$A$3, OR($B17=$B$16, $B17=$B$25, $B17=$B$26), IF($D$2=リスト!$A$4, OR($B17=$B$25, $B17=$B$26), FALSE)), $F17=0 ), IF(OR( AND(IF($D$2=リスト!$A$3, OR($B17=$B$16, $B17=$B$25, $B17=$B$26), IF($D$2=リスト!$A$4, OR($B17=$B$25, $B17=$B$26), FALSE)), OR(AND($D17<>"", $D17<>0), $H17<>"", $I17<>"")), AND($F17=0, $H17<>""), AND($E17=0, $I17<>"") ), "NG", "OK"), "-") -> OK
B18: 技術導入費 | E18: =SUM(E46:E50) -> 0 | F18: =SUM(F46:F50) -> 0 | G18: =SUM(G46:G50) -> 0 | L18: =IF( IF($D$2=リスト!$A$3, NOT(OR($B18=$B$16, $B18=$B$25, $B18=$B$26)), IF($D$2=リスト!$A$4, NOT(OR($B18=$B$25, $B18=$B$26)), IF($D$2=リスト!$A$5, TRUE, FALSE))), IF($D18<>"", "OK", "NG"), "-") -> - | M18: =IF($F18>0, IF(OR($H18="", $I18=""), "NG", "OK"), "-") -> - | N18: =IF( IF($D$2=リスト!$A$3, $B18=$B$15, IF(OR($D$2=リスト!$A$4, $D$2=リスト!$A$5), OR($B18=$B$15, $B18=$B$16), FALSE)), IF( IF($D$2=リスト!$A$3, AND($D$15<>"", $D$15<>0), IF(OR($D$2=リスト!$A$4, $D$2=リスト!$A$5), OR(AND($D$15<>"", $D$15<>0), AND($D$16<>"", $D$16<>0)), FALSE)), "OK", "NG"), "-") -> - | O18: {=IF(AND( LEN(SUBSTITUTE(SUBSTITUTE($H18,CHAR(10),""),CHAR(13),""))<=1000, SUMPRODUCT(--ISNUMBER(FIND({"<";">";"&";"""";"'"}, $H18)))=0, LEN(SUBSTITUTE(SUBSTITUTE($I18,CHAR(10),""),CHAR(13),""))<=1000, SUMPRODUCT(--ISNUMBER(FIND({"<";">";"&";"""";"'"}, $I18)))=0 ), "OK", "NG")} -> OK | P18: =IF($G18 > $F$27/3, "NG", "OK") -> OK | Q18: =IF( OR( IF($D$2=リスト!$A$3, OR($B18=$B$16, $B18=$B$25, $B18=$B$26), IF($D$2=リスト!$A$4, OR($B18=$B$25, $B18=$B$26), FALSE)), $F18=0 ), IF(OR( AND(IF($D$2=リスト!$A$3, OR($B18=$B$16, $B18=$B$25, $B18=$B$26), IF($D$2=リスト!$A$4, OR($B18=$B$25, $B18=$B$26), FALSE)), OR(AND($D18<>"", $D18<>0), $H18<>"", $I18<>"")), AND($F18=0, $H18<>""), AND($E18=0, $I18<>"") ), "NG", "OK"), "-") -> OK
B19: 知的財産権等関連経費 | E19: =SUM(E51:E55) -> 0 | F19: =SUM(F51:F55) -> 0 | G19: =SUM(G51:G55) -> 0 | L19: =IF( IF($D$2=リスト!$A$3, NOT(OR($B19=$B$16, $B19=$B$25, $B19=$B$26)), IF($D$2=リスト!$A$4, NOT(OR($B19=$B$25, $B19=$B$26)), IF($D$2=リスト!$A$5, TRUE, FALSE))), IF($D19<>"", "OK", "NG"), "-") -> - | M19: =IF($F19>0, IF(OR($H19="", $I19=""), "NG", "OK"), "-") -> - | N19: =IF( IF($D$2=リスト!$A$3, $B19=$B$15, IF(OR($D$2=リスト!$A$4, $D$2=リスト!$A$5), OR($B19=$B$15, $B19=$B$16), FALSE)), IF( IF($D$2=リスト!$A$3, AND($D$15<>"", $D$15<>0), IF(OR($D$2=リスト!$A$4, $D$2=リスト!$A$5), OR(AND($D$15<>"", $D$15<>0), AND($D$16<>"", $D$16<>0)), FALSE)), "OK", "NG"), "-") -> - | O19: {=IF(AND( LEN(SUBSTITUTE(SUBSTITUTE($H19,CHAR(10),""),CHAR(13),""))<=1000, SUMPRODUCT(--ISNUMBER(FIND({"<";">";"&";"""";"'"}, $H19)))=0, LEN(SUBSTITUTE(SUBSTITUTE($I19,CHAR(10),""),CHAR(13),""))<=1000, SUMPRODUCT(--ISNUMBER(FIND({"<";">";"&";"""";"'"}, $I19)))=0 ), "OK", "NG")} -> OK | P19: =IF($G19 > $F$27/3, "NG", "OK") -> OK | Q19: =IF( OR( IF($D$2=リスト!$A$3, OR($B19=$B$16, $B19=$B$25, $B19=$B$26), IF($D$2=リスト!$A$4, OR($B19=$B$25, $B19=$B$26), FALSE)), $F19=0 ), IF(OR( AND(IF($D$2=リスト!$A$3, OR($B19=$B$16, $B19=$B$25, $B19=$B$26), IF($D$2=リスト!$A$4, OR($B19=$B$25, $B19=$B$26), FALSE)), OR(AND($D19<>"", $D19<>0), $H19<>"", $I19<>"")), AND($F19=0, $H19<>""), AND($E19=0, $I19<>"") ), "NG", "OK"), "-") -> OK
B20: 外注費 | E20: =SUM(E56:E60) -> 0 | F20: =SUM(F56:F60) -> 0 | G20: =SUM(G56:G60) -> 0 | L20: =IF( IF($D$2=リスト!$A$3, NOT(OR($B20=$B$16, $B20=$B$25, $B20=$B$26)), IF($D$2=リスト!$A$4, NOT(OR($B20=$B$25, $B20=$B$26)), IF($D$2=リスト!$A$5, TRUE, FALSE))), IF($D20<>"", "OK", "NG"), "-") -> - | M20: =IF($F20>0, IF(OR($H20="", $I20=""), "NG", "OK"), "-") -> - | N20: =IF( IF($D$2=リスト!$A$3, $B20=$B$15, IF(OR($D$2=リスト!$A$4, $D$2=リスト!$A$5), OR($B20=$B$15, $B20=$B$16), FALSE)), IF( IF($D$2=リスト!$A$3, AND($D$15<>"", $D$15<>0), IF(OR($D$2=リスト!$A$4, $D$2=リスト!$A$5), OR(AND($D$15<>"", $D$15<>0), AND($D$16<>"", $D$16<>0)), FALSE)), "OK", "NG"), "-") -> - | O20: {=IF(AND( LEN(SUBSTITUTE(SUBSTITUTE($H20,CHAR(10),""),CHAR(13),""))<=1000, SUMPRODUCT(--ISNUMBER(FIND({"<";">";"&";"""";"'"}, $H20)))=0, LEN(SUBSTITUTE(SUBSTITUTE($I20,CHAR(10),""),CHAR(13),""))<=1000, SUMPRODUCT(--ISNUMBER(FIND({"<";">";"&";"""";"'"}, $I20)))=0 ), "OK", "NG")} -> OK | P20: =IF($G20 > $F$27/4, "NG", "OK") -> OK | Q20: =IF( OR( IF($D$2=リスト!$A$3, OR($B20=$B$16, $B20=$B$25, $B20=$B$26), IF($D$2=リスト!$A$4, OR($B20=$B$25, $B20=$B$26), FALSE)), $F20=0 ), IF(OR( AND(IF($D$2=リスト!$A$3, OR($B20=$B$16, $B20=$B$25, $B20=$B$26), IF($D$2=リスト!$A$4, OR($B20=$B$25, $B20=$B$26), FALSE)), OR(AND($D20<>"", $D20<>0), $H20<>"", $I20<>"")), AND($F20=0, $H20<>""), AND($E20=0, $I20<>"") ), "NG", "OK"), "-") -> OK
B21: 専門家経費 | E21: =SUM(E61:E65) -> 0 | F21: =SUM(F61:F65) -> 0 | G21: =SUM(G61:G65) -> 0 | L21: =IF( IF($D$2=リスト!$A$3, NOT(OR($B21=$B$16, $B21=$B$25, $B21=$B$26)), IF($D$2=リスト!$A$4, NOT(OR($B21=$B$25, $B21=$B$26)), IF($D$2=リスト!$A$5, TRUE, FALSE))), IF($D21<>"", "OK", "NG"), "-") -> - | M21: =IF($F21>0, IF(OR($H21="", $I21=""), "NG", "OK"), "-") -> - | N21: =IF( IF($D$2=リスト!$A$3, $B21=$B$15, IF(OR($D$2=リスト!$A$4, $D$2=リスト!$A$5), OR($B21=$B$15, $B21=$B$16), FALSE)), IF( IF($D$2=リスト!$A$3, AND($D$15<>"", $D$15<>0), IF(OR($D$2=リスト!$A$4, $D$2=リスト!$A$5), OR(AND($D$15<>"", $D$15<>0), AND($D$16<>"", $D$16<>0)), FALSE)), "OK", "NG"), "-") -> - | O21: {=IF(AND( LEN(SUBSTITUTE(SUBSTITUTE($H21,CHAR(10),""),CHAR(13),""))<=1000, SUMPRODUCT(--ISNUMBER(FIND({"<";">";"&";"""";"'"}, $H21)))=0, LEN(SUBSTITUTE(SUBSTITUTE($I21,CHAR(10),""),CHAR(13),""))<=1000, SUMPRODUCT(--ISNUMBER(FIND({"<";">";"&";"""";"'"}, $I21)))=0 ), "OK", "NG")} -> OK | P21: =IF($G21 > $F$27/5, "NG", "OK") -> OK | Q21: =IF( OR( IF($D$2=リスト!$A$3, OR($B21=$B$16, $B21=$B$25, $B21=$B$26), IF($D$2=リスト!$A$4, OR($B21=$B$25, $B21=$B$26), FALSE)), $F21=0 ), IF(OR( AND(IF($D$2=リスト!$A$3, OR($B21=$B$16, $B21=$B$25, $B21=$B$26), IF($D$2=リスト!$A$4, OR($B21=$B$25, $B21=$B$26), FALSE)), OR(AND($D21<>"", $D21<>0), $H21<>"", $I21<>"")), AND($F21=0, $H21<>""), AND($E21=0, $I21<>"") ), "NG", "OK"), "-") -> OK
B22: クラウドサービス利用費 | E22: =SUM(E66:E70) -> 0 | F22: =SUM(F66:F70) -> 0 | G22: =SUM(G66:G70) -> 0 | L22: =IF( IF($D$2=リスト!$A$3, NOT(OR($B22=$B$16, $B22=$B$25, $B22=$B$26)), IF($D$2=リスト!$A$4, NOT(OR($B22=$B$25, $B22=$B$26)), IF($D$2=リスト!$A$5, TRUE, FALSE))), IF($D22<>"", "OK", "NG"), "-") -> - | M22: =IF($F22>0, IF(OR($H22="", $I22=""), "NG", "OK"), "-") -> - | N22: =IF( IF($D$2=リスト!$A$3, $B22=$B$15, IF(OR($D$2=リスト!$A$4, $D$2=リスト!$A$5), OR($B22=$B$15, $B22=$B$16), FALSE)), IF( IF($D$2=リスト!$A$3, AND($D$15<>"", $D$15<>0), IF(OR($D$2=リスト!$A$4, $D$2=リスト!$A$5), OR(AND($D$15<>"", $D$15<>0), AND($D$16<>"", $D$16<>0)), FALSE)), "OK", "NG"), "-") -> - | O22: {=IF(AND( LEN(SUBSTITUTE(SUBSTITUTE($H22,CHAR(10),""),CHAR(13),""))<=1000, SUMPRODUCT(--ISNUMBER(FIND({"<";">";"&";"""";"'"}, $H22)))=0, LEN(SUBSTITUTE(SUBSTITUTE($I22,CHAR(10),""),CHAR(13),""))<=1000, SUMPRODUCT(--ISNUMBER(FIND({"<";">";"&";"""";"'"}, $I22)))=0 ), "OK", "NG")} -> OK | P22: - | Q22: =IF( OR( IF($D$2=リスト!$A$3, OR($B22=$B$16, $B22=$B$25, $B22=$B$26), IF($D$2=リスト!$A$4, OR($B22=$B$25, $B22=$B$26), FALSE)), $F22=0 ), IF(OR( AND(IF($D$2=リスト!$A$3, OR($B22=$B$16, $B22=$B$25, $B22=$B$26), IF($D$2=リスト!$A$4, OR($B22=$B$25, $B22=$B$26), FALSE)), OR(AND($D22<>"", $D22<>0), $H22<>"", $I22<>"")), AND($F22=0, $H22<>""), AND($E22=0, $I22<>"") ), "NG", "OK"), "-") -> OK
B23: 原材料費 | E23: =SUM(E71:E75) -> 0 | F23: =SUM(F71:F75) -> 0 | G23: =SUM(G71:G75) -> 0 | L23: =IF( IF($D$2=リスト!$A$3, NOT(OR($B23=$B$16, $B23=$B$25, $B23=$B$26)), IF($D$2=リスト!$A$4, NOT(OR($B23=$B$25, $B23=$B$26)), IF($D$2=リスト!$A$5, TRUE, FALSE))), IF($D23<>"", "OK", "NG"), "-") -> - | M23: =IF($F23>0, IF(OR($H23="", $I23=""), "NG", "OK"), "-") -> - | N23: =IF( IF($D$2=リスト!$A$3, $B23=$B$15, IF(OR($D$2=リスト!$A$4, $D$2=リスト!$A$5), OR($B23=$B$15, $B23=$B$16), FALSE)), IF( IF($D$2=リスト!$A$3, AND($D$15<>"", $D$15<>0), IF(OR($D$2=リスト!$A$4, $D$2=リスト!$A$5), OR(AND($D$15<>"", $D$15<>0), AND($D$16<>"", $D$16<>0)), FALSE)), "OK", "NG"), "-") -> - | O23: {=IF(AND( LEN(SUBSTITUTE(SUBSTITUTE($H23,CHAR(10),""),CHAR(13),""))<=1000, SUMPRODUCT(--ISNUMBER(FIND({"<";">";"&";"""";"'"}, $H23)))=0, LEN(SUBSTITUTE(SUBSTITUTE($I23,CHAR(10),""),CHAR(13),""))<=1000, SUMPRODUCT(--ISNUMBER(FIND({"<";">";"&";"""";"'"}, $I23)))=0 ), "OK", "NG")} -> OK | P23: - | Q23: =IF( OR( IF($D$2=リスト!$A$3, OR($B23=$B$16, $B23=$B$25, $B23=$B$26), IF($D$2=リスト!$A$4, OR($B23=$B$25, $B23=$B$26), FALSE)), $F23=0 ), IF(OR( AND(IF($D$2=リスト!$A$3, OR($B23=$B$16, $B23=$B$25, $B23=$B$26), IF($D$2=リスト!$A$4, OR($B23=$B$25, $B23=$B$26), FALSE)), OR(AND($D23<>"", $D23<>0), $H23<>"", $I23<>"")), AND($F23=0, $H23<>""), AND($E23=0, $I23<>"") ), "NG", "OK"), "-") -> OK
B24: 広告宣伝・販売促進費 | E24: =SUM(E76:E80) -> 0 | F24: =SUM(F76:F80) -> 0 | G24: =SUM(G76:G80) -> 0 | L24: =IF( IF($D$2=リスト!$A$3, NOT(OR($B24=$B$16, $B24=$B$25, $B24=$B$26)), IF($D$2=リスト!$A$4, NOT(OR($B24=$B$25, $B24=$B$26)), IF($D$2=リスト!$A$5, TRUE, FALSE))), IF($D24<>"", "OK", "NG"), "-") -> - | M24: =IF($F24>0, IF(OR($H24="", $I24=""), "NG", "OK"), "-") -> - | N24: =IF( IF($D$2=リスト!$A$3, $B24=$B$15, IF(OR($D$2=リスト!$A$4, $D$2=リスト!$A$5), OR($B24=$B$15, $B24=$B$16), FALSE)), IF( IF($D$2=リスト!$A$3, AND($D$15<>"", $D$15<>0), IF(OR($D$2=リスト!$A$4, $D$2=リスト!$A$5), OR(AND($D$15<>"", $D$15<>0), AND($D$16<>"", $D$16<>0)), FALSE)), "OK", "NG"), "-") -> - | O24: {=IF(AND( LEN(SUBSTITUTE(SUBSTITUTE($H24,CHAR(10),""),CHAR(13),""))<=1000, SUMPRODUCT(--ISNUMBER(FIND({"<";">";"&";"""";"'"}, $H24)))=0, LEN(SUBSTITUTE(SUBSTITUTE($I24,CHAR(10),""),CHAR(13),""))<=1000, SUMPRODUCT(--ISNUMBER(FIND({"<";">";"&";"""";"'"}, $I24)))=0 ), "OK", "NG")} -> OK | P24: =IF(ISNUMBER($D$8), IF($G24 > $D$8*0.05, "NG", "OK"), "-") -> - | Q24: =IF( OR( IF($D$2=リスト!$A$3, OR($B24=$B$16, $B24=$B$25, $B24=$B$26), IF($D$2=リスト!$A$4, OR($B24=$B$25, $B24=$B$26), FALSE)), $F24=0 ), IF(OR( AND(IF($D$2=リスト!$A$3, OR($B24=$B$16, $B24=$B$25, $B24=$B$26), IF($D$2=リスト!$A$4, OR($B24=$B$25, $B24=$B$26), FALSE)), OR(AND($D24<>"", $D24<>0), $H24<>"", $I24<>"")), AND($F24=0, $H24<>""), AND($E24=0, $I24<>"") ), "NG", "OK"), "-") -> OK
B25: 海外旅費 | E25: =SUM(E81:E85) -> 0 | F25: =SUM(F81:F85) -> 0 | G25: =SUM(G81:G85) -> 0 | L25: =IF( IF($D$2=リスト!$A$3, NOT(OR($B25=$B$16, $B25=$B$25, $B25=$B$26)), IF($D$2=リスト!$A$4, NOT(OR($B25=$B$25, $B25=$B$26)), IF($D$2=リスト!$A$5, TRUE, FALSE))), IF($D25<>"", "OK", "NG"), "-") -> - | M25: =IF($F25>0, IF(OR($H25="", $I25=""), "NG", "OK"), "-") -> - | N25: =IF( IF($D$2=リスト!$A$3, $B25=$B$15, IF(OR($D$2=リスト!$A$4, $D$2=リスト!$A$5), OR($B25=$B$15, $B25=$B$16), FALSE)), IF( IF($D$2=リスト!$A$3, AND($D$15<>"", $D$15<>0), IF(OR($D$2=リスト!$A$4, $D$2=リスト!$A$5), OR(AND($D$15<>"", $D$15<>0), AND($D$16<>"", $D$16<>0)), FALSE)), "OK", "NG"), "-") -> - | O25: {=IF(AND( LEN(SUBSTITUTE(SUBSTITUTE($H25,CHAR(10),""),CHAR(13),""))<=1000, SUMPRODUCT(--ISNUMBER(FIND({"<";">";"&";"""";"'"}, $H25)))=0, LEN(SUBSTITUTE(SUBSTITUTE($I25,CHAR(10),""),CHAR(13),""))<=1000, SUMPRODUCT(--ISNUMBER(FIND({"<";">";"&";"""";"'"}, $I25)))=0 ), "OK", "NG")} -> OK | P25: =IF($G25 > $F$27/5, "NG", "OK") -> OK | Q25: =IF( OR( IF($D$2=リスト!$A$3, OR($B25=$B$16, $B25=$B$25, $B25=$B$26), IF($D$2=リスト!$A$4, OR($B25=$B$25, $B25=$B$26), FALSE)), $F25=0 ), IF(OR( AND(IF($D$2=リスト!$A$3, OR($B25=$B$16, $B25=$B$25, $B25=$B$26), IF($D$2=リスト!$A$4, OR($B25=$B$25, $B25=$B$26), FALSE)), OR(AND($D25<>"", $D25<>0), $H25<>"", $I25<>"")), AND($F25=0, $H25<>""), AND($E25=0, $I25<>"") ), "NG", "OK"), "-") -> OK
B26: 通訳・翻訳費 | E26: =SUM(E86:E90) -> 0 | F26: =SUM(F86:F90) -> 0 | G26: =SUM(G86:G90) -> 0 | L26: =IF( IF($D$2=リスト!$A$3, NOT(OR($B26=$B$16, $B26=$B$25, $B26=$B$26)), IF($D$2=リスト!$A$4, NOT(OR($B26=$B$25, $B26=$B$26)), IF($D$2=リスト!$A$5, TRUE, FALSE))), IF($D26<>"", "OK", "NG"), "-") -> - | M26: =IF($F26>0, IF(OR($H26="", $I26=""), "NG", "OK"), "-") -> - | N26: =IF( IF($D$2=リスト!$A$3, $B26=$B$15, IF(OR($D$2=リスト!$A$4, $D$2=リスト!$A$5), OR($B26=$B$15, $B26=$B$16), FALSE)), IF( IF($D$2=リスト!$A$3, AND($D$15<>"", $D$15<>0), IF(OR($D$2=リスト!$A$4, $D$2=リスト!$A$5), OR(AND($D$15<>"", $D$15<>0), AND($D$16<>"", $D$16<>0)), FALSE)), "OK", "NG"), "-") -> - | O26: {=IF(AND( LEN(SUBSTITUTE(SUBSTITUTE($H26,CHAR(10),""),CHAR(13),""))<=1000, SUMPRODUCT(--ISNUMBER(FIND({"<";">";"&";"""";"'"}, $H26)))=0, LEN(SUBSTITUTE(SUBSTITUTE($I26,CHAR(10),""),CHAR(13),""))<=1000, SUMPRODUCT(--ISNUMBER(FIND({"<";">";"&";"""";"'"}, $I26)))=0 ), "OK", "NG")} -> OK | P26: =IF($G26 > 300000, "NG", "OK") -> OK | Q26: =IF( OR( IF($D$2=リスト!$A$3, OR($B26=$B$16, $B26=$B$25, $B26=$B$26), IF($D$2=リスト!$A$4, OR($B26=$B$25, $B26=$B$26), FALSE)), $F26=0 ), IF(OR( AND(IF($D$2=リスト!$A$3, OR($B26=$B$16, $B26=$B$25, $B26=$B$26), IF($D$2=リスト!$A$4, OR($B26=$B$25, $B26=$B$26), FALSE)), OR(AND($D26<>"", $D26<>0), $H26<>"", $I26<>"")), AND($F26=0, $H26<>""), AND($E26=0, $I26<>"") ), "NG", "OK"), "-") -> OK
B27: 合計 | E27: =SUM(E15:E26) -> 0 | F27: =SUM(F15:F26) -> 0 | G27: =SUM(G15:G26) -> 0 | L27: - | M27: - | N27: =IF( IF($D$2=リスト!$A$3, $B27=$B$15, IF(OR($D$2=リスト!$A$4, $D$2=リスト!$A$5), OR($B27=$B$15, $B27=$B$16), FALSE)), IF( IF($D$2=リスト!$A$3, AND($D$15<>"", $D$15<>0), IF(OR($D$2=リスト!$A$4, $D$2=リスト!$A$5), OR(AND($D$15<>"", $D$15<>0), AND($D$16<>"", $D$16<>0)), FALSE)), "OK", "NG"), "-") -> - | O27: - | P27: =IF(AND(ISNUMBER($D$10), ISNUMBER($D$11)), IF(OR( $G$27 < $D$10, $G$27 > $D$11 ), "NG", "OK"), "-") -> - | Q27: -
D29: 詳細
B30: 補助対象経費区分 | C30: No | D30: 名称 | E30: A 事業に要する経費(税込み)(円) | F30: B 補助対象経費(税抜き)(円) | G30: C 補助金交付申請額(円) | H30: 積算基礎 補助対象経費 | I30: 補助対象経費の必要性 | J30: 内訳に含まれる経費の種類 | L30: 必須チェック | N30: 形式チェック | O30: 数値チェック | P30: 不要箇所 チェック
B31: 機械装置・システム構築費 | C31: 1 | G31: =IF(ISNUMBER($D$9),ROUNDDOWN(F31*$D$9,0),"-") -> - | L31: {=IF( $C31 <= IF( INDEX($D$15:$D$26, MATCH(INDEX($B:$B, ROW()-$C31+1), $B$15:$B$26, 0)) = リスト!$O$9, 5, INDEX($D$15:$D$26, MATCH(INDEX($B:$B, ROW()-$C31+1), $B$15:$B$26, 0)) ), IF(AND($D31<>"", $E31<>"", $F31<>""), "OK", "NG"), "-")} -> - | M31: {=IF(AND( $C31 <= IF( INDEX($D$15:$D$26, MATCH(INDEX($B:$B, ROW()-$C31+1), $B$15:$B$26, 0)) = リスト!$O$9, 5, INDEX($D$15:$D$26, MATCH(INDEX($B:$B, ROW()-$C31+1), $B$15:$B$26, 0)) ), $F31 > 0 ), IF(AND($H31<>"", $I31<>"", $J31<>""), "OK", "NG"), "-")} -> - | N31: {=IF( $C31 <= IF( INDEX($D$15:$D$26, MATCH(INDEX($B:$B, ROW()-$C31+1), $B$15:$B$26, 0)) = リスト!$O$9, 5, INDEX($D$15:$D$26, MATCH(INDEX($B:$B, ROW()-$C31+1), $B$15:$B$26, 0)) ), IF(AND( LEN(SUBSTITUTE(SUBSTITUTE($D31,CHAR(10),""),CHAR(13),""))<=1000, SUMPRODUCT(--ISNUMBER(FIND({"<";">";"&";"""";"'"}, $D31)))=0, LEN(SUBSTITUTE(SUBSTITUTE($H31,CHAR(10),""),CHAR(13),""))<=1000, SUMPRODUCT(--ISNUMBER(FIND({"<";">";"&";"""";"'"}, $H31)))=0, LEN(SUBSTITUTE(SUBSTITUTE($I31,CHAR(10),""),CHAR(13),""))<=300, SUMPRODUCT(--ISNUMBER(FIND({"<";">";"&";"""";"'"}, $I31)))=0, OR($E31="", IF(ISNUMBER($E31), AND($E31=INT($E31), $E31>=0, LEN(TEXT($E31,"0"))<=12), FALSE)), OR($F31="", IF(ISNUMBER($F31), AND($F31=INT($F31), $F31>=0, LEN(TEXT($F31,"0"))<=12), FALSE)) ), "OK", "NG"), "-")} -> - | O31: {=IF( $C31 <= IF( INDEX($D$15:$D$26, MATCH(INDEX($B:$B, ROW()-$C31+1), $B$15:$B$26, 0)) = リスト!$O$9, 5, INDEX($D$15:$D$26, MATCH(INDEX($B:$B, ROW()-$C31+1), $B$15:$B$26, 0)) ), IF(AND(ISNUMBER($E31), ISNUMBER($F31)), IF(AND( $E31 >= $F31, IF(INDEX($B:$B, ROW()-$C31+1) = $B$31, $F31 >= 100000, TRUE) ), "OK", "NG"), "-"), "-")} -> - | P31: {=IF( $C31 > IF( INDEX($D$15:$D$26, MATCH(INDEX($B:$B, ROW()-$C31+1), $B$15:$B$26, 0)) = リスト!$O$9, 5, INDEX($D$15:$D$26, MATCH(INDEX($B:$B, ROW()-$C31+1), $B$15:$B$26, 0)) ), IF(AND($D31="", $E31="", $F31="", $H31="", $I31="", $J31=""), "OK", "NG"), "-")} -> OK
C32: 2 | G32: =IF(ISNUMBER($D$9),ROUNDDOWN(F32*$D$9,0),"-") -> - | L32: {=IF( $C32 <= IF( INDEX($D$15:$D$26, MATCH(INDEX($B:$B, ROW()-$C32+1), $B$15:$B$26, 0)) = リスト!$O$9, 5, INDEX($D$15:$D$26, MATCH(INDEX($B:$B, ROW()-$C32+1), $B$15:$B$26, 0)) ), IF(AND($D32<>"", $E32<>"", $F32<>""), "OK", "NG"), "-")} -> - | M32: {=IF(AND( $C32 <= IF( INDEX($D$15:$D$26, MATCH(INDEX($B:$B, ROW()-$C32+1), $B$15:$B$26, 0)) = リスト!$O$9, 5, INDEX($D$15:$D$26, MATCH(INDEX($B:$B, ROW()-$C32+1), $B$15:$B$26, 0)) ), $F32 > 0 ), IF(AND($H32<>"", $I32<>"", $J32<>""), "OK", "NG"), "-")} -> - | N32: {=IF( $C32 <= IF( INDEX($D$15:$D$26, MATCH(INDEX($B:$B, ROW()-$C32+1), $B$15:$B$26, 0)) = リスト!$O$9, 5, INDEX($D$15:$D$26, MATCH(INDEX($B:$B, ROW()-$C32+1), $B$15:$B$26, 0)) ), IF(AND( LEN(SUBSTITUTE(SUBSTITUTE($D32,CHAR(10),""),CHAR(13),""))<=1000, SUMPRODUCT(--ISNUMBER(FIND({"<";">";"&";"""";"'"}, $D32)))=0, LEN(SUBSTITUTE(SUBSTITUTE($H32,CHAR(10),""),CHAR(13),""))<=1000, SUMPRODUCT(--ISNUMBER(FIND({"<";">";"&";"""";"'"}, $H32)))=0, LEN(SUBSTITUTE(SUBSTITUTE($I32,CHAR(10),""),CHAR(13),""))<=300, SUMPRODUCT(--ISNUMBER(FIND({"<";">";"&";"""";"'"}, $I32)))=0, OR($E32="", IF(ISNUMBER($E32), AND($E32=INT($E32), $E32>=0, LEN(TEXT($E32,"0"))<=12), FALSE)), OR($F32="", IF(ISNUMBER($F32), AND($F32=INT($F32), $F32>=0, LEN(TEXT($F32,"0"))<=12), FALSE)) ), "OK", "NG"), "-")} -> - | O32: {=IF( $C32 <= IF( INDEX($D$15:$D$26, MATCH(INDEX($B:$B, ROW()-$C32+1), $B$15:$B$26, 0)) = リスト!$O$9, 5, INDEX($D$15:$D$26, MATCH(INDEX($B:$B, ROW()-$C32+1), $B$15:$B$26, 0)) ), IF(AND(ISNUMBER($E32), ISNUMBER($F32)), IF(AND( $E32 >= $F32, IF(INDEX($B:$B, ROW()-$C32+1) = $B$31, $F32 >= 100000, TRUE) ), "OK", "NG"), "-"), "-")} -> - | P32: {=IF( $C32 > IF( INDEX($D$15:$D$26, MATCH(INDEX($B:$B, ROW()-$C32+1), $B$15:$B$26, 0)) = リスト!$O$9, 5, INDEX($D$15:$D$26, MATCH(INDEX($B:$B, ROW()-$C32+1), $B$15:$B$26, 0)) ), IF(AND($D32="", $E32="", $F32="", $H32="", $I32="", $J32=""), "OK", "NG"), "-")} -> OK
C33: 3 | G33: =IF(ISNUMBER($D$9),ROUNDDOWN(F33*$D$9,0),"-") -> - | L33: {=IF( $C33 <= IF( INDEX($D$15:$D$26, MATCH(INDEX($B:$B, ROW()-$C33+1), $B$15:$B$26, 0)) = リスト!$O$9, 5, INDEX($D$15:$D$26, MATCH(INDEX($B:$B, ROW()-$C33+1), $B$15:$B$26, 0)) ), IF(AND($D33<>"", $E33<>"", $F33<>""), "OK", "NG"), "-")} -> - | M33: {=IF(AND( $C33 <= IF( INDEX($D$15:$D$26, MATCH(INDEX($B:$B, ROW()-$C33+1), $B$15:$B$26, 0)) = リスト!$O$9, 5, INDEX($D$15:$D$26, MATCH(INDEX($B:$B, ROW()-$C33+1), $B$15:$B$26, 0)) ), $F33 > 0 ), IF(AND($H33<>"", $I33<>"", $J33<>""), "OK", "NG"), "-")} -> - | N33: {=IF( $C33 <= IF( INDEX($D$15:$D$26, MATCH(INDEX($B:$B, ROW()-$C33+1), $B$15:$B$26, 0)) = リスト!$O$9, 5, INDEX($D$15:$D$26, MATCH(INDEX($B:$B, ROW()-$C33+1), $B$15:$B$26, 0)) ), IF(AND( LEN(SUBSTITUTE(SUBSTITUTE($D33,CHAR(10),""),CHAR(13),""))<=1000, SUMPRODUCT(--ISNUMBER(FIND({"<";">";"&";"""";"'"}, $D33)))=0, LEN(SUBSTITUTE(SUBSTITUTE($H33,CHAR(10),""),CHAR(13),""))<=1000, SUMPRODUCT(--ISNUMBER(FIND({"<";">";"&";"""";"'"}, $H33)))=0, LEN(SUBSTITUTE(SUBSTITUTE($I33,CHAR(10),""),CHAR(13),""))<=300, SUMPRODUCT(--ISNUMBER(FIND({"<";">";"&";"""";"'"}, $I33)))=0, OR($E33="", IF(ISNUMBER($E33), AND($E33=INT($E33), $E33>=0, LEN(TEXT($E33,"0"))<=12), FALSE)), OR($F33="", IF(ISNUMBER($F33), AND($F33=INT($F33), $F33>=0, LEN(TEXT($F33,"0"))<=12), FALSE)) ), "OK", "NG"), "-")} -> - | O33: {=IF( $C33 <= IF( INDEX($D$15:$D$26, MATCH(INDEX($B:$B, ROW()-$C33+1), $B$15:$B$26, 0)) = リスト!$O$9, 5, INDEX($D$15:$D$26, MATCH(INDEX($B:$B, ROW()-$C33+1), $B$15:$B$26, 0)) ), IF(AND(ISNUMBER($E33), ISNUMBER($F33)), IF(AND( $E33 >= $F33, IF(INDEX($B:$B, ROW()-$C33+1) = $B$31, $F33 >= 100000, TRUE) ), "OK", "NG"), "-"), "-")} -> - | P33: {=IF( $C33 > IF( INDEX($D$15:$D$26, MATCH(INDEX($B:$B, ROW()-$C33+1), $B$15:$B$26, 0)) = リスト!$O$9, 5, INDEX($D$15:$D$26, MATCH(INDEX($B:$B, ROW()-$C33+1), $B$15:$B$26, 0)) ), IF(AND($D33="", $E33="", $F33="", $H33="", $I33="", $J33=""), "OK", "NG"), "-")} -> OK
C34: 4 | G34: =IF(ISNUMBER($D$9),ROUNDDOWN(F34*$D$9,0),"-") -> - | L34: {=IF( $C34 <= IF( INDEX($D$15:$D$26, MATCH(INDEX($B:$B, ROW()-$C34+1), $B$15:$B$26, 0)) = リスト!$O$9, 5, INDEX($D$15:$D$26, MATCH(INDEX($B:$B, ROW()-$C34+1), $B$15:$B$26, 0)) ), IF(AND($D34<>"", $E34<>"", $F34<>""), "OK", "NG"), "-")} -> - | M34: {=IF(AND( $C34 <= IF( INDEX($D$15:$D$26, MATCH(INDEX($B:$B, ROW()-$C34+1), $B$15:$B$26, 0)) = リスト!$O$9, 5, INDEX($D$15:$D$26, MATCH(INDEX($B:$B, ROW()-$C34+1), $B$15:$B$26, 0)) ), $F34 > 0 ), IF(AND($H34<>"", $I34<>"", $J34<>""), "OK", "NG"), "-")} -> - | N34: {=IF( $C34 <= IF( INDEX($D$15:$D$26, MATCH(INDEX($B:$B, ROW()-$C34+1), $B$15:$B$26, 0)) = リスト!$O$9, 5, INDEX($D$15:$D$26, MATCH(INDEX($B:$B, ROW()-$C34+1), $B$15:$B$26, 0)) ), IF(AND( LEN(SUBSTITUTE(SUBSTITUTE($D34,CHAR(10),""),CHAR(13),""))<=1000, SUMPRODUCT(--ISNUMBER(FIND({"<";">";"&";"""";"'"}, $D34)))=0, LEN(SUBSTITUTE(SUBSTITUTE($H34,CHAR(10),""),CHAR(13),""))<=1000, SUMPRODUCT(--ISNUMBER(FIND({"<";">";"&";"""";"'"}, $H34)))=0, LEN(SUBSTITUTE(SUBSTITUTE($I34,CHAR(10),""),CHAR(13),""))<=300, SUMPRODUCT(--ISNUMBER(FIND({"<";">";"&";"""";"'"}, $I34)))=0, OR($E34="", IF(ISNUMBER($E34), AND($E34=INT($E34), $E34>=0, LEN(TEXT($E34,"0"))<=12), FALSE)), OR($F34="", IF(ISNUMBER($F34), AND($F34=INT($F34), $F34>=0, LEN(TEXT($F34,"0"))<=12), FALSE)) ), "OK", "NG"), "-")} -> - | O34: {=IF( $C34 <= IF( INDEX($D$15:$D$26, MATCH(INDEX($B:$B, ROW()-$C34+1), $B$15:$B$26, 0)) = リスト!$O$9, 5, INDEX($D$15:$D$26, MATCH(INDEX($B:$B, ROW()-$C34+1), $B$15:$B$26, 0)) ), IF(AND(ISNUMBER($E34), ISNUMBER($F34)), IF(AND( $E34 >= $F34, IF(INDEX($B:$B, ROW()-$C34+1) = $B$31, $F34 >= 100000, TRUE) ), "OK", "NG"), "-"), "-")} -> - | P34: {=IF( $C34 > IF( INDEX($D$15:$D$26, MATCH(INDEX($B:$B, ROW()-$C34+1), $B$15:$B$26, 0)) = リスト!$O$9, 5, INDEX($D$15:$D$26, MATCH(INDEX($B:$B, ROW()-$C34+1), $B$15:$B$26, 0)) ), IF(AND($D34="", $E34="", $F34="", $H34="", $I34="", $J34=""), "OK", "NG"), "-")} -> OK
C35: 5 | G35: =IF(ISNUMBER($D$9),ROUNDDOWN(F35*$D$9,0),"-") -> - | L35: {=IF( $C35 <= IF( INDEX($D$15:$D$26, MATCH(INDEX($B:$B, ROW()-$C35+1), $B$15:$B$26, 0)) = リスト!$O$9, 5, INDEX($D$15:$D$26, MATCH(INDEX($B:$B, ROW()-$C35+1), $B$15:$B$26, 0)) ), IF(AND($D35<>"", $E35<>"", $F35<>""), "OK", "NG"), "-")} -> - | M35: {=IF(AND( $C35 <= IF( INDEX($D$15:$D$26, MATCH(INDEX($B:$B, ROW()-$C35+1), $B$15:$B$26, 0)) = リスト!$O$9, 5, INDEX($D$15:$D$26, MATCH(INDEX($B:$B, ROW()-$C35+1), $B$15:$B$26, 0)) ), $F35 > 0 ), IF(AND($H35<>"", $I35<>"", $J35<>""), "OK", "NG"), "-")} -> - | N35: {=IF( $C35 <= IF( INDEX($D$15:$D$26, MATCH(INDEX($B:$B, ROW()-$C35+1), $B$15:$B$26, 0)) = リスト!$O$9, 5, INDEX($D$15:$D$26, MATCH(INDEX($B:$B, ROW()-$C35+1), $B$15:$B$26, 0)) ), IF(AND( LEN(SUBSTITUTE(SUBSTITUTE($D35,CHAR(10),""),CHAR(13),""))<=1000, SUMPRODUCT(--ISNUMBER(FIND({"<";">";"&";"""";"'"}, $D35)))=0, LEN(SUBSTITUTE(SUBSTITUTE($H35,CHAR(10),""),CHAR(13),""))<=1000, SUMPRODUCT(--ISNUMBER(FIND({"<";">";"&";"""";"'"}, $H35)))=0, LEN(SUBSTITUTE(SUBSTITUTE($I35,CHAR(10),""),CHAR(13),""))<=300, SUMPRODUCT(--ISNUMBER(FIND({"<";">";"&";"""";"'"}, $I35)))=0, OR($E35="", IF(ISNUMBER($E35), AND($E35=INT($E35), $E35>=0, LEN(TEXT($E35,"0"))<=12), FALSE)), OR($F35="", IF(ISNUMBER($F35), AND($F35=INT($F35), $F35>=0, LEN(TEXT($F35,"0"))<=12), FALSE)) ), "OK", "NG"), "-")} -> - | O35: {=IF( $C35 <= IF( INDEX($D$15:$D$26, MATCH(INDEX($B:$B, ROW()-$C35+1), $B$15:$B$26, 0)) = リスト!$O$9, 5, INDEX($D$15:$D$26, MATCH(INDEX($B:$B, ROW()-$C35+1), $B$15:$B$26, 0)) ), IF(AND(ISNUMBER($E35), ISNUMBER($F35)), IF(AND( $E35 >= $F35, IF(INDEX($B:$B, ROW()-$C35+1) = $B$31, $F35 >= 100000, TRUE) ), "OK", "NG"), "-"), "-")} -> - | P35: {=IF( $C35 > IF( INDEX($D$15:$D$26, MATCH(INDEX($B:$B, ROW()-$C35+1), $B$15:$B$26, 0)) = リスト!$O$9, 5, INDEX($D$15:$D$26, MATCH(INDEX($B:$B, ROW()-$C35+1), $B$15:$B$26, 0)) ), IF(AND($D35="", $E35="", $F35="", $H35="", $I35="", $J35=""), "OK", "NG"), "-")} -> OK
B36: 建物費 | C36: 1 | G36: =IF(ISNUMBER($D$9),ROUNDDOWN(F36*$D$9,0),"-") -> - | L36: {=IF( $C36 <= IF( INDEX($D$15:$D$26, MATCH(INDEX($B:$B, ROW()-$C36+1), $B$15:$B$26, 0)) = リスト!$O$9, 5, INDEX($D$15:$D$26, MATCH(INDEX($B:$B, ROW()-$C36+1), $B$15:$B$26, 0)) ), IF(AND($D36<>"", $E36<>"", $F36<>""), "OK", "NG"), "-")} -> - | M36: {=IF(AND( $C36 <= IF( INDEX($D$15:$D$26, MATCH(INDEX($B:$B, ROW()-$C36+1), $B$15:$B$26, 0)) = リスト!$O$9, 5, INDEX($D$15:$D$26, MATCH(INDEX($B:$B, ROW()-$C36+1), $B$15:$B$26, 0)) ), $F36 > 0 ), IF(AND($H36<>"", $I36<>""), "OK", "NG"), "-")} -> - | N36: {=IF( $C36 <= IF( INDEX($D$15:$D$26, MATCH(INDEX($B:$B, ROW()-$C36+1), $B$15:$B$26, 0)) = リスト!$O$9, 5, INDEX($D$15:$D$26, MATCH(INDEX($B:$B, ROW()-$C36+1), $B$15:$B$26, 0)) ), IF(AND( LEN(SUBSTITUTE(SUBSTITUTE($D36,CHAR(10),""),CHAR(13),""))<=1000, SUMPRODUCT(--ISNUMBER(FIND({"<";">";"&";"""";"'"}, $D36)))=0, LEN(SUBSTITUTE(SUBSTITUTE($H36,CHAR(10),""),CHAR(13),""))<=1000, SUMPRODUCT(--ISNUMBER(FIND({"<";">";"&";"""";"'"}, $H36)))=0, LEN(SUBSTITUTE(SUBSTITUTE($I36,CHAR(10),""),CHAR(13),""))<=300, SUMPRODUCT(--ISNUMBER(FIND({"<";">";"&";"""";"'"}, $I36)))=0, OR($E36="", IF(ISNUMBER($E36), AND($E36=INT($E36), $E36>=0, LEN(TEXT($E36,"0"))<=12), FALSE)), OR($F36="", IF(ISNUMBER($F36), AND($F36=INT($F36), $F36>=0, LEN(TEXT($F36,"0"))<=12), FALSE)) ), "OK", "NG"), "-")} -> - | O36: {=IF( $C36 <= IF( INDEX($D$15:$D$26, MATCH(INDEX($B:$B, ROW()-$C36+1), $B$15:$B$26, 0)) = リスト!$O$9, 5, INDEX($D$15:$D$26, MATCH(INDEX($B:$B, ROW()-$C36+1), $B$15:$B$26, 0)) ), IF(AND(ISNUMBER($E36), ISNUMBER($F36)), IF(AND( $E36 >= $F36, IF(INDEX($B:$B, ROW()-$C36+1) = $B$31, $F36 >= 100000, TRUE) ), "OK", "NG"), "-"), "-")} -> - | P36: {=IF( $C36 > IF( INDEX($D$15:$D$26, MATCH(INDEX($B:$B, ROW()-$C36+1), $B$15:$B$26, 0)) = リスト!$O$9, 5, INDEX($D$15:$D$26, MATCH(INDEX($B:$B, ROW()-$C36+1), $B$15:$B$26, 0)) ), IF(AND($D36="", $E36="", $F36="", $H36="", $I36=""), "OK", "NG"), "-")} -> OK
C37: 2 | G37: =IF(ISNUMBER($D$9),ROUNDDOWN(F37*$D$9,0),"-") -> - | L37: {=IF( $C37 <= IF( INDEX($D$15:$D$26, MATCH(INDEX($B:$B, ROW()-$C37+1), $B$15:$B$26, 0)) = リスト!$O$9, 5, INDEX($D$15:$D$26, MATCH(INDEX($B:$B, ROW()-$C37+1), $B$15:$B$26, 0)) ), IF(AND($D37<>"", $E37<>"", $F37<>""), "OK", "NG"), "-")} -> - | M37: {=IF(AND( $C37 <= IF( INDEX($D$15:$D$26, MATCH(INDEX($B:$B, ROW()-$C37+1), $B$15:$B$26, 0)) = リスト!$O$9, 5, INDEX($D$15:$D$26, MATCH(INDEX($B:$B, ROW()-$C37+1), $B$15:$B$26, 0)) ), $F37 > 0 ), IF(AND($H37<>"", $I37<>""), "OK", "NG"), "-")} -> - | N37: {=IF( $C37 <= IF( INDEX($D$15:$D$26, MATCH(INDEX($B:$B, ROW()-$C37+1), $B$15:$B$26, 0)) = リスト!$O$9, 5, INDEX($D$15:$D$26, MATCH(INDEX($B:$B, ROW()-$C37+1), $B$15:$B$26, 0)) ), IF(AND( LEN(SUBSTITUTE(SUBSTITUTE($D37,CHAR(10),""),CHAR(13),""))<=1000, SUMPRODUCT(--ISNUMBER(FIND({"<";">";"&";"""";"'"}, $D37)))=0, LEN(SUBSTITUTE(SUBSTITUTE($H37,CHAR(10),""),CHAR(13),""))<=1000, SUMPRODUCT(--ISNUMBER(FIND({"<";">";"&";"""";"'"}, $H37)))=0, LEN(SUBSTITUTE(SUBSTITUTE($I37,CHAR(10),""),CHAR(13),""))<=300, SUMPRODUCT(--ISNUMBER(FIND({"<";">";"&";"""";"'"}, $I37)))=0, OR($E37="", IF(ISNUMBER($E37), AND($E37=INT($E37), $E37>=0, LEN(TEXT($E37,"0"))<=12), FALSE)), OR($F37="", IF(ISNUMBER($F37), AND($F37=INT($F37), $F37>=0, LEN(TEXT($F37,"0"))<=12), FALSE)) ), "OK", "NG"), "-")} -> - | O37: {=IF( $C37 <= IF( INDEX($D$15:$D$26, MATCH(INDEX($B:$B, ROW()-$C37+1), $B$15:$B$26, 0)) = リスト!$O$9, 5, INDEX($D$15:$D$26, MATCH(INDEX($B:$B, ROW()-$C37+1), $B$15:$B$26, 0)) ), IF(AND(ISNUMBER($E37), ISNUMBER($F37)), IF(AND( $E37 >= $F37, IF(INDEX($B:$B, ROW()-$C37+1) = $B$31, $F37 >= 100000, TRUE) ), "OK", "NG"), "-"), "-")} -> - | P37: {=IF( $C37 > IF( INDEX($D$15:$D$26, MATCH(INDEX($B:$B, ROW()-$C37+1), $B$15:$B$26, 0)) = リスト!$O$9, 5, INDEX($D$15:$D$26, MATCH(INDEX($B:$B, ROW()-$C37+1), $B$15:$B$26, 0)) ), IF(AND($D37="", $E37="", $F37="", $H37="", $I37=""), "OK", "NG"), "-")} -> OK
C38: 3 | G38: =IF(ISNUMBER($D$9),ROUNDDOWN(F38*$D$9,0),"-") -> - | L38: {=IF( $C38 <= IF( INDEX($D$15:$D$26, MATCH(INDEX($B:$B, ROW()-$C38+1), $B$15:$B$26, 0)) = リスト!$O$9, 5, INDEX($D$15:$D$26, MATCH(INDEX($B:$B, ROW()-$C38+1), $B$15:$B$26, 0)) ), IF(AND($D38<>"", $E38<>"", $F38<>""), "OK", "NG"), "-")} -> - | M38: {=IF(AND( $C38 <= IF( INDEX($D$15:$D$26, MATCH(INDEX($B:$B, ROW()-$C38+1), $B$15:$B$26, 0)) = リスト!$O$9, 5, INDEX($D$15:$D$26, MATCH(INDEX($B:$B, ROW()-$C38+1), $B$15:$B$26, 0)) ), $F38 > 0 ), IF(AND($H38<>"", $I38<>""), "OK", "NG"), "-")} -> - | N38: {=IF( $C38 <= IF( INDEX($D$15:$D$26, MATCH(INDEX($B:$B, ROW()-$C38+1), $B$15:$B$26, 0)) = リスト!$O$9, 5, INDEX($D$15:$D$26, MATCH(INDEX($B:$B, ROW()-$C38+1), $B$15:$B$26, 0)) ), IF(AND( LEN(SUBSTITUTE(SUBSTITUTE($D38,CHAR(10),""),CHAR(13),""))<=1000, SUMPRODUCT(--ISNUMBER(FIND({"<";">";"&";"""";"'"}, $D38)))=0, LEN(SUBSTITUTE(SUBSTITUTE($H38,CHAR(10),""),CHAR(13),""))<=1000, SUMPRODUCT(--ISNUMBER(FIND({"<";">";"&";"""";"'"}, $H38)))=0, LEN(SUBSTITUTE(SUBSTITUTE($I38,CHAR(10),""),CHAR(13),""))<=300, SUMPRODUCT(--ISNUMBER(FIND({"<";">";"&";"""";"'"}, $I38)))=0, OR($E38="", IF(ISNUMBER($E38), AND($E38=INT($E38), $E38>=0, LEN(TEXT($E38,"0"))<=12), FALSE)), OR($F38="", IF(ISNUMBER($F38), AND($F38=INT($F38), $F38>=0, LEN(TEXT($F38,"0"))<=12), FALSE)) ), "OK", "NG"), "-")} -> - | O38: {=IF( $C38 <= IF( INDEX($D$15:$D$26, MATCH(INDEX($B:$B, ROW()-$C38+1), $B$15:$B$26, 0)) = リスト!$O$9, 5, INDEX($D$15:$D$26, MATCH(INDEX($B:$B, ROW()-$C38+1), $B$15:$B$26, 0)) ), IF(AND(ISNUMBER($E38), ISNUMBER($F38)), IF(AND( $E38 >= $F38, IF(INDEX($B:$B, ROW()-$C38+1) = $B$31, $F38 >= 100000, TRUE) ), "OK", "NG"), "-"), "-")} -> - | P38: {=IF( $C38 > IF( INDEX($D$15:$D$26, MATCH(INDEX($B:$B, ROW()-$C38+1), $B$15:$B$26, 0)) = リスト!$O$9, 5, INDEX($D$15:$D$26, MATCH(INDEX($B:$B, ROW()-$C38+1), $B$15:$B$26, 0)) ), IF(AND($D38="", $E38="", $F38="", $H38="", $I38=""), "OK", "NG"), "-")} -> OK
C39: 4 | G39: =IF(ISNUMBER($D$9),ROUNDDOWN(F39*$D$9,0),"-") -> - | L39: {=IF( $C39 <= IF( INDEX($D$15:$D$26, MATCH(INDEX($B:$B, ROW()-$C39+1), $B$15:$B$26, 0)) = リスト!$O$9, 5, INDEX($D$15:$D$26, MATCH(INDEX($B:$B, ROW()-$C39+1), $B$15:$B$26, 0)) ), IF(AND($D39<>"", $E39<>"", $F39<>""), "OK", "NG"), "-")} -> - | M39: {=IF(AND( $C39 <= IF( INDEX($D$15:$D$26, MATCH(INDEX($B:$B, ROW()-$C39+1), $B$15:$B$26, 0)) = リスト!$O$9, 5, INDEX($D$15:$D$26, MATCH(INDEX($B:$B, ROW()-$C39+1), $B$15:$B$26, 0)) ), $F39 > 0 ), IF(AND($H39<>"", $I39<>""), "OK", "NG"), "-")} -> - | N39: {=IF( $C39 <= IF( INDEX($D$15:$D$26, MATCH(INDEX($B:$B, ROW()-$C39+1), $B$15:$B$26, 0)) = リスト!$O$9, 5, INDEX($D$15:$D$26, MATCH(INDEX($B:$B, ROW()-$C39+1), $B$15:$B$26, 0)) ), IF(AND( LEN(SUBSTITUTE(SUBSTITUTE($D39,CHAR(10),""),CHAR(13),""))<=1000, SUMPRODUCT(--ISNUMBER(FIND({"<";">";"&";"""";"'"}, $D39)))=0, LEN(SUBSTITUTE(SUBSTITUTE($H39,CHAR(10),""),CHAR(13),""))<=1000, SUMPRODUCT(--ISNUMBER(FIND({"<";">";"&";"""";"'"}, $H39)))=0, LEN(SUBSTITUTE(SUBSTITUTE($I39,CHAR(10),""),CHAR(13),""))<=300, SUMPRODUCT(--ISNUMBER(FIND({"<";">";"&";"""";"'"}, $I39)))=0, OR($E39="", IF(ISNUMBER($E39), AND($E39=INT($E39), $E39>=0, LEN(TEXT($E39,"0"))<=12), FALSE)), OR($F39="", IF(ISNUMBER($F39), AND($F39=INT($F39), $F39>=0, LEN(TEXT($F39,"0"))<=12), FALSE)) ), "OK", "NG"), "-")} -> - | O39: {=IF( $C39 <= IF( INDEX($D$15:$D$26, MATCH(INDEX($B:$B, ROW()-$C39+1), $B$15:$B$26, 0)) = リスト!$O$9, 5, INDEX($D$15:$D$26, MATCH(INDEX($B:$B, ROW()-$C39+1), $B$15:$B$26, 0)) ), IF(AND(ISNUMBER($E39), ISNUMBER($F39)), IF(AND( $E39 >= $F39, IF(INDEX($B:$B, ROW()-$C39+1) = $B$31, $F39 >= 100000, TRUE) ), "OK", "NG"), "-"), "-")} -> - | P39: {=IF( $C39 > IF( INDEX($D$15:$D$26, MATCH(INDEX($B:$B, ROW()-$C39+1), $B$15:$B$26, 0)) = リスト!$O$9, 5, INDEX($D$15:$D$26, MATCH(INDEX($B:$B, ROW()-$C39+1), $B$15:$B$26, 0)) ), IF(AND($D39="", $E39="", $F39="", $H39="", $I39=""), "OK", "NG"), "-")} -> OK
C40: 5 | G40: =IF(ISNUMBER($D$9),ROUNDDOWN(F40*$D$9,0),"-") -> - | L40: {=IF( $C40 <= IF( INDEX($D$15:$D$26, MATCH(INDEX($B:$B, ROW()-$C40+1), $B$15:$B$26, 0)) = リスト!$O$9, 5, INDEX($D$15:$D$26, MATCH(INDEX($B:$B, ROW()-$C40+1), $B$15:$B$26, 0)) ), IF(AND($D40<>"", $E40<>"", $F40<>""), "OK", "NG"), "-")} -> - | M40: {=IF(AND( $C40 <= IF( INDEX($D$15:$D$26, MATCH(INDEX($B:$B, ROW()-$C40+1), $B$15:$B$26, 0)) = リスト!$O$9, 5, INDEX($D$15:$D$26, MATCH(INDEX($B:$B, ROW()-$C40+1), $B$15:$B$26, 0)) ), $F40 > 0 ), IF(AND($H40<>"", $I40<>""), "OK", "NG"), "-")} -> - | N40: {=IF( $C40 <= IF( INDEX($D$15:$D$26, MATCH(INDEX($B:$B, ROW()-$C40+1), $B$15:$B$26, 0)) = リスト!$O$9, 5, INDEX($D$15:$D$26, MATCH(INDEX($B:$B, ROW()-$C40+1), $B$15:$B$26, 0)) ), IF(AND( LEN(SUBSTITUTE(SUBSTITUTE($D40,CHAR(10),""),CHAR(13),""))<=1000, SUMPRODUCT(--ISNUMBER(FIND({"<";">";"&";"""";"'"}, $D40)))=0, LEN(SUBSTITUTE(SUBSTITUTE($H40,CHAR(10),""),CHAR(13),""))<=1000, SUMPRODUCT(--ISNUMBER(FIND({"<";">";"&";"""";"'"}, $H40)))=0, LEN(SUBSTITUTE(SUBSTITUTE($I40,CHAR(10),""),CHAR(13),""))<=300, SUMPRODUCT(--ISNUMBER(FIND({"<";">";"&";"""";"'"}, $I40)))=0, OR($E40="", IF(ISNUMBER($E40), AND($E40=INT($E40), $E40>=0, LEN(TEXT($E40,"0"))<=12), FALSE)), OR($F40="", IF(ISNUMBER($F40), AND($F40=INT($F40), $F40>=0, LEN(TEXT($F40,"0"))<=12), FALSE)) ), "OK", "NG"), "-")} -> - | O40: {=IF( $C40 <= IF( INDEX($D$15:$D$26, MATCH(INDEX($B:$B, ROW()-$C40+1), $B$15:$B$26, 0)) = リスト!$O$9, 5, INDEX($D$15:$D$26, MATCH(INDEX($B:$B, ROW()-$C40+1), $B$15:$B$26, 0)) ), IF(AND(ISNUMBER($E40), ISNUMBER($F40)), IF(AND( $E40 >= $F40, IF(INDEX($B:$B, ROW()-$C40+1) = $B$31, $F40 >= 100000, TRUE) ), "OK", "NG"), "-"), "-")} -> - | P40: {=IF( $C40 > IF( INDEX($D$15:$D$26, MATCH(INDEX($B:$B, ROW()-$C40+1), $B$15:$B$26, 0)) = リスト!$O$9, 5, INDEX($D$15:$D$26, MATCH(INDEX($B:$B, ROW()-$C40+1), $B$15:$B$26, 0)) ), IF(AND($D40="", $E40="", $F40="", $H40="", $I40=""), "OK", "NG"), "-")} -> OK
B41: 運搬費 | C41: 1 | G41: =IF(ISNUMBER($D$9),ROUNDDOWN(F41*$D$9,0),"-") -> - | L41: {=IF( $C41 <= IF( INDEX($D$15:$D$26, MATCH(INDEX($B:$B, ROW()-$C41+1), $B$15:$B$26, 0)) = リスト!$O$9, 5, INDEX($D$15:$D$26, MATCH(INDEX($B:$B, ROW()-$C41+1), $B$15:$B$26, 0)) ), IF(AND($D41<>"", $E41<>"", $F41<>""), "OK", "NG"), "-")} -> - | M41: {=IF(AND( $C41 <= IF( INDEX($D$15:$D$26, MATCH(INDEX($B:$B, ROW()-$C41+1), $B$15:$B$26, 0)) = リスト!$O$9, 5, INDEX($D$15:$D$26, MATCH(INDEX($B:$B, ROW()-$C41+1), $B$15:$B$26, 0)) ), $F41 > 0 ), IF(AND($H41<>"", $I41<>""), "OK", "NG"), "-")} -> - | N41: {=IF( $C41 <= IF( INDEX($D$15:$D$26, MATCH(INDEX($B:$B, ROW()-$C41+1), $B$15:$B$26, 0)) = リスト!$O$9, 5, INDEX($D$15:$D$26, MATCH(INDEX($B:$B, ROW()-$C41+1), $B$15:$B$26, 0)) ), IF(AND( LEN(SUBSTITUTE(SUBSTITUTE($D41,CHAR(10),""),CHAR(13),""))<=1000, SUMPRODUCT(--ISNUMBER(FIND({"<";">";"&";"""";"'"}, $D41)))=0, LEN(SUBSTITUTE(SUBSTITUTE($H41,CHAR(10),""),CHAR(13),""))<=1000, SUMPRODUCT(--ISNUMBER(FIND({"<";">";"&";"""";"'"}, $H41)))=0, LEN(SUBSTITUTE(SUBSTITUTE($I41,CHAR(10),""),CHAR(13),""))<=300, SUMPRODUCT(--ISNUMBER(FIND({"<";">";"&";"""";"'"}, $I41)))=0, OR($E41="", IF(ISNUMBER($E41), AND($E41=INT($E41), $E41>=0, LEN(TEXT($E41,"0"))<=12), FALSE)), OR($F41="", IF(ISNUMBER($F41), AND($F41=INT($F41), $F41>=0, LEN(TEXT($F41,"0"))<=12), FALSE)) ), "OK", "NG"), "-")} -> - | O41: {=IF( $C41 <= IF( INDEX($D$15:$D$26, MATCH(INDEX($B:$B, ROW()-$C41+1), $B$15:$B$26, 0)) = リスト!$O$9, 5, INDEX($D$15:$D$26, MATCH(INDEX($B:$B, ROW()-$C41+1), $B$15:$B$26, 0)) ), IF(AND(ISNUMBER($E41), ISNUMBER($F41)), IF(AND( $E41 >= $F41, IF(INDEX($B:$B, ROW()-$C41+1) = $B$31, $F41 >= 100000, TRUE) ), "OK", "NG"), "-"), "-")} -> - | P41: {=IF( $C41 > IF( INDEX($D$15:$D$26, MATCH(INDEX($B:$B, ROW()-$C41+1), $B$15:$B$26, 0)) = リスト!$O$9, 5, INDEX($D$15:$D$26, MATCH(INDEX($B:$B, ROW()-$C41+1), $B$15:$B$26, 0)) ), IF(AND($D41="", $E41="", $F41="", $H41="", $I41=""), "OK", "NG"), "-")} -> OK
C42: 2 | G42: =IF(ISNUMBER($D$9),ROUNDDOWN(F42*$D$9,0),"-") -> - | L42: {=IF( $C42 <= IF( INDEX($D$15:$D$26, MATCH(INDEX($B:$B, ROW()-$C42+1), $B$15:$B$26, 0)) = リスト!$O$9, 5, INDEX($D$15:$D$26, MATCH(INDEX($B:$B, ROW()-$C42+1), $B$15:$B$26, 0)) ), IF(AND($D42<>"", $E42<>"", $F42<>""), "OK", "NG"), "-")} -> - | M42: {=IF(AND( $C42 <= IF( INDEX($D$15:$D$26, MATCH(INDEX($B:$B, ROW()-$C42+1), $B$15:$B$26, 0)) = リスト!$O$9, 5, INDEX($D$15:$D$26, MATCH(INDEX($B:$B, ROW()-$C42+1), $B$15:$B$26, 0)) ), $F42 > 0 ), IF(AND($H42<>"", $I42<>""), "OK", "NG"), "-")} -> - | N42: {=IF( $C42 <= IF( INDEX($D$15:$D$26, MATCH(INDEX($B:$B, ROW()-$C42+1), $B$15:$B$26, 0)) = リスト!$O$9, 5, INDEX($D$15:$D$26, MATCH(INDEX($B:$B, ROW()-$C42+1), $B$15:$B$26, 0)) ), IF(AND( LEN(SUBSTITUTE(SUBSTITUTE($D42,CHAR(10),""),CHAR(13),""))<=1000, SUMPRODUCT(--ISNUMBER(FIND({"<";">";"&";"""";"'"}, $D42)))=0, LEN(SUBSTITUTE(SUBSTITUTE($H42,CHAR(10),""),CHAR(13),""))<=1000, SUMPRODUCT(--ISNUMBER(FIND({"<";">";"&";"""";"'"}, $H42)))=0, LEN(SUBSTITUTE(SUBSTITUTE($I42,CHAR(10),""),CHAR(13),""))<=300, SUMPRODUCT(--ISNUMBER(FIND({"<";">";"&";"""";"'"}, $I42)))=0, OR($E42="", IF(ISNUMBER($E42), AND($E42=INT($E42), $E42>=0, LEN(TEXT($E42,"0"))<=12), FALSE)), OR($F42="", IF(ISNUMBER($F42), AND($F42=INT($F42), $F42>=0, LEN(TEXT($F42,"0"))<=12), FALSE)) ), "OK", "NG"), "-")} -> - | O42: {=IF( $C42 <= IF( INDEX($D$15:$D$26, MATCH(INDEX($B:$B, ROW()-$C42+1), $B$15:$B$26, 0)) = リスト!$O$9, 5, INDEX($D$15:$D$26, MATCH(INDEX($B:$B, ROW()-$C42+1), $B$15:$B$26, 0)) ), IF(AND(ISNUMBER($E42), ISNUMBER($F42)), IF(AND( $E42 >= $F42, IF(INDEX($B:$B, ROW()-$C42+1) = $B$31, $F42 >= 100000, TRUE) ), "OK", "NG"), "-"), "-")} -> - | P42: {=IF( $C42 > IF( INDEX($D$15:$D$26, MATCH(INDEX($B:$B, ROW()-$C42+1), $B$15:$B$26, 0)) = リスト!$O$9, 5, INDEX($D$15:$D$26, MATCH(INDEX($B:$B, ROW()-$C42+1), $B$15:$B$26, 0)) ), IF(AND($D42="", $E42="", $F42="", $H42="", $I42=""), "OK", "NG"), "-")} -> OK
C43: 3 | G43: =IF(ISNUMBER($D$9),ROUNDDOWN(F43*$D$9,0),"-") -> - | L43: {=IF( $C43 <= IF( INDEX($D$15:$D$26, MATCH(INDEX($B:$B, ROW()-$C43+1), $B$15:$B$26, 0)) = リスト!$O$9, 5, INDEX($D$15:$D$26, MATCH(INDEX($B:$B, ROW()-$C43+1), $B$15:$B$26, 0)) ), IF(AND($D43<>"", $E43<>"", $F43<>""), "OK", "NG"), "-")} -> - | M43: {=IF(AND( $C43 <= IF( INDEX($D$15:$D$26, MATCH(INDEX($B:$B, ROW()-$C43+1), $B$15:$B$26, 0)) = リスト!$O$9, 5, INDEX($D$15:$D$26, MATCH(INDEX($B:$B, ROW()-$C43+1), $B$15:$B$26, 0)) ), $F43 > 0 ), IF(AND($H43<>"", $I43<>""), "OK", "NG"), "-")} -> - | N43: {=IF( $C43 <= IF( INDEX($D$15:$D$26, MATCH(INDEX($B:$B, ROW()-$C43+1), $B$15:$B$26, 0)) = リスト!$O$9, 5, INDEX($D$15:$D$26, MATCH(INDEX($B:$B, ROW()-$C43+1), $B$15:$B$26, 0)) ), IF(AND( LEN(SUBSTITUTE(SUBSTITUTE($D43,CHAR(10),""),CHAR(13),""))<=1000, SUMPRODUCT(--ISNUMBER(FIND({"<";">";"&";"""";"'"}, $D43)))=0, LEN(SUBSTITUTE(SUBSTITUTE($H43,CHAR(10),""),CHAR(13),""))<=1000, SUMPRODUCT(--ISNUMBER(FIND({"<";">";"&";"""";"'"}, $H43)))=0, LEN(SUBSTITUTE(SUBSTITUTE($I43,CHAR(10),""),CHAR(13),""))<=300, SUMPRODUCT(--ISNUMBER(FIND({"<";">";"&";"""";"'"}, $I43)))=0, OR($E43="", IF(ISNUMBER($E43), AND($E43=INT($E43), $E43>=0, LEN(TEXT($E43,"0"))<=12), FALSE)), OR($F43="", IF(ISNUMBER($F43), AND($F43=INT($F43), $F43>=0, LEN(TEXT($F43,"0"))<=12), FALSE)) ), "OK", "NG"), "-")} -> - | O43: {=IF( $C43 <= IF( INDEX($D$15:$D$26, MATCH(INDEX($B:$B, ROW()-$C43+1), $B$15:$B$26, 0)) = リスト!$O$9, 5, INDEX($D$15:$D$26, MATCH(INDEX($B:$B, ROW()-$C43+1), $B$15:$B$26, 0)) ), IF(AND(ISNUMBER($E43), ISNUMBER($F43)), IF(AND( $E43 >= $F43, IF(INDEX($B:$B, ROW()-$C43+1) = $B$31, $F43 >= 100000, TRUE) ), "OK", "NG"), "-"), "-")} -> - | P43: {=IF( $C43 > IF( INDEX($D$15:$D$26, MATCH(INDEX($B:$B, ROW()-$C43+1), $B$15:$B$26, 0)) = リスト!$O$9, 5, INDEX($D$15:$D$26, MATCH(INDEX($B:$B, ROW()-$C43+1), $B$15:$B$26, 0)) ), IF(AND($D43="", $E43="", $F43="", $H43="", $I43=""), "OK", "NG"), "-")} -> OK
C44: 4 | G44: =IF(ISNUMBER($D$9),ROUNDDOWN(F44*$D$9,0),"-") -> - | L44: {=IF( $C44 <= IF( INDEX($D$15:$D$26, MATCH(INDEX($B:$B, ROW()-$C44+1), $B$15:$B$26, 0)) = リスト!$O$9, 5, INDEX($D$15:$D$26, MATCH(INDEX($B:$B, ROW()-$C44+1), $B$15:$B$26, 0)) ), IF(AND($D44<>"", $E44<>"", $F44<>""), "OK", "NG"), "-")} -> - | M44: {=IF(AND( $C44 <= IF( INDEX($D$15:$D$26, MATCH(INDEX($B:$B, ROW()-$C44+1), $B$15:$B$26, 0)) = リスト!$O$9, 5, INDEX($D$15:$D$26, MATCH(INDEX($B:$B, ROW()-$C44+1), $B$15:$B$26, 0)) ), $F44 > 0 ), IF(AND($H44<>"", $I44<>""), "OK", "NG"), "-")} -> - | N44: {=IF( $C44 <= IF( INDEX($D$15:$D$26, MATCH(INDEX($B:$B, ROW()-$C44+1), $B$15:$B$26, 0)) = リスト!$O$9, 5, INDEX($D$15:$D$26, MATCH(INDEX($B:$B, ROW()-$C44+1), $B$15:$B$26, 0)) ), IF(AND( LEN(SUBSTITUTE(SUBSTITUTE($D44,CHAR(10),""),CHAR(13),""))<=1000, SUMPRODUCT(--ISNUMBER(FIND({"<";">";"&";"""";"'"}, $D44)))=0, LEN(SUBSTITUTE(SUBSTITUTE($H44,CHAR(10),""),CHAR(13),""))<=1000, SUMPRODUCT(--ISNUMBER(FIND({"<";">";"&";"""";"'"}, $H44)))=0, LEN(SUBSTITUTE(SUBSTITUTE($I44,CHAR(10),""),CHAR(13),""))<=300, SUMPRODUCT(--ISNUMBER(FIND({"<";">";"&";"""";"'"}, $I44)))=0, OR($E44="", IF(ISNUMBER($E44), AND($E44=INT($E44), $E44>=0, LEN(TEXT($E44,"0"))<=12), FALSE)), OR($F44="", IF(ISNUMBER($F44), AND($F44=INT($F44), $F44>=0, LEN(TEXT($F44,"0"))<=12), FALSE)) ), "OK", "NG"), "-")} -> - | O44: {=IF( $C44 <= IF( INDEX($D$15:$D$26, MATCH(INDEX($B:$B, ROW()-$C44+1), $B$15:$B$26, 0)) = リスト!$O$9, 5, INDEX($D$15:$D$26, MATCH(INDEX($B:$B, ROW()-$C44+1), $B$15:$B$26, 0)) ), IF(AND(ISNUMBER($E44), ISNUMBER($F44)), IF(AND( $E44 >= $F44, IF(INDEX($B:$B, ROW()-$C44+1) = $B$31, $F44 >= 100000, TRUE) ), "OK", "NG"), "-"), "-")} -> - | P44: {=IF( $C44 > IF( INDEX($D$15:$D$26, MATCH(INDEX($B:$B, ROW()-$C44+1), $B$15:$B$26, 0)) = リスト!$O$9, 5, INDEX($D$15:$D$26, MATCH(INDEX($B:$B, ROW()-$C44+1), $B$15:$B$26, 0)) ), IF(AND($D44="", $E44="", $F44="", $H44="", $I44=""), "OK", "NG"), "-")} -> OK
C45: 5 | G45: =IF(ISNUMBER($D$9),ROUNDDOWN(F45*$D$9,0),"-") -> - | L45: {=IF( $C45 <= IF( INDEX($D$15:$D$26, MATCH(INDEX($B:$B, ROW()-$C45+1), $B$15:$B$26, 0)) = リスト!$O$9, 5, INDEX($D$15:$D$26, MATCH(INDEX($B:$B, ROW()-$C45+1), $B$15:$B$26, 0)) ), IF(AND($D45<>"", $E45<>"", $F45<>""), "OK", "NG"), "-")} -> - | M45: {=IF(AND( $C45 <= IF( INDEX($D$15:$D$26, MATCH(INDEX($B:$B, ROW()-$C45+1), $B$15:$B$26, 0)) = リスト!$O$9, 5, INDEX($D$15:$D$26, MATCH(INDEX($B:$B, ROW()-$C45+1), $B$15:$B$26, 0)) ), $F45 > 0 ), IF(AND($H45<>"", $I45<>""), "OK", "NG"), "-")} -> - | N45: {=IF( $C45 <= IF( INDEX($D$15:$D$26, MATCH(INDEX($B:$B, ROW()-$C45+1), $B$15:$B$26, 0)) = リスト!$O$9, 5, INDEX($D$15:$D$26, MATCH(INDEX($B:$B, ROW()-$C45+1), $B$15:$B$26, 0)) ), IF(AND( LEN(SUBSTITUTE(SUBSTITUTE($D45,CHAR(10),""),CHAR(13),""))<=1000, SUMPRODUCT(--ISNUMBER(FIND({"<";">";"&";"""";"'"}, $D45)))=0, LEN(SUBSTITUTE(SUBSTITUTE($H45,CHAR(10),""),CHAR(13),""))<=1000, SUMPRODUCT(--ISNUMBER(FIND({"<";">";"&";"""";"'"}, $H45)))=0, LEN(SUBSTITUTE(SUBSTITUTE($I45,CHAR(10),""),CHAR(13),""))<=300, SUMPRODUCT(--ISNUMBER(FIND({"<";">";"&";"""";"'"}, $I45)))=0, OR($E45="", IF(ISNUMBER($E45), AND($E45=INT($E45), $E45>=0, LEN(TEXT($E45,"0"))<=12), FALSE)), OR($F45="", IF(ISNUMBER($F45), AND($F45=INT($F45), $F45>=0, LEN(TEXT($F45,"0"))<=12), FALSE)) ), "OK", "NG"), "-")} -> - | O45: {=IF( $C45 <= IF( INDEX($D$15:$D$26, MATCH(INDEX($B:$B, ROW()-$C45+1), $B$15:$B$26, 0)) = リスト!$O$9, 5, INDEX($D$15:$D$26, MATCH(INDEX($B:$B, ROW()-$C45+1), $B$15:$B$26, 0)) ), IF(AND(ISNUMBER($E45), ISNUMBER($F45)), IF(AND( $E45 >= $F45, IF(INDEX($B:$B, ROW()-$C45+1) = $B$31, $F45 >= 100000, TRUE) ), "OK", "NG"), "-"), "-")} -> - | P45: {=IF( $C45 > IF( INDEX($D$15:$D$26, MATCH(INDEX($B:$B, ROW()-$C45+1), $B$15:$B$26, 0)) = リスト!$O$9, 5, INDEX($D$15:$D$26, MATCH(INDEX($B:$B, ROW()-$C45+1), $B$15:$B$26, 0)) ), IF(AND($D45="", $E45="", $F45="", $H45="", $I45=""), "OK", "NG"), "-")} -> OK
B46: 技術導入費 | C46: 1 | G46: =IF(ISNUMBER($D$9),ROUNDDOWN(F46*$D$9,0),"-") -> - | L46: {=IF( $C46 <= IF( INDEX($D$15:$D$26, MATCH(INDEX($B:$B, ROW()-$C46+1), $B$15:$B$26, 0)) = リスト!$O$9, 5, INDEX($D$15:$D$26, MATCH(INDEX($B:$B, ROW()-$C46+1), $B$15:$B$26, 0)) ), IF(AND($D46<>"", $E46<>"", $F46<>""), "OK", "NG"), "-")} -> - | M46: {=IF(AND( $C46 <= IF( INDEX($D$15:$D$26, MATCH(INDEX($B:$B, ROW()-$C46+1), $B$15:$B$26, 0)) = リスト!$O$9, 5, INDEX($D$15:$D$26, MATCH(INDEX($B:$B, ROW()-$C46+1), $B$15:$B$26, 0)) ), $F46 > 0 ), IF(AND($H46<>"", $I46<>""), "OK", "NG"), "-")} -> - | N46: {=IF( $C46 <= IF( INDEX($D$15:$D$26, MATCH(INDEX($B:$B, ROW()-$C46+1), $B$15:$B$26, 0)) = リスト!$O$9, 5, INDEX($D$15:$D$26, MATCH(INDEX($B:$B, ROW()-$C46+1), $B$15:$B$26, 0)) ), IF(AND( LEN(SUBSTITUTE(SUBSTITUTE($D46,CHAR(10),""),CHAR(13),""))<=1000, SUMPRODUCT(--ISNUMBER(FIND({"<";">";"&";"""";"'"}, $D46)))=0, LEN(SUBSTITUTE(SUBSTITUTE($H46,CHAR(10),""),CHAR(13),""))<=1000, SUMPRODUCT(--ISNUMBER(FIND({"<";">";"&";"""";"'"}, $H46)))=0, LEN(SUBSTITUTE(SUBSTITUTE($I46,CHAR(10),""),CHAR(13),""))<=300, SUMPRODUCT(--ISNUMBER(FIND({"<";">";"&";"""";"'"}, $I46)))=0, OR($E46="", IF(ISNUMBER($E46), AND($E46=INT($E46), $E46>=0, LEN(TEXT($E46,"0"))<=12), FALSE)), OR($F46="", IF(ISNUMBER($F46), AND($F46=INT($F46), $F46>=0, LEN(TEXT($F46,"0"))<=12), FALSE)) ), "OK", "NG"), "-")} -> - | O46: {=IF( $C46 <= IF( INDEX($D$15:$D$26, MATCH(INDEX($B:$B, ROW()-$C46+1), $B$15:$B$26, 0)) = リスト!$O$9, 5, INDEX($D$15:$D$26, MATCH(INDEX($B:$B, ROW()-$C46+1), $B$15:$B$26, 0)) ), IF(AND(ISNUMBER($E46), ISNUMBER($F46)), IF(AND( $E46 >= $F46, IF(INDEX($B:$B, ROW()-$C46+1) = $B$31, $F46 >= 100000, TRUE) ), "OK", "NG"), "-"), "-")} -> - | P46: {=IF( $C46 > IF( INDEX($D$15:$D$26, MATCH(INDEX($B:$B, ROW()-$C46+1), $B$15:$B$26, 0)) = リスト!$O$9, 5, INDEX($D$15:$D$26, MATCH(INDEX($B:$B, ROW()-$C46+1), $B$15:$B$26, 0)) ), IF(AND($D46="", $E46="", $F46="", $H46="", $I46=""), "OK", "NG"), "-")} -> OK
B47: 補助対象経費上限額：補助対象経費総額(税抜き)の3分の1まで | C47: 2 | G47: =IF(ISNUMBER($D$9),ROUNDDOWN(F47*$D$9,0),"-") -> - | L47: {=IF( $C47 <= IF( INDEX($D$15:$D$26, MATCH(INDEX($B:$B, ROW()-$C47+1), $B$15:$B$26, 0)) = リスト!$O$9, 5, INDEX($D$15:$D$26, MATCH(INDEX($B:$B, ROW()-$C47+1), $B$15:$B$26, 0)) ), IF(AND($D47<>"", $E47<>"", $F47<>""), "OK", "NG"), "-")} -> - | M47: {=IF(AND( $C47 <= IF( INDEX($D$15:$D$26, MATCH(INDEX($B:$B, ROW()-$C47+1), $B$15:$B$26, 0)) = リスト!$O$9, 5, INDEX($D$15:$D$26, MATCH(INDEX($B:$B, ROW()-$C47+1), $B$15:$B$26, 0)) ), $F47 > 0 ), IF(AND($H47<>"", $I47<>""), "OK", "NG"), "-")} -> - | N47: {=IF( $C47 <= IF( INDEX($D$15:$D$26, MATCH(INDEX($B:$B, ROW()-$C47+1), $B$15:$B$26, 0)) = リスト!$O$9, 5, INDEX($D$15:$D$26, MATCH(INDEX($B:$B, ROW()-$C47+1), $B$15:$B$26, 0)) ), IF(AND( LEN(SUBSTITUTE(SUBSTITUTE($D47,CHAR(10),""),CHAR(13),""))<=1000, SUMPRODUCT(--ISNUMBER(FIND({"<";">";"&";"""";"'"}, $D47)))=0, LEN(SUBSTITUTE(SUBSTITUTE($H47,CHAR(10),""),CHAR(13),""))<=1000, SUMPRODUCT(--ISNUMBER(FIND({"<";">";"&";"""";"'"}, $H47)))=0, LEN(SUBSTITUTE(SUBSTITUTE($I47,CHAR(10),""),CHAR(13),""))<=300, SUMPRODUCT(--ISNUMBER(FIND({"<";">";"&";"""";"'"}, $I47)))=0, OR($E47="", IF(ISNUMBER($E47), AND($E47=INT($E47), $E47>=0, LEN(TEXT($E47,"0"))<=12), FALSE)), OR($F47="", IF(ISNUMBER($F47), AND($F47=INT($F47), $F47>=0, LEN(TEXT($F47,"0"))<=12), FALSE)) ), "OK", "NG"), "-")} -> - | O47: {=IF( $C47 <= IF( INDEX($D$15:$D$26, MATCH(INDEX($B:$B, ROW()-$C47+1), $B$15:$B$26, 0)) = リスト!$O$9, 5, INDEX($D$15:$D$26, MATCH(INDEX($B:$B, ROW()-$C47+1), $B$15:$B$26, 0)) ), IF(AND(ISNUMBER($E47), ISNUMBER($F47)), IF(AND( $E47 >= $F47, IF(INDEX($B:$B, ROW()-$C47+1) = $B$31, $F47 >= 100000, TRUE) ), "OK", "NG"), "-"), "-")} -> - | P47: {=IF( $C47 > IF( INDEX($D$15:$D$26, MATCH(INDEX($B:$B, ROW()-$C47+1), $B$15:$B$26, 0)) = リスト!$O$9, 5, INDEX($D$15:$D$26, MATCH(INDEX($B:$B, ROW()-$C47+1), $B$15:$B$26, 0)) ), IF(AND($D47="", $E47="", $F47="", $H47="", $I47=""), "OK", "NG"), "-")} -> OK
C48: 3 | G48: =IF(ISNUMBER($D$9),ROUNDDOWN(F48*$D$9,0),"-") -> - | L48: {=IF( $C48 <= IF( INDEX($D$15:$D$26, MATCH(INDEX($B:$B, ROW()-$C48+1), $B$15:$B$26, 0)) = リスト!$O$9, 5, INDEX($D$15:$D$26, MATCH(INDEX($B:$B, ROW()-$C48+1), $B$15:$B$26, 0)) ), IF(AND($D48<>"", $E48<>"", $F48<>""), "OK", "NG"), "-")} -> - | M48: {=IF(AND( $C48 <= IF( INDEX($D$15:$D$26, MATCH(INDEX($B:$B, ROW()-$C48+1), $B$15:$B$26, 0)) = リスト!$O$9, 5, INDEX($D$15:$D$26, MATCH(INDEX($B:$B, ROW()-$C48+1), $B$15:$B$26, 0)) ), $F48 > 0 ), IF(AND($H48<>"", $I48<>""), "OK", "NG"), "-")} -> - | N48: {=IF( $C48 <= IF( INDEX($D$15:$D$26, MATCH(INDEX($B:$B, ROW()-$C48+1), $B$15:$B$26, 0)) = リスト!$O$9, 5, INDEX($D$15:$D$26, MATCH(INDEX($B:$B, ROW()-$C48+1), $B$15:$B$26, 0)) ), IF(AND( LEN(SUBSTITUTE(SUBSTITUTE($D48,CHAR(10),""),CHAR(13),""))<=1000, SUMPRODUCT(--ISNUMBER(FIND({"<";">";"&";"""";"'"}, $D48)))=0, LEN(SUBSTITUTE(SUBSTITUTE($H48,CHAR(10),""),CHAR(13),""))<=1000, SUMPRODUCT(--ISNUMBER(FIND({"<";">";"&";"""";"'"}, $H48)))=0, LEN(SUBSTITUTE(SUBSTITUTE($I48,CHAR(10),""),CHAR(13),""))<=300, SUMPRODUCT(--ISNUMBER(FIND({"<";">";"&";"""";"'"}, $I48)))=0, OR($E48="", IF(ISNUMBER($E48), AND($E48=INT($E48), $E48>=0, LEN(TEXT($E48,"0"))<=12), FALSE)), OR($F48="", IF(ISNUMBER($F48), AND($F48=INT($F48), $F48>=0, LEN(TEXT($F48,"0"))<=12), FALSE)) ), "OK", "NG"), "-")} -> - | O48: {=IF( $C48 <= IF( INDEX($D$15:$D$26, MATCH(INDEX($B:$B, ROW()-$C48+1), $B$15:$B$26, 0)) = リスト!$O$9, 5, INDEX($D$15:$D$26, MATCH(INDEX($B:$B, ROW()-$C48+1), $B$15:$B$26, 0)) ), IF(AND(ISNUMBER($E48), ISNUMBER($F48)), IF(AND( $E48 >= $F48, IF(INDEX($B:$B, ROW()-$C48+1) = $B$31, $F48 >= 100000, TRUE) ), "OK", "NG"), "-"), "-")} -> - | P48: {=IF( $C48 > IF( INDEX($D$15:$D$26, MATCH(INDEX($B:$B, ROW()-$C48+1), $B$15:$B$26, 0)) = リスト!$O$9, 5, INDEX($D$15:$D$26, MATCH(INDEX($B:$B, ROW()-$C48+1), $B$15:$B$26, 0)) ), IF(AND($D48="", $E48="", $F48="", $H48="", $I48=""), "OK", "NG"), "-")} -> OK
C49: 4 | G49: =IF(ISNUMBER($D$9),ROUNDDOWN(F49*$D$9,0),"-") -> - | L49: {=IF( $C49 <= IF( INDEX($D$15:$D$26, MATCH(INDEX($B:$B, ROW()-$C49+1), $B$15:$B$26, 0)) = リスト!$O$9, 5, INDEX($D$15:$D$26, MATCH(INDEX($B:$B, ROW()-$C49+1), $B$15:$B$26, 0)) ), IF(AND($D49<>"", $E49<>"", $F49<>""), "OK", "NG"), "-")} -> - | M49: {=IF(AND( $C49 <= IF( INDEX($D$15:$D$26, MATCH(INDEX($B:$B, ROW()-$C49+1), $B$15:$B$26, 0)) = リスト!$O$9, 5, INDEX($D$15:$D$26, MATCH(INDEX($B:$B, ROW()-$C49+1), $B$15:$B$26, 0)) ), $F49 > 0 ), IF(AND($H49<>"", $I49<>""), "OK", "NG"), "-")} -> - | N49: {=IF( $C49 <= IF( INDEX($D$15:$D$26, MATCH(INDEX($B:$B, ROW()-$C49+1), $B$15:$B$26, 0)) = リスト!$O$9, 5, INDEX($D$15:$D$26, MATCH(INDEX($B:$B, ROW()-$C49+1), $B$15:$B$26, 0)) ), IF(AND( LEN(SUBSTITUTE(SUBSTITUTE($D49,CHAR(10),""),CHAR(13),""))<=1000, SUMPRODUCT(--ISNUMBER(FIND({"<";">";"&";"""";"'"}, $D49)))=0, LEN(SUBSTITUTE(SUBSTITUTE($H49,CHAR(10),""),CHAR(13),""))<=1000, SUMPRODUCT(--ISNUMBER(FIND({"<";">";"&";"""";"'"}, $H49)))=0, LEN(SUBSTITUTE(SUBSTITUTE($I49,CHAR(10),""),CHAR(13),""))<=300, SUMPRODUCT(--ISNUMBER(FIND({"<";">";"&";"""";"'"}, $I49)))=0, OR($E49="", IF(ISNUMBER($E49), AND($E49=INT($E49), $E49>=0, LEN(TEXT($E49,"0"))<=12), FALSE)), OR($F49="", IF(ISNUMBER($F49), AND($F49=INT($F49), $F49>=0, LEN(TEXT($F49,"0"))<=12), FALSE)) ), "OK", "NG"), "-")} -> - | O49: {=IF( $C49 <= IF( INDEX($D$15:$D$26, MATCH(INDEX($B:$B, ROW()-$C49+1), $B$15:$B$26, 0)) = リスト!$O$9, 5, INDEX($D$15:$D$26, MATCH(INDEX($B:$B, ROW()-$C49+1), $B$15:$B$26, 0)) ), IF(AND(ISNUMBER($E49), ISNUMBER($F49)), IF(AND( $E49 >= $F49, IF(INDEX($B:$B, ROW()-$C49+1) = $B$31, $F49 >= 100000, TRUE) ), "OK", "NG"), "-"), "-")} -> - | P49: {=IF( $C49 > IF( INDEX($D$15:$D$26, MATCH(INDEX($B:$B, ROW()-$C49+1), $B$15:$B$26, 0)) = リスト!$O$9, 5, INDEX($D$15:$D$26, MATCH(INDEX($B:$B, ROW()-$C49+1), $B$15:$B$26, 0)) ), IF(AND($D49="", $E49="", $F49="", $H49="", $I49=""), "OK", "NG"), "-")} -> OK
C50: 5 | G50: =IF(ISNUMBER($D$9),ROUNDDOWN(F50*$D$9,0),"-") -> - | L50: {=IF( $C50 <= IF( INDEX($D$15:$D$26, MATCH(INDEX($B:$B, ROW()-$C50+1), $B$15:$B$26, 0)) = リスト!$O$9, 5, INDEX($D$15:$D$26, MATCH(INDEX($B:$B, ROW()-$C50+1), $B$15:$B$26, 0)) ), IF(AND($D50<>"", $E50<>"", $F50<>""), "OK", "NG"), "-")} -> - | M50: {=IF(AND( $C50 <= IF( INDEX($D$15:$D$26, MATCH(INDEX($B:$B, ROW()-$C50+1), $B$15:$B$26, 0)) = リスト!$O$9, 5, INDEX($D$15:$D$26, MATCH(INDEX($B:$B, ROW()-$C50+1), $B$15:$B$26, 0)) ), $F50 > 0 ), IF(AND($H50<>"", $I50<>""), "OK", "NG"), "-")} -> - | N50: {=IF( $C50 <= IF( INDEX($D$15:$D$26, MATCH(INDEX($B:$B, ROW()-$C50+1), $B$15:$B$26, 0)) = リスト!$O$9, 5, INDEX($D$15:$D$26, MATCH(INDEX($B:$B, ROW()-$C50+1), $B$15:$B$26, 0)) ), IF(AND( LEN(SUBSTITUTE(SUBSTITUTE($D50,CHAR(10),""),CHAR(13),""))<=1000, SUMPRODUCT(--ISNUMBER(FIND({"<";">";"&";"""";"'"}, $D50)))=0, LEN(SUBSTITUTE(SUBSTITUTE($H50,CHAR(10),""),CHAR(13),""))<=1000, SUMPRODUCT(--ISNUMBER(FIND({"<";">";"&";"""";"'"}, $H50)))=0, LEN(SUBSTITUTE(SUBSTITUTE($I50,CHAR(10),""),CHAR(13),""))<=300, SUMPRODUCT(--ISNUMBER(FIND({"<";">";"&";"""";"'"}, $I50)))=0, OR($E50="", IF(ISNUMBER($E50), AND($E50=INT($E50), $E50>=0, LEN(TEXT($E50,"0"))<=12), FALSE)), OR($F50="", IF(ISNUMBER($F50), AND($F50=INT($F50), $F50>=0, LEN(TEXT($F50,"0"))<=12), FALSE)) ), "OK", "NG"), "-")} -> - | O50: {=IF( $C50 <= IF( INDEX($D$15:$D$26, MATCH(INDEX($B:$B, ROW()-$C50+1), $B$15:$B$26, 0)) = リスト!$O$9, 5, INDEX($D$15:$D$26, MATCH(INDEX($B:$B, ROW()-$C50+1), $B$15:$B$26, 0)) ), IF(AND(ISNUMBER($E50), ISNUMBER($F50)), IF(AND( $E50 >= $F50, IF(INDEX($B:$B, ROW()-$C50+1) = $B$31, $F50 >= 100000, TRUE) ), "OK", "NG"), "-"), "-")} -> - | P50: {=IF( $C50 > IF( INDEX($D$15:$D$26, MATCH(INDEX($B:$B, ROW()-$C50+1), $B$15:$B$26, 0)) = リスト!$O$9, 5, INDEX($D$15:$D$26, MATCH(INDEX($B:$B, ROW()-$C50+1), $B$15:$B$26, 0)) ), IF(AND($D50="", $E50="", $F50="", $H50="", $I50=""), "OK", "NG"), "-")} -> OK
B51: 知的財産権等関連経費 | C51: 1 | G51: =IF(ISNUMBER($D$9),ROUNDDOWN(F51*$D$9,0),"-") -> - | L51: {=IF( $C51 <= IF( INDEX($D$15:$D$26, MATCH(INDEX($B:$B, ROW()-$C51+1), $B$15:$B$26, 0)) = リスト!$O$9, 5, INDEX($D$15:$D$26, MATCH(INDEX($B:$B, ROW()-$C51+1), $B$15:$B$26, 0)) ), IF(AND($D51<>"", $E51<>"", $F51<>""), "OK", "NG"), "-")} -> - | M51: {=IF(AND( $C51 <= IF( INDEX($D$15:$D$26, MATCH(INDEX($B:$B, ROW()-$C51+1), $B$15:$B$26, 0)) = リスト!$O$9, 5, INDEX($D$15:$D$26, MATCH(INDEX($B:$B, ROW()-$C51+1), $B$15:$B$26, 0)) ), $F51 > 0 ), IF(AND($H51<>"", $I51<>""), "OK", "NG"), "-")} -> - | N51: {=IF( $C51 <= IF( INDEX($D$15:$D$26, MATCH(INDEX($B:$B, ROW()-$C51+1), $B$15:$B$26, 0)) = リスト!$O$9, 5, INDEX($D$15:$D$26, MATCH(INDEX($B:$B, ROW()-$C51+1), $B$15:$B$26, 0)) ), IF(AND( LEN(SUBSTITUTE(SUBSTITUTE($D51,CHAR(10),""),CHAR(13),""))<=1000, SUMPRODUCT(--ISNUMBER(FIND({"<";">";"&";"""";"'"}, $D51)))=0, LEN(SUBSTITUTE(SUBSTITUTE($H51,CHAR(10),""),CHAR(13),""))<=1000, SUMPRODUCT(--ISNUMBER(FIND({"<";">";"&";"""";"'"}, $H51)))=0, LEN(SUBSTITUTE(SUBSTITUTE($I51,CHAR(10),""),CHAR(13),""))<=300, SUMPRODUCT(--ISNUMBER(FIND({"<";">";"&";"""";"'"}, $I51)))=0, OR($E51="", IF(ISNUMBER($E51), AND($E51=INT($E51), $E51>=0, LEN(TEXT($E51,"0"))<=12), FALSE)), OR($F51="", IF(ISNUMBER($F51), AND($F51=INT($F51), $F51>=0, LEN(TEXT($F51,"0"))<=12), FALSE)) ), "OK", "NG"), "-")} -> - | O51: {=IF( $C51 <= IF( INDEX($D$15:$D$26, MATCH(INDEX($B:$B, ROW()-$C51+1), $B$15:$B$26, 0)) = リスト!$O$9, 5, INDEX($D$15:$D$26, MATCH(INDEX($B:$B, ROW()-$C51+1), $B$15:$B$26, 0)) ), IF(AND(ISNUMBER($E51), ISNUMBER($F51)), IF(AND( $E51 >= $F51, IF(INDEX($B:$B, ROW()-$C51+1) = $B$31, $F51 >= 100000, TRUE) ), "OK", "NG"), "-"), "-")} -> - | P51: {=IF( $C51 > IF( INDEX($D$15:$D$26, MATCH(INDEX($B:$B, ROW()-$C51+1), $B$15:$B$26, 0)) = リスト!$O$9, 5, INDEX($D$15:$D$26, MATCH(INDEX($B:$B, ROW()-$C51+1), $B$15:$B$26, 0)) ), IF(AND($D51="", $E51="", $F51="", $H51="", $I51=""), "OK", "NG"), "-")} -> OK
B52: 補助対象経費上限額：補助対象経費総額(税抜き)の3分の1まで | C52: 2 | G52: =IF(ISNUMBER($D$9),ROUNDDOWN(F52*$D$9,0),"-") -> - | L52: {=IF( $C52 <= IF( INDEX($D$15:$D$26, MATCH(INDEX($B:$B, ROW()-$C52+1), $B$15:$B$26, 0)) = リスト!$O$9, 5, INDEX($D$15:$D$26, MATCH(INDEX($B:$B, ROW()-$C52+1), $B$15:$B$26, 0)) ), IF(AND($D52<>"", $E52<>"", $F52<>""), "OK", "NG"), "-")} -> - | M52: {=IF(AND( $C52 <= IF( INDEX($D$15:$D$26, MATCH(INDEX($B:$B, ROW()-$C52+1), $B$15:$B$26, 0)) = リスト!$O$9, 5, INDEX($D$15:$D$26, MATCH(INDEX($B:$B, ROW()-$C52+1), $B$15:$B$26, 0)) ), $F52 > 0 ), IF(AND($H52<>"", $I52<>""), "OK", "NG"), "-")} -> - | N52: {=IF( $C52 <= IF( INDEX($D$15:$D$26, MATCH(INDEX($B:$B, ROW()-$C52+1), $B$15:$B$26, 0)) = リスト!$O$9, 5, INDEX($D$15:$D$26, MATCH(INDEX($B:$B, ROW()-$C52+1), $B$15:$B$26, 0)) ), IF(AND( LEN(SUBSTITUTE(SUBSTITUTE($D52,CHAR(10),""),CHAR(13),""))<=1000, SUMPRODUCT(--ISNUMBER(FIND({"<";">";"&";"""";"'"}, $D52)))=0, LEN(SUBSTITUTE(SUBSTITUTE($H52,CHAR(10),""),CHAR(13),""))<=1000, SUMPRODUCT(--ISNUMBER(FIND({"<";">";"&";"""";"'"}, $H52)))=0, LEN(SUBSTITUTE(SUBSTITUTE($I52,CHAR(10),""),CHAR(13),""))<=300, SUMPRODUCT(--ISNUMBER(FIND({"<";">";"&";"""";"'"}, $I52)))=0, OR($E52="", IF(ISNUMBER($E52), AND($E52=INT($E52), $E52>=0, LEN(TEXT($E52,"0"))<=12), FALSE)), OR($F52="", IF(ISNUMBER($F52), AND($F52=INT($F52), $F52>=0, LEN(TEXT($F52,"0"))<=12), FALSE)) ), "OK", "NG"), "-")} -> - | O52: {=IF( $C52 <= IF( INDEX($D$15:$D$26, MATCH(INDEX($B:$B, ROW()-$C52+1), $B$15:$B$26, 0)) = リスト!$O$9, 5, INDEX($D$15:$D$26, MATCH(INDEX($B:$B, ROW()-$C52+1), $B$15:$B$26, 0)) ), IF(AND(ISNUMBER($E52), ISNUMBER($F52)), IF(AND( $E52 >= $F52, IF(INDEX($B:$B, ROW()-$C52+1) = $B$31, $F52 >= 100000, TRUE) ), "OK", "NG"), "-"), "-")} -> - | P52: {=IF( $C52 > IF( INDEX($D$15:$D$26, MATCH(INDEX($B:$B, ROW()-$C52+1), $B$15:$B$26, 0)) = リスト!$O$9, 5, INDEX($D$15:$D$26, MATCH(INDEX($B:$B, ROW()-$C52+1), $B$15:$B$26, 0)) ), IF(AND($D52="", $E52="", $F52="", $H52="", $I52=""), "OK", "NG"), "-")} -> OK
C53: 3 | G53: =IF(ISNUMBER($D$9),ROUNDDOWN(F53*$D$9,0),"-") -> - | L53: {=IF( $C53 <= IF( INDEX($D$15:$D$26, MATCH(INDEX($B:$B, ROW()-$C53+1), $B$15:$B$26, 0)) = リスト!$O$9, 5, INDEX($D$15:$D$26, MATCH(INDEX($B:$B, ROW()-$C53+1), $B$15:$B$26, 0)) ), IF(AND($D53<>"", $E53<>"", $F53<>""), "OK", "NG"), "-")} -> - | M53: {=IF(AND( $C53 <= IF( INDEX($D$15:$D$26, MATCH(INDEX($B:$B, ROW()-$C53+1), $B$15:$B$26, 0)) = リスト!$O$9, 5, INDEX($D$15:$D$26, MATCH(INDEX($B:$B, ROW()-$C53+1), $B$15:$B$26, 0)) ), $F53 > 0 ), IF(AND($H53<>"", $I53<>""), "OK", "NG"), "-")} -> - | N53: {=IF( $C53 <= IF( INDEX($D$15:$D$26, MATCH(INDEX($B:$B, ROW()-$C53+1), $B$15:$B$26, 0)) = リスト!$O$9, 5, INDEX($D$15:$D$26, MATCH(INDEX($B:$B, ROW()-$C53+1), $B$15:$B$26, 0)) ), IF(AND( LEN(SUBSTITUTE(SUBSTITUTE($D53,CHAR(10),""),CHAR(13),""))<=1000, SUMPRODUCT(--ISNUMBER(FIND({"<";">";"&";"""";"'"}, $D53)))=0, LEN(SUBSTITUTE(SUBSTITUTE($H53,CHAR(10),""),CHAR(13),""))<=1000, SUMPRODUCT(--ISNUMBER(FIND({"<";">";"&";"""";"'"}, $H53)))=0, LEN(SUBSTITUTE(SUBSTITUTE($I53,CHAR(10),""),CHAR(13),""))<=300, SUMPRODUCT(--ISNUMBER(FIND({"<";">";"&";"""";"'"}, $I53)))=0, OR($E53="", IF(ISNUMBER($E53), AND($E53=INT($E53), $E53>=0, LEN(TEXT($E53,"0"))<=12), FALSE)), OR($F53="", IF(ISNUMBER($F53), AND($F53=INT($F53), $F53>=0, LEN(TEXT($F53,"0"))<=12), FALSE)) ), "OK", "NG"), "-")} -> - | O53: {=IF( $C53 <= IF( INDEX($D$15:$D$26, MATCH(INDEX($B:$B, ROW()-$C53+1), $B$15:$B$26, 0)) = リスト!$O$9, 5, INDEX($D$15:$D$26, MATCH(INDEX($B:$B, ROW()-$C53+1), $B$15:$B$26, 0)) ), IF(AND(ISNUMBER($E53), ISNUMBER($F53)), IF(AND( $E53 >= $F53, IF(INDEX($B:$B, ROW()-$C53+1) = $B$31, $F53 >= 100000, TRUE) ), "OK", "NG"), "-"), "-")} -> - | P53: {=IF( $C53 > IF( INDEX($D$15:$D$26, MATCH(INDEX($B:$B, ROW()-$C53+1), $B$15:$B$26, 0)) = リスト!$O$9, 5, INDEX($D$15:$D$26, MATCH(INDEX($B:$B, ROW()-$C53+1), $B$15:$B$26, 0)) ), IF(AND($D53="", $E53="", $F53="", $H53="", $I53=""), "OK", "NG"), "-")} -> OK
C54: 4 | G54: =IF(ISNUMBER($D$9),ROUNDDOWN(F54*$D$9,0),"-") -> - | L54: {=IF( $C54 <= IF( INDEX($D$15:$D$26, MATCH(INDEX($B:$B, ROW()-$C54+1), $B$15:$B$26, 0)) = リスト!$O$9, 5, INDEX($D$15:$D$26, MATCH(INDEX($B:$B, ROW()-$C54+1), $B$15:$B$26, 0)) ), IF(AND($D54<>"", $E54<>"", $F54<>""), "OK", "NG"), "-")} -> - | M54: {=IF(AND( $C54 <= IF( INDEX($D$15:$D$26, MATCH(INDEX($B:$B, ROW()-$C54+1), $B$15:$B$26, 0)) = リスト!$O$9, 5, INDEX($D$15:$D$26, MATCH(INDEX($B:$B, ROW()-$C54+1), $B$15:$B$26, 0)) ), $F54 > 0 ), IF(AND($H54<>"", $I54<>""), "OK", "NG"), "-")} -> - | N54: {=IF( $C54 <= IF( INDEX($D$15:$D$26, MATCH(INDEX($B:$B, ROW()-$C54+1), $B$15:$B$26, 0)) = リスト!$O$9, 5, INDEX($D$15:$D$26, MATCH(INDEX($B:$B, ROW()-$C54+1), $B$15:$B$26, 0)) ), IF(AND( LEN(SUBSTITUTE(SUBSTITUTE($D54,CHAR(10),""),CHAR(13),""))<=1000, SUMPRODUCT(--ISNUMBER(FIND({"<";">";"&";"""";"'"}, $D54)))=0, LEN(SUBSTITUTE(SUBSTITUTE($H54,CHAR(10),""),CHAR(13),""))<=1000, SUMPRODUCT(--ISNUMBER(FIND({"<";">";"&";"""";"'"}, $H54)))=0, LEN(SUBSTITUTE(SUBSTITUTE($I54,CHAR(10),""),CHAR(13),""))<=300, SUMPRODUCT(--ISNUMBER(FIND({"<";">";"&";"""";"'"}, $I54)))=0, OR($E54="", IF(ISNUMBER($E54), AND($E54=INT($E54), $E54>=0, LEN(TEXT($E54,"0"))<=12), FALSE)), OR($F54="", IF(ISNUMBER($F54), AND($F54=INT($F54), $F54>=0, LEN(TEXT($F54,"0"))<=12), FALSE)) ), "OK", "NG"), "-")} -> - | O54: {=IF( $C54 <= IF( INDEX($D$15:$D$26, MATCH(INDEX($B:$B, ROW()-$C54+1), $B$15:$B$26, 0)) = リスト!$O$9, 5, INDEX($D$15:$D$26, MATCH(INDEX($B:$B, ROW()-$C54+1), $B$15:$B$26, 0)) ), IF(AND(ISNUMBER($E54), ISNUMBER($F54)), IF(AND( $E54 >= $F54, IF(INDEX($B:$B, ROW()-$C54+1) = $B$31, $F54 >= 100000, TRUE) ), "OK", "NG"), "-"), "-")} -> - | P54: {=IF( $C54 > IF( INDEX($D$15:$D$26, MATCH(INDEX($B:$B, ROW()-$C54+1), $B$15:$B$26, 0)) = リスト!$O$9, 5, INDEX($D$15:$D$26, MATCH(INDEX($B:$B, ROW()-$C54+1), $B$15:$B$26, 0)) ), IF(AND($D54="", $E54="", $F54="", $H54="", $I54=""), "OK", "NG"), "-")} -> OK
C55: 5 | G55: =IF(ISNUMBER($D$9),ROUNDDOWN(F55*$D$9,0),"-") -> - | L55: {=IF( $C55 <= IF( INDEX($D$15:$D$26, MATCH(INDEX($B:$B, ROW()-$C55+1), $B$15:$B$26, 0)) = リスト!$O$9, 5, INDEX($D$15:$D$26, MATCH(INDEX($B:$B, ROW()-$C55+1), $B$15:$B$26, 0)) ), IF(AND($D55<>"", $E55<>"", $F55<>""), "OK", "NG"), "-")} -> - | M55: {=IF(AND( $C55 <= IF( INDEX($D$15:$D$26, MATCH(INDEX($B:$B, ROW()-$C55+1), $B$15:$B$26, 0)) = リスト!$O$9, 5, INDEX($D$15:$D$26, MATCH(INDEX($B:$B, ROW()-$C55+1), $B$15:$B$26, 0)) ), $F55 > 0 ), IF(AND($H55<>"", $I55<>""), "OK", "NG"), "-")} -> - | N55: {=IF( $C55 <= IF( INDEX($D$15:$D$26, MATCH(INDEX($B:$B, ROW()-$C55+1), $B$15:$B$26, 0)) = リスト!$O$9, 5, INDEX($D$15:$D$26, MATCH(INDEX($B:$B, ROW()-$C55+1), $B$15:$B$26, 0)) ), IF(AND( LEN(SUBSTITUTE(SUBSTITUTE($D55,CHAR(10),""),CHAR(13),""))<=1000, SUMPRODUCT(--ISNUMBER(FIND({"<";">";"&";"""";"'"}, $D55)))=0, LEN(SUBSTITUTE(SUBSTITUTE($H55,CHAR(10),""),CHAR(13),""))<=1000, SUMPRODUCT(--ISNUMBER(FIND({"<";">";"&";"""";"'"}, $H55)))=0, LEN(SUBSTITUTE(SUBSTITUTE($I55,CHAR(10),""),CHAR(13),""))<=300, SUMPRODUCT(--ISNUMBER(FIND({"<";">";"&";"""";"'"}, $I55)))=0, OR($E55="", IF(ISNUMBER($E55), AND($E55=INT($E55), $E55>=0, LEN(TEXT($E55,"0"))<=12), FALSE)), OR($F55="", IF(ISNUMBER($F55), AND($F55=INT($F55), $F55>=0, LEN(TEXT($F55,"0"))<=12), FALSE)) ), "OK", "NG"), "-")} -> - | O55: {=IF( $C55 <= IF( INDEX($D$15:$D$26, MATCH(INDEX($B:$B, ROW()-$C55+1), $B$15:$B$26, 0)) = リスト!$O$9, 5, INDEX($D$15:$D$26, MATCH(INDEX($B:$B, ROW()-$C55+1), $B$15:$B$26, 0)) ), IF(AND(ISNUMBER($E55), ISNUMBER($F55)), IF(AND( $E55 >= $F55, IF(INDEX($B:$B, ROW()-$C55+1) = $B$31, $F55 >= 100000, TRUE) ), "OK", "NG"), "-"), "-")} -> - | P55: {=IF( $C55 > IF( INDEX($D$15:$D$26, MATCH(INDEX($B:$B, ROW()-$C55+1), $B$15:$B$26, 0)) = リスト!$O$9, 5, INDEX($D$15:$D$26, MATCH(INDEX($B:$B, ROW()-$C55+1), $B$15:$B$26, 0)) ), IF(AND($D55="", $E55="", $F55="", $H55="", $I55=""), "OK", "NG"), "-")} -> OK
B56: 外注費 | C56: 1 | G56: =IF(ISNUMBER($D$9),ROUNDDOWN(F56*$D$9,0),"-") -> - | L56: {=IF( $C56 <= IF( INDEX($D$15:$D$26, MATCH(INDEX($B:$B, ROW()-$C56+1), $B$15:$B$26, 0)) = リスト!$O$9, 5, INDEX($D$15:$D$26, MATCH(INDEX($B:$B, ROW()-$C56+1), $B$15:$B$26, 0)) ), IF(AND($D56<>"", $E56<>"", $F56<>""), "OK", "NG"), "-")} -> - | M56: {=IF(AND( $C56 <= IF( INDEX($D$15:$D$26, MATCH(INDEX($B:$B, ROW()-$C56+1), $B$15:$B$26, 0)) = リスト!$O$9, 5, INDEX($D$15:$D$26, MATCH(INDEX($B:$B, ROW()-$C56+1), $B$15:$B$26, 0)) ), $F56 > 0 ), IF(AND($H56<>"", $I56<>""), "OK", "NG"), "-")} -> - | N56: {=IF( $C56 <= IF( INDEX($D$15:$D$26, MATCH(INDEX($B:$B, ROW()-$C56+1), $B$15:$B$26, 0)) = リスト!$O$9, 5, INDEX($D$15:$D$26, MATCH(INDEX($B:$B, ROW()-$C56+1), $B$15:$B$26, 0)) ), IF(AND( LEN(SUBSTITUTE(SUBSTITUTE($D56,CHAR(10),""),CHAR(13),""))<=1000, SUMPRODUCT(--ISNUMBER(FIND({"<";">";"&";"""";"'"}, $D56)))=0, LEN(SUBSTITUTE(SUBSTITUTE($H56,CHAR(10),""),CHAR(13),""))<=1000, SUMPRODUCT(--ISNUMBER(FIND({"<";">";"&";"""";"'"}, $H56)))=0, LEN(SUBSTITUTE(SUBSTITUTE($I56,CHAR(10),""),CHAR(13),""))<=300, SUMPRODUCT(--ISNUMBER(FIND({"<";">";"&";"""";"'"}, $I56)))=0, OR($E56="", IF(ISNUMBER($E56), AND($E56=INT($E56), $E56>=0, LEN(TEXT($E56,"0"))<=12), FALSE)), OR($F56="", IF(ISNUMBER($F56), AND($F56=INT($F56), $F56>=0, LEN(TEXT($F56,"0"))<=12), FALSE)) ), "OK", "NG"), "-")} -> - | O56: {=IF( $C56 <= IF( INDEX($D$15:$D$26, MATCH(INDEX($B:$B, ROW()-$C56+1), $B$15:$B$26, 0)) = リスト!$O$9, 5, INDEX($D$15:$D$26, MATCH(INDEX($B:$B, ROW()-$C56+1), $B$15:$B$26, 0)) ), IF(AND(ISNUMBER($E56), ISNUMBER($F56)), IF(AND( $E56 >= $F56, IF(INDEX($B:$B, ROW()-$C56+1) = $B$31, $F56 >= 100000, TRUE) ), "OK", "NG"), "-"), "-")} -> - | P56: {=IF( $C56 > IF( INDEX($D$15:$D$26, MATCH(INDEX($B:$B, ROW()-$C56+1), $B$15:$B$26, 0)) = リスト!$O$9, 5, INDEX($D$15:$D$26, MATCH(INDEX($B:$B, ROW()-$C56+1), $B$15:$B$26, 0)) ), IF(AND($D56="", $E56="", $F56="", $H56="", $I56=""), "OK", "NG"), "-")} -> OK
B57: 補助対象経費上限額：補助対象経費総額(税抜き)の4分の1まで | C57: 2 | G57: =IF(ISNUMBER($D$9),ROUNDDOWN(F57*$D$9,0),"-") -> - | L57: {=IF( $C57 <= IF( INDEX($D$15:$D$26, MATCH(INDEX($B:$B, ROW()-$C57+1), $B$15:$B$26, 0)) = リスト!$O$9, 5, INDEX($D$15:$D$26, MATCH(INDEX($B:$B, ROW()-$C57+1), $B$15:$B$26, 0)) ), IF(AND($D57<>"", $E57<>"", $F57<>""), "OK", "NG"), "-")} -> - | M57: {=IF(AND( $C57 <= IF( INDEX($D$15:$D$26, MATCH(INDEX($B:$B, ROW()-$C57+1), $B$15:$B$26, 0)) = リスト!$O$9, 5, INDEX($D$15:$D$26, MATCH(INDEX($B:$B, ROW()-$C57+1), $B$15:$B$26, 0)) ), $F57 > 0 ), IF(AND($H57<>"", $I57<>""), "OK", "NG"), "-")} -> - | N57: {=IF( $C57 <= IF( INDEX($D$15:$D$26, MATCH(INDEX($B:$B, ROW()-$C57+1), $B$15:$B$26, 0)) = リスト!$O$9, 5, INDEX($D$15:$D$26, MATCH(INDEX($B:$B, ROW()-$C57+1), $B$15:$B$26, 0)) ), IF(AND( LEN(SUBSTITUTE(SUBSTITUTE($D57,CHAR(10),""),CHAR(13),""))<=1000, SUMPRODUCT(--ISNUMBER(FIND({"<";">";"&";"""";"'"}, $D57)))=0, LEN(SUBSTITUTE(SUBSTITUTE($H57,CHAR(10),""),CHAR(13),""))<=1000, SUMPRODUCT(--ISNUMBER(FIND({"<";">";"&";"""";"'"}, $H57)))=0, LEN(SUBSTITUTE(SUBSTITUTE($I57,CHAR(10),""),CHAR(13),""))<=300, SUMPRODUCT(--ISNUMBER(FIND({"<";">";"&";"""";"'"}, $I57)))=0, OR($E57="", IF(ISNUMBER($E57), AND($E57=INT($E57), $E57>=0, LEN(TEXT($E57,"0"))<=12), FALSE)), OR($F57="", IF(ISNUMBER($F57), AND($F57=INT($F57), $F57>=0, LEN(TEXT($F57,"0"))<=12), FALSE)) ), "OK", "NG"), "-")} -> - | O57: {=IF( $C57 <= IF( INDEX($D$15:$D$26, MATCH(INDEX($B:$B, ROW()-$C57+1), $B$15:$B$26, 0)) = リスト!$O$9, 5, INDEX($D$15:$D$26, MATCH(INDEX($B:$B, ROW()-$C57+1), $B$15:$B$26, 0)) ), IF(AND(ISNUMBER($E57), ISNUMBER($F57)), IF(AND( $E57 >= $F57, IF(INDEX($B:$B, ROW()-$C57+1) = $B$31, $F57 >= 100000, TRUE) ), "OK", "NG"), "-"), "-")} -> - | P57: {=IF( $C57 > IF( INDEX($D$15:$D$26, MATCH(INDEX($B:$B, ROW()-$C57+1), $B$15:$B$26, 0)) = リスト!$O$9, 5, INDEX($D$15:$D$26, MATCH(INDEX($B:$B, ROW()-$C57+1), $B$15:$B$26, 0)) ), IF(AND($D57="", $E57="", $F57="", $H57="", $I57=""), "OK", "NG"), "-")} -> OK
C58: 3 | G58: =IF(ISNUMBER($D$9),ROUNDDOWN(F58*$D$9,0),"-") -> - | L58: {=IF( $C58 <= IF( INDEX($D$15:$D$26, MATCH(INDEX($B:$B, ROW()-$C58+1), $B$15:$B$26, 0)) = リスト!$O$9, 5, INDEX($D$15:$D$26, MATCH(INDEX($B:$B, ROW()-$C58+1), $B$15:$B$26, 0)) ), IF(AND($D58<>"", $E58<>"", $F58<>""), "OK", "NG"), "-")} -> - | M58: {=IF(AND( $C58 <= IF( INDEX($D$15:$D$26, MATCH(INDEX($B:$B, ROW()-$C58+1), $B$15:$B$26, 0)) = リスト!$O$9, 5, INDEX($D$15:$D$26, MATCH(INDEX($B:$B, ROW()-$C58+1), $B$15:$B$26, 0)) ), $F58 > 0 ), IF(AND($H58<>"", $I58<>""), "OK", "NG"), "-")} -> - | N58: {=IF( $C58 <= IF( INDEX($D$15:$D$26, MATCH(INDEX($B:$B, ROW()-$C58+1), $B$15:$B$26, 0)) = リスト!$O$9, 5, INDEX($D$15:$D$26, MATCH(INDEX($B:$B, ROW()-$C58+1), $B$15:$B$26, 0)) ), IF(AND( LEN(SUBSTITUTE(SUBSTITUTE($D58,CHAR(10),""),CHAR(13),""))<=1000, SUMPRODUCT(--ISNUMBER(FIND({"<";">";"&";"""";"'"}, $D58)))=0, LEN(SUBSTITUTE(SUBSTITUTE($H58,CHAR(10),""),CHAR(13),""))<=1000, SUMPRODUCT(--ISNUMBER(FIND({"<";">";"&";"""";"'"}, $H58)))=0, LEN(SUBSTITUTE(SUBSTITUTE($I58,CHAR(10),""),CHAR(13),""))<=300, SUMPRODUCT(--ISNUMBER(FIND({"<";">";"&";"""";"'"}, $I58)))=0, OR($E58="", IF(ISNUMBER($E58), AND($E58=INT($E58), $E58>=0, LEN(TEXT($E58,"0"))<=12), FALSE)), OR($F58="", IF(ISNUMBER($F58), AND($F58=INT($F58), $F58>=0, LEN(TEXT($F58,"0"))<=12), FALSE)) ), "OK", "NG"), "-")} -> - | O58: {=IF( $C58 <= IF( INDEX($D$15:$D$26, MATCH(INDEX($B:$B, ROW()-$C58+1), $B$15:$B$26, 0)) = リスト!$O$9, 5, INDEX($D$15:$D$26, MATCH(INDEX($B:$B, ROW()-$C58+1), $B$15:$B$26, 0)) ), IF(AND(ISNUMBER($E58), ISNUMBER($F58)), IF(AND( $E58 >= $F58, IF(INDEX($B:$B, ROW()-$C58+1) = $B$31, $F58 >= 100000, TRUE) ), "OK", "NG"), "-"), "-")} -> - | P58: {=IF( $C58 > IF( INDEX($D$15:$D$26, MATCH(INDEX($B:$B, ROW()-$C58+1), $B$15:$B$26, 0)) = リスト!$O$9, 5, INDEX($D$15:$D$26, MATCH(INDEX($B:$B, ROW()-$C58+1), $B$15:$B$26, 0)) ), IF(AND($D58="", $E58="", $F58="", $H58="", $I58=""), "OK", "NG"), "-")} -> OK
C59: 4 | G59: =IF(ISNUMBER($D$9),ROUNDDOWN(F59*$D$9,0),"-") -> - | L59: {=IF( $C59 <= IF( INDEX($D$15:$D$26, MATCH(INDEX($B:$B, ROW()-$C59+1), $B$15:$B$26, 0)) = リスト!$O$9, 5, INDEX($D$15:$D$26, MATCH(INDEX($B:$B, ROW()-$C59+1), $B$15:$B$26, 0)) ), IF(AND($D59<>"", $E59<>"", $F59<>""), "OK", "NG"), "-")} -> - | M59: {=IF(AND( $C59 <= IF( INDEX($D$15:$D$26, MATCH(INDEX($B:$B, ROW()-$C59+1), $B$15:$B$26, 0)) = リスト!$O$9, 5, INDEX($D$15:$D$26, MATCH(INDEX($B:$B, ROW()-$C59+1), $B$15:$B$26, 0)) ), $F59 > 0 ), IF(AND($H59<>"", $I59<>""), "OK", "NG"), "-")} -> - | N59: {=IF( $C59 <= IF( INDEX($D$15:$D$26, MATCH(INDEX($B:$B, ROW()-$C59+1), $B$15:$B$26, 0)) = リスト!$O$9, 5, INDEX($D$15:$D$26, MATCH(INDEX($B:$B, ROW()-$C59+1), $B$15:$B$26, 0)) ), IF(AND( LEN(SUBSTITUTE(SUBSTITUTE($D59,CHAR(10),""),CHAR(13),""))<=1000, SUMPRODUCT(--ISNUMBER(FIND({"<";">";"&";"""";"'"}, $D59)))=0, LEN(SUBSTITUTE(SUBSTITUTE($H59,CHAR(10),""),CHAR(13),""))<=1000, SUMPRODUCT(--ISNUMBER(FIND({"<";">";"&";"""";"'"}, $H59)))=0, LEN(SUBSTITUTE(SUBSTITUTE($I59,CHAR(10),""),CHAR(13),""))<=300, SUMPRODUCT(--ISNUMBER(FIND({"<";">";"&";"""";"'"}, $I59)))=0, OR($E59="", IF(ISNUMBER($E59), AND($E59=INT($E59), $E59>=0, LEN(TEXT($E59,"0"))<=12), FALSE)), OR($F59="", IF(ISNUMBER($F59), AND($F59=INT($F59), $F59>=0, LEN(TEXT($F59,"0"))<=12), FALSE)) ), "OK", "NG"), "-")} -> - | O59: {=IF( $C59 <= IF( INDEX($D$15:$D$26, MATCH(INDEX($B:$B, ROW()-$C59+1), $B$15:$B$26, 0)) = リスト!$O$9, 5, INDEX($D$15:$D$26, MATCH(INDEX($B:$B, ROW()-$C59+1), $B$15:$B$26, 0)) ), IF(AND(ISNUMBER($E59), ISNUMBER($F59)), IF(AND( $E59 >= $F59, IF(INDEX($B:$B, ROW()-$C59+1) = $B$31, $F59 >= 100000, TRUE) ), "OK", "NG"), "-"), "-")} -> - | P59: {=IF( $C59 > IF( INDEX($D$15:$D$26, MATCH(INDEX($B:$B, ROW()-$C59+1), $B$15:$B$26, 0)) = リスト!$O$9, 5, INDEX($D$15:$D$26, MATCH(INDEX($B:$B, ROW()-$C59+1), $B$15:$B$26, 0)) ), IF(AND($D59="", $E59="", $F59="", $H59="", $I59=""), "OK", "NG"), "-")} -> OK
C60: 5 | G60: =IF(ISNUMBER($D$9),ROUNDDOWN(F60*$D$9,0),"-") -> - | L60: {=IF( $C60 <= IF( INDEX($D$15:$D$26, MATCH(INDEX($B:$B, ROW()-$C60+1), $B$15:$B$26, 0)) = リスト!$O$9, 5, INDEX($D$15:$D$26, MATCH(INDEX($B:$B, ROW()-$C60+1), $B$15:$B$26, 0)) ), IF(AND($D60<>"", $E60<>"", $F60<>""), "OK", "NG"), "-")} -> - | M60: {=IF(AND( $C60 <= IF( INDEX($D$15:$D$26, MATCH(INDEX($B:$B, ROW()-$C60+1), $B$15:$B$26, 0)) = リスト!$O$9, 5, INDEX($D$15:$D$26, MATCH(INDEX($B:$B, ROW()-$C60+1), $B$15:$B$26, 0)) ), $F60 > 0 ), IF(AND($H60<>"", $I60<>""), "OK", "NG"), "-")} -> - | N60: {=IF( $C60 <= IF( INDEX($D$15:$D$26, MATCH(INDEX($B:$B, ROW()-$C60+1), $B$15:$B$26, 0)) = リスト!$O$9, 5, INDEX($D$15:$D$26, MATCH(INDEX($B:$B, ROW()-$C60+1), $B$15:$B$26, 0)) ), IF(AND( LEN(SUBSTITUTE(SUBSTITUTE($D60,CHAR(10),""),CHAR(13),""))<=1000, SUMPRODUCT(--ISNUMBER(FIND({"<";">";"&";"""";"'"}, $D60)))=0, LEN(SUBSTITUTE(SUBSTITUTE($H60,CHAR(10),""),CHAR(13),""))<=1000, SUMPRODUCT(--ISNUMBER(FIND({"<";">";"&";"""";"'"}, $H60)))=0, LEN(SUBSTITUTE(SUBSTITUTE($I60,CHAR(10),""),CHAR(13),""))<=300, SUMPRODUCT(--ISNUMBER(FIND({"<";">";"&";"""";"'"}, $I60)))=0, OR($E60="", IF(ISNUMBER($E60), AND($E60=INT($E60), $E60>=0, LEN(TEXT($E60,"0"))<=12), FALSE)), OR($F60="", IF(ISNUMBER($F60), AND($F60=INT($F60), $F60>=0, LEN(TEXT($F60,"0"))<=12), FALSE)) ), "OK", "NG"), "-")} -> - | O60: {=IF( $C60 <= IF( INDEX($D$15:$D$26, MATCH(INDEX($B:$B, ROW()-$C60+1), $B$15:$B$26, 0)) = リスト!$O$9, 5, INDEX($D$15:$D$26, MATCH(INDEX($B:$B, ROW()-$C60+1), $B$15:$B$26, 0)) ), IF(AND(ISNUMBER($E60), ISNUMBER($F60)), IF(AND( $E60 >= $F60, IF(INDEX($B:$B, ROW()-$C60+1) = $B$31, $F60 >= 100000, TRUE) ), "OK", "NG"), "-"), "-")} -> - | P60: {=IF( $C60 > IF( INDEX($D$15:$D$26, MATCH(INDEX($B:$B, ROW()-$C60+1), $B$15:$B$26, 0)) = リスト!$O$9, 5, INDEX($D$15:$D$26, MATCH(INDEX($B:$B, ROW()-$C60+1), $B$15:$B$26, 0)) ), IF(AND($D60="", $E60="", $F60="", $H60="", $I60=""), "OK", "NG"), "-")} -> OK
B61: 専門家経費 | C61: 1 | G61: =IF(ISNUMBER($D$9),ROUNDDOWN(F61*$D$9,0),"-") -> - | L61: {=IF( $C61 <= IF( INDEX($D$15:$D$26, MATCH(INDEX($B:$B, ROW()-$C61+1), $B$15:$B$26, 0)) = リスト!$O$9, 5, INDEX($D$15:$D$26, MATCH(INDEX($B:$B, ROW()-$C61+1), $B$15:$B$26, 0)) ), IF(AND($D61<>"", $E61<>"", $F61<>""), "OK", "NG"), "-")} -> - | M61: {=IF(AND( $C61 <= IF( INDEX($D$15:$D$26, MATCH(INDEX($B:$B, ROW()-$C61+1), $B$15:$B$26, 0)) = リスト!$O$9, 5, INDEX($D$15:$D$26, MATCH(INDEX($B:$B, ROW()-$C61+1), $B$15:$B$26, 0)) ), $F61 > 0 ), IF(AND($H61<>"", $I61<>""), "OK", "NG"), "-")} -> - | N61: {=IF( $C61 <= IF( INDEX($D$15:$D$26, MATCH(INDEX($B:$B, ROW()-$C61+1), $B$15:$B$26, 0)) = リスト!$O$9, 5, INDEX($D$15:$D$26, MATCH(INDEX($B:$B, ROW()-$C61+1), $B$15:$B$26, 0)) ), IF(AND( LEN(SUBSTITUTE(SUBSTITUTE($D61,CHAR(10),""),CHAR(13),""))<=1000, SUMPRODUCT(--ISNUMBER(FIND({"<";">";"&";"""";"'"}, $D61)))=0, LEN(SUBSTITUTE(SUBSTITUTE($H61,CHAR(10),""),CHAR(13),""))<=1000, SUMPRODUCT(--ISNUMBER(FIND({"<";">";"&";"""";"'"}, $H61)))=0, LEN(SUBSTITUTE(SUBSTITUTE($I61,CHAR(10),""),CHAR(13),""))<=300, SUMPRODUCT(--ISNUMBER(FIND({"<";">";"&";"""";"'"}, $I61)))=0, OR($E61="", IF(ISNUMBER($E61), AND($E61=INT($E61), $E61>=0, LEN(TEXT($E61,"0"))<=12), FALSE)), OR($F61="", IF(ISNUMBER($F61), AND($F61=INT($F61), $F61>=0, LEN(TEXT($F61,"0"))<=12), FALSE)) ), "OK", "NG"), "-")} -> - | O61: {=IF( $C61 <= IF( INDEX($D$15:$D$26, MATCH(INDEX($B:$B, ROW()-$C61+1), $B$15:$B$26, 0)) = リスト!$O$9, 5, INDEX($D$15:$D$26, MATCH(INDEX($B:$B, ROW()-$C61+1), $B$15:$B$26, 0)) ), IF(AND(ISNUMBER($E61), ISNUMBER($F61)), IF(AND( $E61 >= $F61, IF(INDEX($B:$B, ROW()-$C61+1) = $B$31, $F61 >= 100000, TRUE) ), "OK", "NG"), "-"), "-")} -> - | P61: {=IF( $C61 > IF( INDEX($D$15:$D$26, MATCH(INDEX($B:$B, ROW()-$C61+1), $B$15:$B$26, 0)) = リスト!$O$9, 5, INDEX($D$15:$D$26, MATCH(INDEX($B:$B, ROW()-$C61+1), $B$15:$B$26, 0)) ), IF(AND($D61="", $E61="", $F61="", $H61="", $I61=""), "OK", "NG"), "-")} -> OK
B62: 補助対象経費上限額：補助対象経費総額(税抜き)の5分の1まで | C62: 2 | G62: =IF(ISNUMBER($D$9),ROUNDDOWN(F62*$D$9,0),"-") -> - | L62: {=IF( $C62 <= IF( INDEX($D$15:$D$26, MATCH(INDEX($B:$B, ROW()-$C62+1), $B$15:$B$26, 0)) = リスト!$O$9, 5, INDEX($D$15:$D$26, MATCH(INDEX($B:$B, ROW()-$C62+1), $B$15:$B$26, 0)) ), IF(AND($D62<>"", $E62<>"", $F62<>""), "OK", "NG"), "-")} -> - | M62: {=IF(AND( $C62 <= IF( INDEX($D$15:$D$26, MATCH(INDEX($B:$B, ROW()-$C62+1), $B$15:$B$26, 0)) = リスト!$O$9, 5, INDEX($D$15:$D$26, MATCH(INDEX($B:$B, ROW()-$C62+1), $B$15:$B$26, 0)) ), $F62 > 0 ), IF(AND($H62<>"", $I62<>""), "OK", "NG"), "-")} -> - | N62: {=IF( $C62 <= IF( INDEX($D$15:$D$26, MATCH(INDEX($B:$B, ROW()-$C62+1), $B$15:$B$26, 0)) = リスト!$O$9, 5, INDEX($D$15:$D$26, MATCH(INDEX($B:$B, ROW()-$C62+1), $B$15:$B$26, 0)) ), IF(AND( LEN(SUBSTITUTE(SUBSTITUTE($D62,CHAR(10),""),CHAR(13),""))<=1000, SUMPRODUCT(--ISNUMBER(FIND({"<";">";"&";"""";"'"}, $D62)))=0, LEN(SUBSTITUTE(SUBSTITUTE($H62,CHAR(10),""),CHAR(13),""))<=1000, SUMPRODUCT(--ISNUMBER(FIND({"<";">";"&";"""";"'"}, $H62)))=0, LEN(SUBSTITUTE(SUBSTITUTE($I62,CHAR(10),""),CHAR(13),""))<=300, SUMPRODUCT(--ISNUMBER(FIND({"<";">";"&";"""";"'"}, $I62)))=0, OR($E62="", IF(ISNUMBER($E62), AND($E62=INT($E62), $E62>=0, LEN(TEXT($E62,"0"))<=12), FALSE)), OR($F62="", IF(ISNUMBER($F62), AND($F62=INT($F62), $F62>=0, LEN(TEXT($F62,"0"))<=12), FALSE)) ), "OK", "NG"), "-")} -> - | O62: {=IF( $C62 <= IF( INDEX($D$15:$D$26, MATCH(INDEX($B:$B, ROW()-$C62+1), $B$15:$B$26, 0)) = リスト!$O$9, 5, INDEX($D$15:$D$26, MATCH(INDEX($B:$B, ROW()-$C62+1), $B$15:$B$26, 0)) ), IF(AND(ISNUMBER($E62), ISNUMBER($F62)), IF(AND( $E62 >= $F62, IF(INDEX($B:$B, ROW()-$C62+1) = $B$31, $F62 >= 100000, TRUE) ), "OK", "NG"), "-"), "-")} -> - | P62: {=IF( $C62 > IF( INDEX($D$15:$D$26, MATCH(INDEX($B:$B, ROW()-$C62+1), $B$15:$B$26, 0)) = リスト!$O$9, 5, INDEX($D$15:$D$26, MATCH(INDEX($B:$B, ROW()-$C62+1), $B$15:$B$26, 0)) ), IF(AND($D62="", $E62="", $F62="", $H62="", $I62=""), "OK", "NG"), "-")} -> OK
C63: 3 | G63: =IF(ISNUMBER($D$9),ROUNDDOWN(F63*$D$9,0),"-") -> - | L63: {=IF( $C63 <= IF( INDEX($D$15:$D$26, MATCH(INDEX($B:$B, ROW()-$C63+1), $B$15:$B$26, 0)) = リスト!$O$9, 5, INDEX($D$15:$D$26, MATCH(INDEX($B:$B, ROW()-$C63+1), $B$15:$B$26, 0)) ), IF(AND($D63<>"", $E63<>"", $F63<>""), "OK", "NG"), "-")} -> - | M63: {=IF(AND( $C63 <= IF( INDEX($D$15:$D$26, MATCH(INDEX($B:$B, ROW()-$C63+1), $B$15:$B$26, 0)) = リスト!$O$9, 5, INDEX($D$15:$D$26, MATCH(INDEX($B:$B, ROW()-$C63+1), $B$15:$B$26, 0)) ), $F63 > 0 ), IF(AND($H63<>"", $I63<>""), "OK", "NG"), "-")} -> - | N63: {=IF( $C63 <= IF( INDEX($D$15:$D$26, MATCH(INDEX($B:$B, ROW()-$C63+1), $B$15:$B$26, 0)) = リスト!$O$9, 5, INDEX($D$15:$D$26, MATCH(INDEX($B:$B, ROW()-$C63+1), $B$15:$B$26, 0)) ), IF(AND( LEN(SUBSTITUTE(SUBSTITUTE($D63,CHAR(10),""),CHAR(13),""))<=1000, SUMPRODUCT(--ISNUMBER(FIND({"<";">";"&";"""";"'"}, $D63)))=0, LEN(SUBSTITUTE(SUBSTITUTE($H63,CHAR(10),""),CHAR(13),""))<=1000, SUMPRODUCT(--ISNUMBER(FIND({"<";">";"&";"""";"'"}, $H63)))=0, LEN(SUBSTITUTE(SUBSTITUTE($I63,CHAR(10),""),CHAR(13),""))<=300, SUMPRODUCT(--ISNUMBER(FIND({"<";">";"&";"""";"'"}, $I63)))=0, OR($E63="", IF(ISNUMBER($E63), AND($E63=INT($E63), $E63>=0, LEN(TEXT($E63,"0"))<=12), FALSE)), OR($F63="", IF(ISNUMBER($F63), AND($F63=INT($F63), $F63>=0, LEN(TEXT($F63,"0"))<=12), FALSE)) ), "OK", "NG"), "-")} -> - | O63: {=IF( $C63 <= IF( INDEX($D$15:$D$26, MATCH(INDEX($B:$B, ROW()-$C63+1), $B$15:$B$26, 0)) = リスト!$O$9, 5, INDEX($D$15:$D$26, MATCH(INDEX($B:$B, ROW()-$C63+1), $B$15:$B$26, 0)) ), IF(AND(ISNUMBER($E63), ISNUMBER($F63)), IF(AND( $E63 >= $F63, IF(INDEX($B:$B, ROW()-$C63+1) = $B$31, $F63 >= 100000, TRUE) ), "OK", "NG"), "-"), "-")} -> - | P63: {=IF( $C63 > IF( INDEX($D$15:$D$26, MATCH(INDEX($B:$B, ROW()-$C63+1), $B$15:$B$26, 0)) = リスト!$O$9, 5, INDEX($D$15:$D$26, MATCH(INDEX($B:$B, ROW()-$C63+1), $B$15:$B$26, 0)) ), IF(AND($D63="", $E63="", $F63="", $H63="", $I63=""), "OK", "NG"), "-")} -> OK
C64: 4 | G64: =IF(ISNUMBER($D$9),ROUNDDOWN(F64*$D$9,0),"-") -> - | L64: {=IF( $C64 <= IF( INDEX($D$15:$D$26, MATCH(INDEX($B:$B, ROW()-$C64+1), $B$15:$B$26, 0)) = リスト!$O$9, 5, INDEX($D$15:$D$26, MATCH(INDEX($B:$B, ROW()-$C64+1), $B$15:$B$26, 0)) ), IF(AND($D64<>"", $E64<>"", $F64<>""), "OK", "NG"), "-")} -> - | M64: {=IF(AND( $C64 <= IF( INDEX($D$15:$D$26, MATCH(INDEX($B:$B, ROW()-$C64+1), $B$15:$B$26, 0)) = リスト!$O$9, 5, INDEX($D$15:$D$26, MATCH(INDEX($B:$B, ROW()-$C64+1), $B$15:$B$26, 0)) ), $F64 > 0 ), IF(AND($H64<>"", $I64<>""), "OK", "NG"), "-")} -> - | N64: {=IF( $C64 <= IF( INDEX($D$15:$D$26, MATCH(INDEX($B:$B, ROW()-$C64+1), $B$15:$B$26, 0)) = リスト!$O$9, 5, INDEX($D$15:$D$26, MATCH(INDEX($B:$B, ROW()-$C64+1), $B$15:$B$26, 0)) ), IF(AND( LEN(SUBSTITUTE(SUBSTITUTE($D64,CHAR(10),""),CHAR(13),""))<=1000, SUMPRODUCT(--ISNUMBER(FIND({"<";">";"&";"""";"'"}, $D64)))=0, LEN(SUBSTITUTE(SUBSTITUTE($H64,CHAR(10),""),CHAR(13),""))<=1000, SUMPRODUCT(--ISNUMBER(FIND({"<";">";"&";"""";"'"}, $H64)))=0, LEN(SUBSTITUTE(SUBSTITUTE($I64,CHAR(10),""),CHAR(13),""))<=300, SUMPRODUCT(--ISNUMBER(FIND({"<";">";"&";"""";"'"}, $I64)))=0, OR($E64="", IF(ISNUMBER($E64), AND($E64=INT($E64), $E64>=0, LEN(TEXT($E64,"0"))<=12), FALSE)), OR($F64="", IF(ISNUMBER($F64), AND($F64=INT($F64), $F64>=0, LEN(TEXT($F64,"0"))<=12), FALSE)) ), "OK", "NG"), "-")} -> - | O64: {=IF( $C64 <= IF( INDEX($D$15:$D$26, MATCH(INDEX($B:$B, ROW()-$C64+1), $B$15:$B$26, 0)) = リスト!$O$9, 5, INDEX($D$15:$D$26, MATCH(INDEX($B:$B, ROW()-$C64+1), $B$15:$B$26, 0)) ), IF(AND(ISNUMBER($E64), ISNUMBER($F64)), IF(AND( $E64 >= $F64, IF(INDEX($B:$B, ROW()-$C64+1) = $B$31, $F64 >= 100000, TRUE) ), "OK", "NG"), "-"), "-")} -> - | P64: {=IF( $C64 > IF( INDEX($D$15:$D$26, MATCH(INDEX($B:$B, ROW()-$C64+1), $B$15:$B$26, 0)) = リスト!$O$9, 5, INDEX($D$15:$D$26, MATCH(INDEX($B:$B, ROW()-$C64+1), $B$15:$B$26, 0)) ), IF(AND($D64="", $E64="", $F64="", $H64="", $I64=""), "OK", "NG"), "-")} -> OK
C65: 5 | G65: =IF(ISNUMBER($D$9),ROUNDDOWN(F65*$D$9,0),"-") -> - | L65: {=IF( $C65 <= IF( INDEX($D$15:$D$26, MATCH(INDEX($B:$B, ROW()-$C65+1), $B$15:$B$26, 0)) = リスト!$O$9, 5, INDEX($D$15:$D$26, MATCH(INDEX($B:$B, ROW()-$C65+1), $B$15:$B$26, 0)) ), IF(AND($D65<>"", $E65<>"", $F65<>""), "OK", "NG"), "-")} -> - | M65: {=IF(AND( $C65 <= IF( INDEX($D$15:$D$26, MATCH(INDEX($B:$B, ROW()-$C65+1), $B$15:$B$26, 0)) = リスト!$O$9, 5, INDEX($D$15:$D$26, MATCH(INDEX($B:$B, ROW()-$C65+1), $B$15:$B$26, 0)) ), $F65 > 0 ), IF(AND($H65<>"", $I65<>""), "OK", "NG"), "-")} -> - | N65: {=IF( $C65 <= IF( INDEX($D$15:$D$26, MATCH(INDEX($B:$B, ROW()-$C65+1), $B$15:$B$26, 0)) = リスト!$O$9, 5, INDEX($D$15:$D$26, MATCH(INDEX($B:$B, ROW()-$C65+1), $B$15:$B$26, 0)) ), IF(AND( LEN(SUBSTITUTE(SUBSTITUTE($D65,CHAR(10),""),CHAR(13),""))<=1000, SUMPRODUCT(--ISNUMBER(FIND({"<";">";"&";"""";"'"}, $D65)))=0, LEN(SUBSTITUTE(SUBSTITUTE($H65,CHAR(10),""),CHAR(13),""))<=1000, SUMPRODUCT(--ISNUMBER(FIND({"<";">";"&";"""";"'"}, $H65)))=0, LEN(SUBSTITUTE(SUBSTITUTE($I65,CHAR(10),""),CHAR(13),""))<=300, SUMPRODUCT(--ISNUMBER(FIND({"<";">";"&";"""";"'"}, $I65)))=0, OR($E65="", IF(ISNUMBER($E65), AND($E65=INT($E65), $E65>=0, LEN(TEXT($E65,"0"))<=12), FALSE)), OR($F65="", IF(ISNUMBER($F65), AND($F65=INT($F65), $F65>=0, LEN(TEXT($F65,"0"))<=12), FALSE)) ), "OK", "NG"), "-")} -> - | O65: {=IF( $C65 <= IF( INDEX($D$15:$D$26, MATCH(INDEX($B:$B, ROW()-$C65+1), $B$15:$B$26, 0)) = リスト!$O$9, 5, INDEX($D$15:$D$26, MATCH(INDEX($B:$B, ROW()-$C65+1), $B$15:$B$26, 0)) ), IF(AND(ISNUMBER($E65), ISNUMBER($F65)), IF(AND( $E65 >= $F65, IF(INDEX($B:$B, ROW()-$C65+1) = $B$31, $F65 >= 100000, TRUE) ), "OK", "NG"), "-"), "-")} -> - | P65: {=IF( $C65 > IF( INDEX($D$15:$D$26, MATCH(INDEX($B:$B, ROW()-$C65+1), $B$15:$B$26, 0)) = リスト!$O$9, 5, INDEX($D$15:$D$26, MATCH(INDEX($B:$B, ROW()-$C65+1), $B$15:$B$26, 0)) ), IF(AND($D65="", $E65="", $F65="", $H65="", $I65=""), "OK", "NG"), "-")} -> OK
B66: クラウドサービス利用費 | C66: 1 | G66: =IF(ISNUMBER($D$9),ROUNDDOWN(F66*$D$9,0),"-") -> - | L66: {=IF( $C66 <= IF( INDEX($D$15:$D$26, MATCH(INDEX($B:$B, ROW()-$C66+1), $B$15:$B$26, 0)) = リスト!$O$9, 5, INDEX($D$15:$D$26, MATCH(INDEX($B:$B, ROW()-$C66+1), $B$15:$B$26, 0)) ), IF(AND($D66<>"", $E66<>"", $F66<>""), "OK", "NG"), "-")} -> - | M66: {=IF(AND( $C66 <= IF( INDEX($D$15:$D$26, MATCH(INDEX($B:$B, ROW()-$C66+1), $B$15:$B$26, 0)) = リスト!$O$9, 5, INDEX($D$15:$D$26, MATCH(INDEX($B:$B, ROW()-$C66+1), $B$15:$B$26, 0)) ), $F66 > 0 ), IF(AND($H66<>"", $I66<>""), "OK", "NG"), "-")} -> - | N66: {=IF( $C66 <= IF( INDEX($D$15:$D$26, MATCH(INDEX($B:$B, ROW()-$C66+1), $B$15:$B$26, 0)) = リスト!$O$9, 5, INDEX($D$15:$D$26, MATCH(INDEX($B:$B, ROW()-$C66+1), $B$15:$B$26, 0)) ), IF(AND( LEN(SUBSTITUTE(SUBSTITUTE($D66,CHAR(10),""),CHAR(13),""))<=1000, SUMPRODUCT(--ISNUMBER(FIND({"<";">";"&";"""";"'"}, $D66)))=0, LEN(SUBSTITUTE(SUBSTITUTE($H66,CHAR(10),""),CHAR(13),""))<=1000, SUMPRODUCT(--ISNUMBER(FIND({"<";">";"&";"""";"'"}, $H66)))=0, LEN(SUBSTITUTE(SUBSTITUTE($I66,CHAR(10),""),CHAR(13),""))<=300, SUMPRODUCT(--ISNUMBER(FIND({"<";">";"&";"""";"'"}, $I66)))=0, OR($E66="", IF(ISNUMBER($E66), AND($E66=INT($E66), $E66>=0, LEN(TEXT($E66,"0"))<=12), FALSE)), OR($F66="", IF(ISNUMBER($F66), AND($F66=INT($F66), $F66>=0, LEN(TEXT($F66,"0"))<=12), FALSE)) ), "OK", "NG"), "-")} -> - | O66: {=IF( $C66 <= IF( INDEX($D$15:$D$26, MATCH(INDEX($B:$B, ROW()-$C66+1), $B$15:$B$26, 0)) = リスト!$O$9, 5, INDEX($D$15:$D$26, MATCH(INDEX($B:$B, ROW()-$C66+1), $B$15:$B$26, 0)) ), IF(AND(ISNUMBER($E66), ISNUMBER($F66)), IF(AND( $E66 >= $F66, IF(INDEX($B:$B, ROW()-$C66+1) = $B$31, $F66 >= 100000, TRUE) ), "OK", "NG"), "-"), "-")} -> - | P66: {=IF( $C66 > IF( INDEX($D$15:$D$26, MATCH(INDEX($B:$B, ROW()-$C66+1), $B$15:$B$26, 0)) = リスト!$O$9, 5, INDEX($D$15:$D$26, MATCH(INDEX($B:$B, ROW()-$C66+1), $B$15:$B$26, 0)) ), IF(AND($D66="", $E66="", $F66="", $H66="", $I66=""), "OK", "NG"), "-")} -> OK
C67: 2 | G67: =IF(ISNUMBER($D$9),ROUNDDOWN(F67*$D$9,0),"-") -> - | L67: {=IF( $C67 <= IF( INDEX($D$15:$D$26, MATCH(INDEX($B:$B, ROW()-$C67+1), $B$15:$B$26, 0)) = リスト!$O$9, 5, INDEX($D$15:$D$26, MATCH(INDEX($B:$B, ROW()-$C67+1), $B$15:$B$26, 0)) ), IF(AND($D67<>"", $E67<>"", $F67<>""), "OK", "NG"), "-")} -> - | M67: {=IF(AND( $C67 <= IF( INDEX($D$15:$D$26, MATCH(INDEX($B:$B, ROW()-$C67+1), $B$15:$B$26, 0)) = リスト!$O$9, 5, INDEX($D$15:$D$26, MATCH(INDEX($B:$B, ROW()-$C67+1), $B$15:$B$26, 0)) ), $F67 > 0 ), IF(AND($H67<>"", $I67<>""), "OK", "NG"), "-")} -> - | N67: {=IF( $C67 <= IF( INDEX($D$15:$D$26, MATCH(INDEX($B:$B, ROW()-$C67+1), $B$15:$B$26, 0)) = リスト!$O$9, 5, INDEX($D$15:$D$26, MATCH(INDEX($B:$B, ROW()-$C67+1), $B$15:$B$26, 0)) ), IF(AND( LEN(SUBSTITUTE(SUBSTITUTE($D67,CHAR(10),""),CHAR(13),""))<=1000, SUMPRODUCT(--ISNUMBER(FIND({"<";">";"&";"""";"'"}, $D67)))=0, LEN(SUBSTITUTE(SUBSTITUTE($H67,CHAR(10),""),CHAR(13),""))<=1000, SUMPRODUCT(--ISNUMBER(FIND({"<";">";"&";"""";"'"}, $H67)))=0, LEN(SUBSTITUTE(SUBSTITUTE($I67,CHAR(10),""),CHAR(13),""))<=300, SUMPRODUCT(--ISNUMBER(FIND({"<";">";"&";"""";"'"}, $I67)))=0, OR($E67="", IF(ISNUMBER($E67), AND($E67=INT($E67), $E67>=0, LEN(TEXT($E67,"0"))<=12), FALSE)), OR($F67="", IF(ISNUMBER($F67), AND($F67=INT($F67), $F67>=0, LEN(TEXT($F67,"0"))<=12), FALSE)) ), "OK", "NG"), "-")} -> - | O67: {=IF( $C67 <= IF( INDEX($D$15:$D$26, MATCH(INDEX($B:$B, ROW()-$C67+1), $B$15:$B$26, 0)) = リスト!$O$9, 5, INDEX($D$15:$D$26, MATCH(INDEX($B:$B, ROW()-$C67+1), $B$15:$B$26, 0)) ), IF(AND(ISNUMBER($E67), ISNUMBER($F67)), IF(AND( $E67 >= $F67, IF(INDEX($B:$B, ROW()-$C67+1) = $B$31, $F67 >= 100000, TRUE) ), "OK", "NG"), "-"), "-")} -> - | P67: {=IF( $C67 > IF( INDEX($D$15:$D$26, MATCH(INDEX($B:$B, ROW()-$C67+1), $B$15:$B$26, 0)) = リスト!$O$9, 5, INDEX($D$15:$D$26, MATCH(INDEX($B:$B, ROW()-$C67+1), $B$15:$B$26, 0)) ), IF(AND($D67="", $E67="", $F67="", $H67="", $I67=""), "OK", "NG"), "-")} -> OK
C68: 3 | G68: =IF(ISNUMBER($D$9),ROUNDDOWN(F68*$D$9,0),"-") -> - | L68: {=IF( $C68 <= IF( INDEX($D$15:$D$26, MATCH(INDEX($B:$B, ROW()-$C68+1), $B$15:$B$26, 0)) = リスト!$O$9, 5, INDEX($D$15:$D$26, MATCH(INDEX($B:$B, ROW()-$C68+1), $B$15:$B$26, 0)) ), IF(AND($D68<>"", $E68<>"", $F68<>""), "OK", "NG"), "-")} -> - | M68: {=IF(AND( $C68 <= IF( INDEX($D$15:$D$26, MATCH(INDEX($B:$B, ROW()-$C68+1), $B$15:$B$26, 0)) = リスト!$O$9, 5, INDEX($D$15:$D$26, MATCH(INDEX($B:$B, ROW()-$C68+1), $B$15:$B$26, 0)) ), $F68 > 0 ), IF(AND($H68<>"", $I68<>""), "OK", "NG"), "-")} -> - | N68: {=IF( $C68 <= IF( INDEX($D$15:$D$26, MATCH(INDEX($B:$B, ROW()-$C68+1), $B$15:$B$26, 0)) = リスト!$O$9, 5, INDEX($D$15:$D$26, MATCH(INDEX($B:$B, ROW()-$C68+1), $B$15:$B$26, 0)) ), IF(AND( LEN(SUBSTITUTE(SUBSTITUTE($D68,CHAR(10),""),CHAR(13),""))<=1000, SUMPRODUCT(--ISNUMBER(FIND({"<";">";"&";"""";"'"}, $D68)))=0, LEN(SUBSTITUTE(SUBSTITUTE($H68,CHAR(10),""),CHAR(13),""))<=1000, SUMPRODUCT(--ISNUMBER(FIND({"<";">";"&";"""";"'"}, $H68)))=0, LEN(SUBSTITUTE(SUBSTITUTE($I68,CHAR(10),""),CHAR(13),""))<=300, SUMPRODUCT(--ISNUMBER(FIND({"<";">";"&";"""";"'"}, $I68)))=0, OR($E68="", IF(ISNUMBER($E68), AND($E68=INT($E68), $E68>=0, LEN(TEXT($E68,"0"))<=12), FALSE)), OR($F68="", IF(ISNUMBER($F68), AND($F68=INT($F68), $F68>=0, LEN(TEXT($F68,"0"))<=12), FALSE)) ), "OK", "NG"), "-")} -> - | O68: {=IF( $C68 <= IF( INDEX($D$15:$D$26, MATCH(INDEX($B:$B, ROW()-$C68+1), $B$15:$B$26, 0)) = リスト!$O$9, 5, INDEX($D$15:$D$26, MATCH(INDEX($B:$B, ROW()-$C68+1), $B$15:$B$26, 0)) ), IF(AND(ISNUMBER($E68), ISNUMBER($F68)), IF(AND( $E68 >= $F68, IF(INDEX($B:$B, ROW()-$C68+1) = $B$31, $F68 >= 100000, TRUE) ), "OK", "NG"), "-"), "-")} -> - | P68: {=IF( $C68 > IF( INDEX($D$15:$D$26, MATCH(INDEX($B:$B, ROW()-$C68+1), $B$15:$B$26, 0)) = リスト!$O$9, 5, INDEX($D$15:$D$26, MATCH(INDEX($B:$B, ROW()-$C68+1), $B$15:$B$26, 0)) ), IF(AND($D68="", $E68="", $F68="", $H68="", $I68=""), "OK", "NG"), "-")} -> OK
C69: 4 | G69: =IF(ISNUMBER($D$9),ROUNDDOWN(F69*$D$9,0),"-") -> - | L69: {=IF( $C69 <= IF( INDEX($D$15:$D$26, MATCH(INDEX($B:$B, ROW()-$C69+1), $B$15:$B$26, 0)) = リスト!$O$9, 5, INDEX($D$15:$D$26, MATCH(INDEX($B:$B, ROW()-$C69+1), $B$15:$B$26, 0)) ), IF(AND($D69<>"", $E69<>"", $F69<>""), "OK", "NG"), "-")} -> - | M69: {=IF(AND( $C69 <= IF( INDEX($D$15:$D$26, MATCH(INDEX($B:$B, ROW()-$C69+1), $B$15:$B$26, 0)) = リスト!$O$9, 5, INDEX($D$15:$D$26, MATCH(INDEX($B:$B, ROW()-$C69+1), $B$15:$B$26, 0)) ), $F69 > 0 ), IF(AND($H69<>"", $I69<>""), "OK", "NG"), "-")} -> - | N69: {=IF( $C69 <= IF( INDEX($D$15:$D$26, MATCH(INDEX($B:$B, ROW()-$C69+1), $B$15:$B$26, 0)) = リスト!$O$9, 5, INDEX($D$15:$D$26, MATCH(INDEX($B:$B, ROW()-$C69+1), $B$15:$B$26, 0)) ), IF(AND( LEN(SUBSTITUTE(SUBSTITUTE($D69,CHAR(10),""),CHAR(13),""))<=1000, SUMPRODUCT(--ISNUMBER(FIND({"<";">";"&";"""";"'"}, $D69)))=0, LEN(SUBSTITUTE(SUBSTITUTE($H69,CHAR(10),""),CHAR(13),""))<=1000, SUMPRODUCT(--ISNUMBER(FIND({"<";">";"&";"""";"'"}, $H69)))=0, LEN(SUBSTITUTE(SUBSTITUTE($I69,CHAR(10),""),CHAR(13),""))<=300, SUMPRODUCT(--ISNUMBER(FIND({"<";">";"&";"""";"'"}, $I69)))=0, OR($E69="", IF(ISNUMBER($E69), AND($E69=INT($E69), $E69>=0, LEN(TEXT($E69,"0"))<=12), FALSE)), OR($F69="", IF(ISNUMBER($F69), AND($F69=INT($F69), $F69>=0, LEN(TEXT($F69,"0"))<=12), FALSE)) ), "OK", "NG"), "-")} -> - | O69: {=IF( $C69 <= IF( INDEX($D$15:$D$26, MATCH(INDEX($B:$B, ROW()-$C69+1), $B$15:$B$26, 0)) = リスト!$O$9, 5, INDEX($D$15:$D$26, MATCH(INDEX($B:$B, ROW()-$C69+1), $B$15:$B$26, 0)) ), IF(AND(ISNUMBER($E69), ISNUMBER($F69)), IF(AND( $E69 >= $F69, IF(INDEX($B:$B, ROW()-$C69+1) = $B$31, $F69 >= 100000, TRUE) ), "OK", "NG"), "-"), "-")} -> - | P69: {=IF( $C69 > IF( INDEX($D$15:$D$26, MATCH(INDEX($B:$B, ROW()-$C69+1), $B$15:$B$26, 0)) = リスト!$O$9, 5, INDEX($D$15:$D$26, MATCH(INDEX($B:$B, ROW()-$C69+1), $B$15:$B$26, 0)) ), IF(AND($D69="", $E69="", $F69="", $H69="", $I69=""), "OK", "NG"), "-")} -> OK
C70: 5 | G70: =IF(ISNUMBER($D$9),ROUNDDOWN(F70*$D$9,0),"-") -> - | L70: {=IF( $C70 <= IF( INDEX($D$15:$D$26, MATCH(INDEX($B:$B, ROW()-$C70+1), $B$15:$B$26, 0)) = リスト!$O$9, 5, INDEX($D$15:$D$26, MATCH(INDEX($B:$B, ROW()-$C70+1), $B$15:$B$26, 0)) ), IF(AND($D70<>"", $E70<>"", $F70<>""), "OK", "NG"), "-")} -> - | M70: {=IF(AND( $C70 <= IF( INDEX($D$15:$D$26, MATCH(INDEX($B:$B, ROW()-$C70+1), $B$15:$B$26, 0)) = リスト!$O$9, 5, INDEX($D$15:$D$26, MATCH(INDEX($B:$B, ROW()-$C70+1), $B$15:$B$26, 0)) ), $F70 > 0 ), IF(AND($H70<>"", $I70<>""), "OK", "NG"), "-")} -> - | N70: {=IF( $C70 <= IF( INDEX($D$15:$D$26, MATCH(INDEX($B:$B, ROW()-$C70+1), $B$15:$B$26, 0)) = リスト!$O$9, 5, INDEX($D$15:$D$26, MATCH(INDEX($B:$B, ROW()-$C70+1), $B$15:$B$26, 0)) ), IF(AND( LEN(SUBSTITUTE(SUBSTITUTE($D70,CHAR(10),""),CHAR(13),""))<=1000, SUMPRODUCT(--ISNUMBER(FIND({"<";">";"&";"""";"'"}, $D70)))=0, LEN(SUBSTITUTE(SUBSTITUTE($H70,CHAR(10),""),CHAR(13),""))<=1000, SUMPRODUCT(--ISNUMBER(FIND({"<";">";"&";"""";"'"}, $H70)))=0, LEN(SUBSTITUTE(SUBSTITUTE($I70,CHAR(10),""),CHAR(13),""))<=300, SUMPRODUCT(--ISNUMBER(FIND({"<";">";"&";"""";"'"}, $I70)))=0, OR($E70="", IF(ISNUMBER($E70), AND($E70=INT($E70), $E70>=0, LEN(TEXT($E70,"0"))<=12), FALSE)), OR($F70="", IF(ISNUMBER($F70), AND($F70=INT($F70), $F70>=0, LEN(TEXT($F70,"0"))<=12), FALSE)) ), "OK", "NG"), "-")} -> - | O70: {=IF( $C70 <= IF( INDEX($D$15:$D$26, MATCH(INDEX($B:$B, ROW()-$C70+1), $B$15:$B$26, 0)) = リスト!$O$9, 5, INDEX($D$15:$D$26, MATCH(INDEX($B:$B, ROW()-$C70+1), $B$15:$B$26, 0)) ), IF(AND(ISNUMBER($E70), ISNUMBER($F70)), IF(AND( $E70 >= $F70, IF(INDEX($B:$B, ROW()-$C70+1) = $B$31, $F70 >= 100000, TRUE) ), "OK", "NG"), "-"), "-")} -> - | P70: {=IF( $C70 > IF( INDEX($D$15:$D$26, MATCH(INDEX($B:$B, ROW()-$C70+1), $B$15:$B$26, 0)) = リスト!$O$9, 5, INDEX($D$15:$D$26, MATCH(INDEX($B:$B, ROW()-$C70+1), $B$15:$B$26, 0)) ), IF(AND($D70="", $E70="", $F70="", $H70="", $I70=""), "OK", "NG"), "-")} -> OK
B71: 原材料費 | C71: 1 | G71: =IF(ISNUMBER($D$9),ROUNDDOWN(F71*$D$9,0),"-") -> - | L71: {=IF( $C71 <= IF( INDEX($D$15:$D$26, MATCH(INDEX($B:$B, ROW()-$C71+1), $B$15:$B$26, 0)) = リスト!$O$9, 5, INDEX($D$15:$D$26, MATCH(INDEX($B:$B, ROW()-$C71+1), $B$15:$B$26, 0)) ), IF(AND($D71<>"", $E71<>"", $F71<>""), "OK", "NG"), "-")} -> - | M71: {=IF(AND( $C71 <= IF( INDEX($D$15:$D$26, MATCH(INDEX($B:$B, ROW()-$C71+1), $B$15:$B$26, 0)) = リスト!$O$9, 5, INDEX($D$15:$D$26, MATCH(INDEX($B:$B, ROW()-$C71+1), $B$15:$B$26, 0)) ), $F71 > 0 ), IF(AND($H71<>"", $I71<>""), "OK", "NG"), "-")} -> - | N71: {=IF( $C71 <= IF( INDEX($D$15:$D$26, MATCH(INDEX($B:$B, ROW()-$C71+1), $B$15:$B$26, 0)) = リスト!$O$9, 5, INDEX($D$15:$D$26, MATCH(INDEX($B:$B, ROW()-$C71+1), $B$15:$B$26, 0)) ), IF(AND( LEN(SUBSTITUTE(SUBSTITUTE($D71,CHAR(10),""),CHAR(13),""))<=1000, SUMPRODUCT(--ISNUMBER(FIND({"<";">";"&";"""";"'"}, $D71)))=0, LEN(SUBSTITUTE(SUBSTITUTE($H71,CHAR(10),""),CHAR(13),""))<=1000, SUMPRODUCT(--ISNUMBER(FIND({"<";">";"&";"""";"'"}, $H71)))=0, LEN(SUBSTITUTE(SUBSTITUTE($I71,CHAR(10),""),CHAR(13),""))<=300, SUMPRODUCT(--ISNUMBER(FIND({"<";">";"&";"""";"'"}, $I71)))=0, OR($E71="", IF(ISNUMBER($E71), AND($E71=INT($E71), $E71>=0, LEN(TEXT($E71,"0"))<=12), FALSE)), OR($F71="", IF(ISNUMBER($F71), AND($F71=INT($F71), $F71>=0, LEN(TEXT($F71,"0"))<=12), FALSE)) ), "OK", "NG"), "-")} -> - | O71: {=IF( $C71 <= IF( INDEX($D$15:$D$26, MATCH(INDEX($B:$B, ROW()-$C71+1), $B$15:$B$26, 0)) = リスト!$O$9, 5, INDEX($D$15:$D$26, MATCH(INDEX($B:$B, ROW()-$C71+1), $B$15:$B$26, 0)) ), IF(AND(ISNUMBER($E71), ISNUMBER($F71)), IF(AND( $E71 >= $F71, IF(INDEX($B:$B, ROW()-$C71+1) = $B$31, $F71 >= 100000, TRUE) ), "OK", "NG"), "-"), "-")} -> - | P71: {=IF( $C71 > IF( INDEX($D$15:$D$26, MATCH(INDEX($B:$B, ROW()-$C71+1), $B$15:$B$26, 0)) = リスト!$O$9, 5, INDEX($D$15:$D$26, MATCH(INDEX($B:$B, ROW()-$C71+1), $B$15:$B$26, 0)) ), IF(AND($D71="", $E71="", $F71="", $H71="", $I71=""), "OK", "NG"), "-")} -> OK
C72: 2 | G72: =IF(ISNUMBER($D$9),ROUNDDOWN(F72*$D$9,0),"-") -> - | L72: {=IF( $C72 <= IF( INDEX($D$15:$D$26, MATCH(INDEX($B:$B, ROW()-$C72+1), $B$15:$B$26, 0)) = リスト!$O$9, 5, INDEX($D$15:$D$26, MATCH(INDEX($B:$B, ROW()-$C72+1), $B$15:$B$26, 0)) ), IF(AND($D72<>"", $E72<>"", $F72<>""), "OK", "NG"), "-")} -> - | M72: {=IF(AND( $C72 <= IF( INDEX($D$15:$D$26, MATCH(INDEX($B:$B, ROW()-$C72+1), $B$15:$B$26, 0)) = リスト!$O$9, 5, INDEX($D$15:$D$26, MATCH(INDEX($B:$B, ROW()-$C72+1), $B$15:$B$26, 0)) ), $F72 > 0 ), IF(AND($H72<>"", $I72<>""), "OK", "NG"), "-")} -> - | N72: {=IF( $C72 <= IF( INDEX($D$15:$D$26, MATCH(INDEX($B:$B, ROW()-$C72+1), $B$15:$B$26, 0)) = リスト!$O$9, 5, INDEX($D$15:$D$26, MATCH(INDEX($B:$B, ROW()-$C72+1), $B$15:$B$26, 0)) ), IF(AND( LEN(SUBSTITUTE(SUBSTITUTE($D72,CHAR(10),""),CHAR(13),""))<=1000, SUMPRODUCT(--ISNUMBER(FIND({"<";">";"&";"""";"'"}, $D72)))=0, LEN(SUBSTITUTE(SUBSTITUTE($H72,CHAR(10),""),CHAR(13),""))<=1000, SUMPRODUCT(--ISNUMBER(FIND({"<";">";"&";"""";"'"}, $H72)))=0, LEN(SUBSTITUTE(SUBSTITUTE($I72,CHAR(10),""),CHAR(13),""))<=300, SUMPRODUCT(--ISNUMBER(FIND({"<";">";"&";"""";"'"}, $I72)))=0, OR($E72="", IF(ISNUMBER($E72), AND($E72=INT($E72), $E72>=0, LEN(TEXT($E72,"0"))<=12), FALSE)), OR($F72="", IF(ISNUMBER($F72), AND($F72=INT($F72), $F72>=0, LEN(TEXT($F72,"0"))<=12), FALSE)) ), "OK", "NG"), "-")} -> - | O72: {=IF( $C72 <= IF( INDEX($D$15:$D$26, MATCH(INDEX($B:$B, ROW()-$C72+1), $B$15:$B$26, 0)) = リスト!$O$9, 5, INDEX($D$15:$D$26, MATCH(INDEX($B:$B, ROW()-$C72+1), $B$15:$B$26, 0)) ), IF(AND(ISNUMBER($E72), ISNUMBER($F72)), IF(AND( $E72 >= $F72, IF(INDEX($B:$B, ROW()-$C72+1) = $B$31, $F72 >= 100000, TRUE) ), "OK", "NG"), "-"), "-")} -> - | P72: {=IF( $C72 > IF( INDEX($D$15:$D$26, MATCH(INDEX($B:$B, ROW()-$C72+1), $B$15:$B$26, 0)) = リスト!$O$9, 5, INDEX($D$15:$D$26, MATCH(INDEX($B:$B, ROW()-$C72+1), $B$15:$B$26, 0)) ), IF(AND($D72="", $E72="", $F72="", $H72="", $I72=""), "OK", "NG"), "-")} -> OK
C73: 3 | G73: =IF(ISNUMBER($D$9),ROUNDDOWN(F73*$D$9,0),"-") -> - | L73: {=IF( $C73 <= IF( INDEX($D$15:$D$26, MATCH(INDEX($B:$B, ROW()-$C73+1), $B$15:$B$26, 0)) = リスト!$O$9, 5, INDEX($D$15:$D$26, MATCH(INDEX($B:$B, ROW()-$C73+1), $B$15:$B$26, 0)) ), IF(AND($D73<>"", $E73<>"", $F73<>""), "OK", "NG"), "-")} -> - | M73: {=IF(AND( $C73 <= IF( INDEX($D$15:$D$26, MATCH(INDEX($B:$B, ROW()-$C73+1), $B$15:$B$26, 0)) = リスト!$O$9, 5, INDEX($D$15:$D$26, MATCH(INDEX($B:$B, ROW()-$C73+1), $B$15:$B$26, 0)) ), $F73 > 0 ), IF(AND($H73<>"", $I73<>""), "OK", "NG"), "-")} -> - | N73: {=IF( $C73 <= IF( INDEX($D$15:$D$26, MATCH(INDEX($B:$B, ROW()-$C73+1), $B$15:$B$26, 0)) = リスト!$O$9, 5, INDEX($D$15:$D$26, MATCH(INDEX($B:$B, ROW()-$C73+1), $B$15:$B$26, 0)) ), IF(AND( LEN(SUBSTITUTE(SUBSTITUTE($D73,CHAR(10),""),CHAR(13),""))<=1000, SUMPRODUCT(--ISNUMBER(FIND({"<";">";"&";"""";"'"}, $D73)))=0, LEN(SUBSTITUTE(SUBSTITUTE($H73,CHAR(10),""),CHAR(13),""))<=1000, SUMPRODUCT(--ISNUMBER(FIND({"<";">";"&";"""";"'"}, $H73)))=0, LEN(SUBSTITUTE(SUBSTITUTE($I73,CHAR(10),""),CHAR(13),""))<=300, SUMPRODUCT(--ISNUMBER(FIND({"<";">";"&";"""";"'"}, $I73)))=0, OR($E73="", IF(ISNUMBER($E73), AND($E73=INT($E73), $E73>=0, LEN(TEXT($E73,"0"))<=12), FALSE)), OR($F73="", IF(ISNUMBER($F73), AND($F73=INT($F73), $F73>=0, LEN(TEXT($F73,"0"))<=12), FALSE)) ), "OK", "NG"), "-")} -> - | O73: {=IF( $C73 <= IF( INDEX($D$15:$D$26, MATCH(INDEX($B:$B, ROW()-$C73+1), $B$15:$B$26, 0)) = リスト!$O$9, 5, INDEX($D$15:$D$26, MATCH(INDEX($B:$B, ROW()-$C73+1), $B$15:$B$26, 0)) ), IF(AND(ISNUMBER($E73), ISNUMBER($F73)), IF(AND( $E73 >= $F73, IF(INDEX($B:$B, ROW()-$C73+1) = $B$31, $F73 >= 100000, TRUE) ), "OK", "NG"), "-"), "-")} -> - | P73: {=IF( $C73 > IF( INDEX($D$15:$D$26, MATCH(INDEX($B:$B, ROW()-$C73+1), $B$15:$B$26, 0)) = リスト!$O$9, 5, INDEX($D$15:$D$26, MATCH(INDEX($B:$B, ROW()-$C73+1), $B$15:$B$26, 0)) ), IF(AND($D73="", $E73="", $F73="", $H73="", $I73=""), "OK", "NG"), "-")} -> OK
C74: 4 | G74: =IF(ISNUMBER($D$9),ROUNDDOWN(F74*$D$9,0),"-") -> - | L74: {=IF( $C74 <= IF( INDEX($D$15:$D$26, MATCH(INDEX($B:$B, ROW()-$C74+1), $B$15:$B$26, 0)) = リスト!$O$9, 5, INDEX($D$15:$D$26, MATCH(INDEX($B:$B, ROW()-$C74+1), $B$15:$B$26, 0)) ), IF(AND($D74<>"", $E74<>"", $F74<>""), "OK", "NG"), "-")} -> - | M74: {=IF(AND( $C74 <= IF( INDEX($D$15:$D$26, MATCH(INDEX($B:$B, ROW()-$C74+1), $B$15:$B$26, 0)) = リスト!$O$9, 5, INDEX($D$15:$D$26, MATCH(INDEX($B:$B, ROW()-$C74+1), $B$15:$B$26, 0)) ), $F74 > 0 ), IF(AND($H74<>"", $I74<>""), "OK", "NG"), "-")} -> - | N74: {=IF( $C74 <= IF( INDEX($D$15:$D$26, MATCH(INDEX($B:$B, ROW()-$C74+1), $B$15:$B$26, 0)) = リスト!$O$9, 5, INDEX($D$15:$D$26, MATCH(INDEX($B:$B, ROW()-$C74+1), $B$15:$B$26, 0)) ), IF(AND( LEN(SUBSTITUTE(SUBSTITUTE($D74,CHAR(10),""),CHAR(13),""))<=1000, SUMPRODUCT(--ISNUMBER(FIND({"<";">";"&";"""";"'"}, $D74)))=0, LEN(SUBSTITUTE(SUBSTITUTE($H74,CHAR(10),""),CHAR(13),""))<=1000, SUMPRODUCT(--ISNUMBER(FIND({"<";">";"&";"""";"'"}, $H74)))=0, LEN(SUBSTITUTE(SUBSTITUTE($I74,CHAR(10),""),CHAR(13),""))<=300, SUMPRODUCT(--ISNUMBER(FIND({"<";">";"&";"""";"'"}, $I74)))=0, OR($E74="", IF(ISNUMBER($E74), AND($E74=INT($E74), $E74>=0, LEN(TEXT($E74,"0"))<=12), FALSE)), OR($F74="", IF(ISNUMBER($F74), AND($F74=INT($F74), $F74>=0, LEN(TEXT($F74,"0"))<=12), FALSE)) ), "OK", "NG"), "-")} -> - | O74: {=IF( $C74 <= IF( INDEX($D$15:$D$26, MATCH(INDEX($B:$B, ROW()-$C74+1), $B$15:$B$26, 0)) = リスト!$O$9, 5, INDEX($D$15:$D$26, MATCH(INDEX($B:$B, ROW()-$C74+1), $B$15:$B$26, 0)) ), IF(AND(ISNUMBER($E74), ISNUMBER($F74)), IF(AND( $E74 >= $F74, IF(INDEX($B:$B, ROW()-$C74+1) = $B$31, $F74 >= 100000, TRUE) ), "OK", "NG"), "-"), "-")} -> - | P74: {=IF( $C74 > IF( INDEX($D$15:$D$26, MATCH(INDEX($B:$B, ROW()-$C74+1), $B$15:$B$26, 0)) = リスト!$O$9, 5, INDEX($D$15:$D$26, MATCH(INDEX($B:$B, ROW()-$C74+1), $B$15:$B$26, 0)) ), IF(AND($D74="", $E74="", $F74="", $H74="", $I74=""), "OK", "NG"), "-")} -> OK
C75: 5 | G75: =IF(ISNUMBER($D$9),ROUNDDOWN(F75*$D$9,0),"-") -> - | L75: {=IF( $C75 <= IF( INDEX($D$15:$D$26, MATCH(INDEX($B:$B, ROW()-$C75+1), $B$15:$B$26, 0)) = リスト!$O$9, 5, INDEX($D$15:$D$26, MATCH(INDEX($B:$B, ROW()-$C75+1), $B$15:$B$26, 0)) ), IF(AND($D75<>"", $E75<>"", $F75<>""), "OK", "NG"), "-")} -> - | M75: {=IF(AND( $C75 <= IF( INDEX($D$15:$D$26, MATCH(INDEX($B:$B, ROW()-$C75+1), $B$15:$B$26, 0)) = リスト!$O$9, 5, INDEX($D$15:$D$26, MATCH(INDEX($B:$B, ROW()-$C75+1), $B$15:$B$26, 0)) ), $F75 > 0 ), IF(AND($H75<>"", $I75<>""), "OK", "NG"), "-")} -> - | N75: {=IF( $C75 <= IF( INDEX($D$15:$D$26, MATCH(INDEX($B:$B, ROW()-$C75+1), $B$15:$B$26, 0)) = リスト!$O$9, 5, INDEX($D$15:$D$26, MATCH(INDEX($B:$B, ROW()-$C75+1), $B$15:$B$26, 0)) ), IF(AND( LEN(SUBSTITUTE(SUBSTITUTE($D75,CHAR(10),""),CHAR(13),""))<=1000, SUMPRODUCT(--ISNUMBER(FIND({"<";">";"&";"""";"'"}, $D75)))=0, LEN(SUBSTITUTE(SUBSTITUTE($H75,CHAR(10),""),CHAR(13),""))<=1000, SUMPRODUCT(--ISNUMBER(FIND({"<";">";"&";"""";"'"}, $H75)))=0, LEN(SUBSTITUTE(SUBSTITUTE($I75,CHAR(10),""),CHAR(13),""))<=300, SUMPRODUCT(--ISNUMBER(FIND({"<";">";"&";"""";"'"}, $I75)))=0, OR($E75="", IF(ISNUMBER($E75), AND($E75=INT($E75), $E75>=0, LEN(TEXT($E75,"0"))<=12), FALSE)), OR($F75="", IF(ISNUMBER($F75), AND($F75=INT($F75), $F75>=0, LEN(TEXT($F75,"0"))<=12), FALSE)) ), "OK", "NG"), "-")} -> - | O75: {=IF( $C75 <= IF( INDEX($D$15:$D$26, MATCH(INDEX($B:$B, ROW()-$C75+1), $B$15:$B$26, 0)) = リスト!$O$9, 5, INDEX($D$15:$D$26, MATCH(INDEX($B:$B, ROW()-$C75+1), $B$15:$B$26, 0)) ), IF(AND(ISNUMBER($E75), ISNUMBER($F75)), IF(AND( $E75 >= $F75, IF(INDEX($B:$B, ROW()-$C75+1) = $B$31, $F75 >= 100000, TRUE) ), "OK", "NG"), "-"), "-")} -> - | P75: {=IF( $C75 > IF( INDEX($D$15:$D$26, MATCH(INDEX($B:$B, ROW()-$C75+1), $B$15:$B$26, 0)) = リスト!$O$9, 5, INDEX($D$15:$D$26, MATCH(INDEX($B:$B, ROW()-$C75+1), $B$15:$B$26, 0)) ), IF(AND($D75="", $E75="", $F75="", $H75="", $I75=""), "OK", "NG"), "-")} -> OK
B76: 広告宣伝・販売促進費 | C76: 1 | G76: =IF(ISNUMBER($D$9),ROUNDDOWN(F76*$D$9,0),"-") -> - | L76: {=IF( $C76 <= IF( INDEX($D$15:$D$26, MATCH(INDEX($B:$B, ROW()-$C76+1), $B$15:$B$26, 0)) = リスト!$O$9, 5, INDEX($D$15:$D$26, MATCH(INDEX($B:$B, ROW()-$C76+1), $B$15:$B$26, 0)) ), IF(AND($D76<>"", $E76<>"", $F76<>""), "OK", "NG"), "-")} -> - | M76: {=IF(AND( $C76 <= IF( INDEX($D$15:$D$26, MATCH(INDEX($B:$B, ROW()-$C76+1), $B$15:$B$26, 0)) = リスト!$O$9, 5, INDEX($D$15:$D$26, MATCH(INDEX($B:$B, ROW()-$C76+1), $B$15:$B$26, 0)) ), $F76 > 0 ), IF(AND($H76<>"", $I76<>""), "OK", "NG"), "-")} -> - | N76: {=IF( $C76 <= IF( INDEX($D$15:$D$26, MATCH(INDEX($B:$B, ROW()-$C76+1), $B$15:$B$26, 0)) = リスト!$O$9, 5, INDEX($D$15:$D$26, MATCH(INDEX($B:$B, ROW()-$C76+1), $B$15:$B$26, 0)) ), IF(AND( LEN(SUBSTITUTE(SUBSTITUTE($D76,CHAR(10),""),CHAR(13),""))<=1000, SUMPRODUCT(--ISNUMBER(FIND({"<";">";"&";"""";"'"}, $D76)))=0, LEN(SUBSTITUTE(SUBSTITUTE($H76,CHAR(10),""),CHAR(13),""))<=1000, SUMPRODUCT(--ISNUMBER(FIND({"<";">";"&";"""";"'"}, $H76)))=0, LEN(SUBSTITUTE(SUBSTITUTE($I76,CHAR(10),""),CHAR(13),""))<=300, SUMPRODUCT(--ISNUMBER(FIND({"<";">";"&";"""";"'"}, $I76)))=0, OR($E76="", IF(ISNUMBER($E76), AND($E76=INT($E76), $E76>=0, LEN(TEXT($E76,"0"))<=12), FALSE)), OR($F76="", IF(ISNUMBER($F76), AND($F76=INT($F76), $F76>=0, LEN(TEXT($F76,"0"))<=12), FALSE)) ), "OK", "NG"), "-")} -> - | O76: {=IF( $C76 <= IF( INDEX($D$15:$D$26, MATCH(INDEX($B:$B, ROW()-$C76+1), $B$15:$B$26, 0)) = リスト!$O$9, 5, INDEX($D$15:$D$26, MATCH(INDEX($B:$B, ROW()-$C76+1), $B$15:$B$26, 0)) ), IF(AND(ISNUMBER($E76), ISNUMBER($F76)), IF(AND( $E76 >= $F76, IF(INDEX($B:$B, ROW()-$C76+1) = $B$31, $F76 >= 100000, TRUE) ), "OK", "NG"), "-"), "-")} -> - | P76: {=IF( $C76 > IF( INDEX($D$15:$D$26, MATCH(INDEX($B:$B, ROW()-$C76+1), $B$15:$B$26, 0)) = リスト!$O$9, 5, INDEX($D$15:$D$26, MATCH(INDEX($B:$B, ROW()-$C76+1), $B$15:$B$26, 0)) ), IF(AND($D76="", $E76="", $F76="", $H76="", $I76=""), "OK", "NG"), "-")} -> OK
B77: 補助上限額：事業計画期間1年あたりの補助事業で新たに製造等する製品等の売上高見込み額(税抜き)の5%まで | C77: 2 | G77: =IF(ISNUMBER($D$9),ROUNDDOWN(F77*$D$9,0),"-") -> - | L77: {=IF( $C77 <= IF( INDEX($D$15:$D$26, MATCH(INDEX($B:$B, ROW()-$C77+1), $B$15:$B$26, 0)) = リスト!$O$9, 5, INDEX($D$15:$D$26, MATCH(INDEX($B:$B, ROW()-$C77+1), $B$15:$B$26, 0)) ), IF(AND($D77<>"", $E77<>"", $F77<>""), "OK", "NG"), "-")} -> - | M77: {=IF(AND( $C77 <= IF( INDEX($D$15:$D$26, MATCH(INDEX($B:$B, ROW()-$C77+1), $B$15:$B$26, 0)) = リスト!$O$9, 5, INDEX($D$15:$D$26, MATCH(INDEX($B:$B, ROW()-$C77+1), $B$15:$B$26, 0)) ), $F77 > 0 ), IF(AND($H77<>"", $I77<>""), "OK", "NG"), "-")} -> - | N77: {=IF( $C77 <= IF( INDEX($D$15:$D$26, MATCH(INDEX($B:$B, ROW()-$C77+1), $B$15:$B$26, 0)) = リスト!$O$9, 5, INDEX($D$15:$D$26, MATCH(INDEX($B:$B, ROW()-$C77+1), $B$15:$B$26, 0)) ), IF(AND( LEN(SUBSTITUTE(SUBSTITUTE($D77,CHAR(10),""),CHAR(13),""))<=1000, SUMPRODUCT(--ISNUMBER(FIND({"<";">";"&";"""";"'"}, $D77)))=0, LEN(SUBSTITUTE(SUBSTITUTE($H77,CHAR(10),""),CHAR(13),""))<=1000, SUMPRODUCT(--ISNUMBER(FIND({"<";">";"&";"""";"'"}, $H77)))=0, LEN(SUBSTITUTE(SUBSTITUTE($I77,CHAR(10),""),CHAR(13),""))<=300, SUMPRODUCT(--ISNUMBER(FIND({"<";">";"&";"""";"'"}, $I77)))=0, OR($E77="", IF(ISNUMBER($E77), AND($E77=INT($E77), $E77>=0, LEN(TEXT($E77,"0"))<=12), FALSE)), OR($F77="", IF(ISNUMBER($F77), AND($F77=INT($F77), $F77>=0, LEN(TEXT($F77,"0"))<=12), FALSE)) ), "OK", "NG"), "-")} -> - | O77: {=IF( $C77 <= IF( INDEX($D$15:$D$26, MATCH(INDEX($B:$B, ROW()-$C77+1), $B$15:$B$26, 0)) = リスト!$O$9, 5, INDEX($D$15:$D$26, MATCH(INDEX($B:$B, ROW()-$C77+1), $B$15:$B$26, 0)) ), IF(AND(ISNUMBER($E77), ISNUMBER($F77)), IF(AND( $E77 >= $F77, IF(INDEX($B:$B, ROW()-$C77+1) = $B$31, $F77 >= 100000, TRUE) ), "OK", "NG"), "-"), "-")} -> - | P77: {=IF( $C77 > IF( INDEX($D$15:$D$26, MATCH(INDEX($B:$B, ROW()-$C77+1), $B$15:$B$26, 0)) = リスト!$O$9, 5, INDEX($D$15:$D$26, MATCH(INDEX($B:$B, ROW()-$C77+1), $B$15:$B$26, 0)) ), IF(AND($D77="", $E77="", $F77="", $H77="", $I77=""), "OK", "NG"), "-")} -> OK
C78: 3 | G78: =IF(ISNUMBER($D$9),ROUNDDOWN(F78*$D$9,0),"-") -> - | L78: {=IF( $C78 <= IF( INDEX($D$15:$D$26, MATCH(INDEX($B:$B, ROW()-$C78+1), $B$15:$B$26, 0)) = リスト!$O$9, 5, INDEX($D$15:$D$26, MATCH(INDEX($B:$B, ROW()-$C78+1), $B$15:$B$26, 0)) ), IF(AND($D78<>"", $E78<>"", $F78<>""), "OK", "NG"), "-")} -> - | M78: {=IF(AND( $C78 <= IF( INDEX($D$15:$D$26, MATCH(INDEX($B:$B, ROW()-$C78+1), $B$15:$B$26, 0)) = リスト!$O$9, 5, INDEX($D$15:$D$26, MATCH(INDEX($B:$B, ROW()-$C78+1), $B$15:$B$26, 0)) ), $F78 > 0 ), IF(AND($H78<>"", $I78<>""), "OK", "NG"), "-")} -> - | N78: {=IF( $C78 <= IF( INDEX($D$15:$D$26, MATCH(INDEX($B:$B, ROW()-$C78+1), $B$15:$B$26, 0)) = リスト!$O$9, 5, INDEX($D$15:$D$26, MATCH(INDEX($B:$B, ROW()-$C78+1), $B$15:$B$26, 0)) ), IF(AND( LEN(SUBSTITUTE(SUBSTITUTE($D78,CHAR(10),""),CHAR(13),""))<=1000, SUMPRODUCT(--ISNUMBER(FIND({"<";">";"&";"""";"'"}, $D78)))=0, LEN(SUBSTITUTE(SUBSTITUTE($H78,CHAR(10),""),CHAR(13),""))<=1000, SUMPRODUCT(--ISNUMBER(FIND({"<";">";"&";"""";"'"}, $H78)))=0, LEN(SUBSTITUTE(SUBSTITUTE($I78,CHAR(10),""),CHAR(13),""))<=300, SUMPRODUCT(--ISNUMBER(FIND({"<";">";"&";"""";"'"}, $I78)))=0, OR($E78="", IF(ISNUMBER($E78), AND($E78=INT($E78), $E78>=0, LEN(TEXT($E78,"0"))<=12), FALSE)), OR($F78="", IF(ISNUMBER($F78), AND($F78=INT($F78), $F78>=0, LEN(TEXT($F78,"0"))<=12), FALSE)) ), "OK", "NG"), "-")} -> - | O78: {=IF( $C78 <= IF( INDEX($D$15:$D$26, MATCH(INDEX($B:$B, ROW()-$C78+1), $B$15:$B$26, 0)) = リスト!$O$9, 5, INDEX($D$15:$D$26, MATCH(INDEX($B:$B, ROW()-$C78+1), $B$15:$B$26, 0)) ), IF(AND(ISNUMBER($E78), ISNUMBER($F78)), IF(AND( $E78 >= $F78, IF(INDEX($B:$B, ROW()-$C78+1) = $B$31, $F78 >= 100000, TRUE) ), "OK", "NG"), "-"), "-")} -> - | P78: {=IF( $C78 > IF( INDEX($D$15:$D$26, MATCH(INDEX($B:$B, ROW()-$C78+1), $B$15:$B$26, 0)) = リスト!$O$9, 5, INDEX($D$15:$D$26, MATCH(INDEX($B:$B, ROW()-$C78+1), $B$15:$B$26, 0)) ), IF(AND($D78="", $E78="", $F78="", $H78="", $I78=""), "OK", "NG"), "-")} -> OK
C79: 4 | G79: =IF(ISNUMBER($D$9),ROUNDDOWN(F79*$D$9,0),"-") -> - | L79: {=IF( $C79 <= IF( INDEX($D$15:$D$26, MATCH(INDEX($B:$B, ROW()-$C79+1), $B$15:$B$26, 0)) = リスト!$O$9, 5, INDEX($D$15:$D$26, MATCH(INDEX($B:$B, ROW()-$C79+1), $B$15:$B$26, 0)) ), IF(AND($D79<>"", $E79<>"", $F79<>""), "OK", "NG"), "-")} -> - | M79: {=IF(AND( $C79 <= IF( INDEX($D$15:$D$26, MATCH(INDEX($B:$B, ROW()-$C79+1), $B$15:$B$26, 0)) = リスト!$O$9, 5, INDEX($D$15:$D$26, MATCH(INDEX($B:$B, ROW()-$C79+1), $B$15:$B$26, 0)) ), $F79 > 0 ), IF(AND($H79<>"", $I79<>""), "OK", "NG"), "-")} -> - | N79: {=IF( $C79 <= IF( INDEX($D$15:$D$26, MATCH(INDEX($B:$B, ROW()-$C79+1), $B$15:$B$26, 0)) = リスト!$O$9, 5, INDEX($D$15:$D$26, MATCH(INDEX($B:$B, ROW()-$C79+1), $B$15:$B$26, 0)) ), IF(AND( LEN(SUBSTITUTE(SUBSTITUTE($D79,CHAR(10),""),CHAR(13),""))<=1000, SUMPRODUCT(--ISNUMBER(FIND({"<";">";"&";"""";"'"}, $D79)))=0, LEN(SUBSTITUTE(SUBSTITUTE($H79,CHAR(10),""),CHAR(13),""))<=1000, SUMPRODUCT(--ISNUMBER(FIND({"<";">";"&";"""";"'"}, $H79)))=0, LEN(SUBSTITUTE(SUBSTITUTE($I79,CHAR(10),""),CHAR(13),""))<=300, SUMPRODUCT(--ISNUMBER(FIND({"<";">";"&";"""";"'"}, $I79)))=0, OR($E79="", IF(ISNUMBER($E79), AND($E79=INT($E79), $E79>=0, LEN(TEXT($E79,"0"))<=12), FALSE)), OR($F79="", IF(ISNUMBER($F79), AND($F79=INT($F79), $F79>=0, LEN(TEXT($F79,"0"))<=12), FALSE)) ), "OK", "NG"), "-")} -> - | O79: {=IF( $C79 <= IF( INDEX($D$15:$D$26, MATCH(INDEX($B:$B, ROW()-$C79+1), $B$15:$B$26, 0)) = リスト!$O$9, 5, INDEX($D$15:$D$26, MATCH(INDEX($B:$B, ROW()-$C79+1), $B$15:$B$26, 0)) ), IF(AND(ISNUMBER($E79), ISNUMBER($F79)), IF(AND( $E79 >= $F79, IF(INDEX($B:$B, ROW()-$C79+1) = $B$31, $F79 >= 100000, TRUE) ), "OK", "NG"), "-"), "-")} -> - | P79: {=IF( $C79 > IF( INDEX($D$15:$D$26, MATCH(INDEX($B:$B, ROW()-$C79+1), $B$15:$B$26, 0)) = リスト!$O$9, 5, INDEX($D$15:$D$26, MATCH(INDEX($B:$B, ROW()-$C79+1), $B$15:$B$26, 0)) ), IF(AND($D79="", $E79="", $F79="", $H79="", $I79=""), "OK", "NG"), "-")} -> OK
C80: 5 | G80: =IF(ISNUMBER($D$9),ROUNDDOWN(F80*$D$9,0),"-") -> - | L80: {=IF( $C80 <= IF( INDEX($D$15:$D$26, MATCH(INDEX($B:$B, ROW()-$C80+1), $B$15:$B$26, 0)) = リスト!$O$9, 5, INDEX($D$15:$D$26, MATCH(INDEX($B:$B, ROW()-$C80+1), $B$15:$B$26, 0)) ), IF(AND($D80<>"", $E80<>"", $F80<>""), "OK", "NG"), "-")} -> - | M80: {=IF(AND( $C80 <= IF( INDEX($D$15:$D$26, MATCH(INDEX($B:$B, ROW()-$C80+1), $B$15:$B$26, 0)) = リスト!$O$9, 5, INDEX($D$15:$D$26, MATCH(INDEX($B:$B, ROW()-$C80+1), $B$15:$B$26, 0)) ), $F80 > 0 ), IF(AND($H80<>"", $I80<>""), "OK", "NG"), "-")} -> - | N80: {=IF( $C80 <= IF( INDEX($D$15:$D$26, MATCH(INDEX($B:$B, ROW()-$C80+1), $B$15:$B$26, 0)) = リスト!$O$9, 5, INDEX($D$15:$D$26, MATCH(INDEX($B:$B, ROW()-$C80+1), $B$15:$B$26, 0)) ), IF(AND( LEN(SUBSTITUTE(SUBSTITUTE($D80,CHAR(10),""),CHAR(13),""))<=1000, SUMPRODUCT(--ISNUMBER(FIND({"<";">";"&";"""";"'"}, $D80)))=0, LEN(SUBSTITUTE(SUBSTITUTE($H80,CHAR(10),""),CHAR(13),""))<=1000, SUMPRODUCT(--ISNUMBER(FIND({"<";">";"&";"""";"'"}, $H80)))=0, LEN(SUBSTITUTE(SUBSTITUTE($I80,CHAR(10),""),CHAR(13),""))<=300, SUMPRODUCT(--ISNUMBER(FIND({"<";">";"&";"""";"'"}, $I80)))=0, OR($E80="", IF(ISNUMBER($E80), AND($E80=INT($E80), $E80>=0, LEN(TEXT($E80,"0"))<=12), FALSE)), OR($F80="", IF(ISNUMBER($F80), AND($F80=INT($F80), $F80>=0, LEN(TEXT($F80,"0"))<=12), FALSE)) ), "OK", "NG"), "-")} -> - | O80: {=IF( $C80 <= IF( INDEX($D$15:$D$26, MATCH(INDEX($B:$B, ROW()-$C80+1), $B$15:$B$26, 0)) = リスト!$O$9, 5, INDEX($D$15:$D$26, MATCH(INDEX($B:$B, ROW()-$C80+1), $B$15:$B$26, 0)) ), IF(AND(ISNUMBER($E80), ISNUMBER($F80)), IF(AND( $E80 >= $F80, IF(INDEX($B:$B, ROW()-$C80+1) = $B$31, $F80 >= 100000, TRUE) ), "OK", "NG"), "-"), "-")} -> - | P80: {=IF( $C80 > IF( INDEX($D$15:$D$26, MATCH(INDEX($B:$B, ROW()-$C80+1), $B$15:$B$26, 0)) = リスト!$O$9, 5, INDEX($D$15:$D$26, MATCH(INDEX($B:$B, ROW()-$C80+1), $B$15:$B$26, 0)) ), IF(AND($D80="", $E80="", $F80="", $H80="", $I80=""), "OK", "NG"), "-")} -> OK
B81: 海外旅費 | C81: 1 | G81: =IF(ISNUMBER($D$9),ROUNDDOWN(F81*$D$9,0),"-") -> - | L81: {=IF( $C81 <= IF( INDEX($D$15:$D$26, MATCH(INDEX($B:$B, ROW()-$C81+1), $B$15:$B$26, 0)) = リスト!$O$9, 5, INDEX($D$15:$D$26, MATCH(INDEX($B:$B, ROW()-$C81+1), $B$15:$B$26, 0)) ), IF(AND($D81<>"", $E81<>"", $F81<>""), "OK", "NG"), "-")} -> - | M81: {=IF(AND( $C81 <= IF( INDEX($D$15:$D$26, MATCH(INDEX($B:$B, ROW()-$C81+1), $B$15:$B$26, 0)) = リスト!$O$9, 5, INDEX($D$15:$D$26, MATCH(INDEX($B:$B, ROW()-$C81+1), $B$15:$B$26, 0)) ), $F81 > 0 ), IF(AND($H81<>"", $I81<>""), "OK", "NG"), "-")} -> - | N81: {=IF( $C81 <= IF( INDEX($D$15:$D$26, MATCH(INDEX($B:$B, ROW()-$C81+1), $B$15:$B$26, 0)) = リスト!$O$9, 5, INDEX($D$15:$D$26, MATCH(INDEX($B:$B, ROW()-$C81+1), $B$15:$B$26, 0)) ), IF(AND( LEN(SUBSTITUTE(SUBSTITUTE($D81,CHAR(10),""),CHAR(13),""))<=1000, SUMPRODUCT(--ISNUMBER(FIND({"<";">";"&";"""";"'"}, $D81)))=0, LEN(SUBSTITUTE(SUBSTITUTE($H81,CHAR(10),""),CHAR(13),""))<=1000, SUMPRODUCT(--ISNUMBER(FIND({"<";">";"&";"""";"'"}, $H81)))=0, LEN(SUBSTITUTE(SUBSTITUTE($I81,CHAR(10),""),CHAR(13),""))<=300, SUMPRODUCT(--ISNUMBER(FIND({"<";">";"&";"""";"'"}, $I81)))=0, OR($E81="", IF(ISNUMBER($E81), AND($E81=INT($E81), $E81>=0, LEN(TEXT($E81,"0"))<=12), FALSE)), OR($F81="", IF(ISNUMBER($F81), AND($F81=INT($F81), $F81>=0, LEN(TEXT($F81,"0"))<=12), FALSE)) ), "OK", "NG"), "-")} -> - | O81: {=IF( $C81 <= IF( INDEX($D$15:$D$26, MATCH(INDEX($B:$B, ROW()-$C81+1), $B$15:$B$26, 0)) = リスト!$O$9, 5, INDEX($D$15:$D$26, MATCH(INDEX($B:$B, ROW()-$C81+1), $B$15:$B$26, 0)) ), IF(AND(ISNUMBER($E81), ISNUMBER($F81)), IF(AND( $E81 >= $F81, IF(INDEX($B:$B, ROW()-$C81+1) = $B$31, $F81 >= 100000, TRUE) ), "OK", "NG"), "-"), "-")} -> - | P81: {=IF( $C81 > IF( INDEX($D$15:$D$26, MATCH(INDEX($B:$B, ROW()-$C81+1), $B$15:$B$26, 0)) = リスト!$O$9, 5, INDEX($D$15:$D$26, MATCH(INDEX($B:$B, ROW()-$C81+1), $B$15:$B$26, 0)) ), IF(AND($D81="", $E81="", $F81="", $H81="", $I81=""), "OK", "NG"), "-")} -> OK
B82: 補助対象経費上限額：補助対象経費総額(税抜き)の5分の1まで | C82: 2 | G82: =IF(ISNUMBER($D$9),ROUNDDOWN(F82*$D$9,0),"-") -> - | L82: {=IF( $C82 <= IF( INDEX($D$15:$D$26, MATCH(INDEX($B:$B, ROW()-$C82+1), $B$15:$B$26, 0)) = リスト!$O$9, 5, INDEX($D$15:$D$26, MATCH(INDEX($B:$B, ROW()-$C82+1), $B$15:$B$26, 0)) ), IF(AND($D82<>"", $E82<>"", $F82<>""), "OK", "NG"), "-")} -> - | M82: {=IF(AND( $C82 <= IF( INDEX($D$15:$D$26, MATCH(INDEX($B:$B, ROW()-$C82+1), $B$15:$B$26, 0)) = リスト!$O$9, 5, INDEX($D$15:$D$26, MATCH(INDEX($B:$B, ROW()-$C82+1), $B$15:$B$26, 0)) ), $F82 > 0 ), IF(AND($H82<>"", $I82<>""), "OK", "NG"), "-")} -> - | N82: {=IF( $C82 <= IF( INDEX($D$15:$D$26, MATCH(INDEX($B:$B, ROW()-$C82+1), $B$15:$B$26, 0)) = リスト!$O$9, 5, INDEX($D$15:$D$26, MATCH(INDEX($B:$B, ROW()-$C82+1), $B$15:$B$26, 0)) ), IF(AND( LEN(SUBSTITUTE(SUBSTITUTE($D82,CHAR(10),""),CHAR(13),""))<=1000, SUMPRODUCT(--ISNUMBER(FIND({"<";">";"&";"""";"'"}, $D82)))=0, LEN(SUBSTITUTE(SUBSTITUTE($H82,CHAR(10),""),CHAR(13),""))<=1000, SUMPRODUCT(--ISNUMBER(FIND({"<";">";"&";"""";"'"}, $H82)))=0, LEN(SUBSTITUTE(SUBSTITUTE($I82,CHAR(10),""),CHAR(13),""))<=300, SUMPRODUCT(--ISNUMBER(FIND({"<";">";"&";"""";"'"}, $I82)))=0, OR($E82="", IF(ISNUMBER($E82), AND($E82=INT($E82), $E82>=0, LEN(TEXT($E82,"0"))<=12), FALSE)), OR($F82="", IF(ISNUMBER($F82), AND($F82=INT($F82), $F82>=0, LEN(TEXT($F82,"0"))<=12), FALSE)) ), "OK", "NG"), "-")} -> - | O82: {=IF( $C82 <= IF( INDEX($D$15:$D$26, MATCH(INDEX($B:$B, ROW()-$C82+1), $B$15:$B$26, 0)) = リスト!$O$9, 5, INDEX($D$15:$D$26, MATCH(INDEX($B:$B, ROW()-$C82+1), $B$15:$B$26, 0)) ), IF(AND(ISNUMBER($E82), ISNUMBER($F82)), IF(AND( $E82 >= $F82, IF(INDEX($B:$B, ROW()-$C82+1) = $B$31, $F82 >= 100000, TRUE) ), "OK", "NG"), "-"), "-")} -> - | P82: {=IF( $C82 > IF( INDEX($D$15:$D$26, MATCH(INDEX($B:$B, ROW()-$C82+1), $B$15:$B$26, 0)) = リスト!$O$9, 5, INDEX($D$15:$D$26, MATCH(INDEX($B:$B, ROW()-$C82+1), $B$15:$B$26, 0)) ), IF(AND($D82="", $E82="", $F82="", $H82="", $I82=""), "OK", "NG"), "-")} -> OK
C83: 3 | G83: =IF(ISNUMBER($D$9),ROUNDDOWN(F83*$D$9,0),"-") -> - | L83: {=IF( $C83 <= IF( INDEX($D$15:$D$26, MATCH(INDEX($B:$B, ROW()-$C83+1), $B$15:$B$26, 0)) = リスト!$O$9, 5, INDEX($D$15:$D$26, MATCH(INDEX($B:$B, ROW()-$C83+1), $B$15:$B$26, 0)) ), IF(AND($D83<>"", $E83<>"", $F83<>""), "OK", "NG"), "-")} -> - | M83: {=IF(AND( $C83 <= IF( INDEX($D$15:$D$26, MATCH(INDEX($B:$B, ROW()-$C83+1), $B$15:$B$26, 0)) = リスト!$O$9, 5, INDEX($D$15:$D$26, MATCH(INDEX($B:$B, ROW()-$C83+1), $B$15:$B$26, 0)) ), $F83 > 0 ), IF(AND($H83<>"", $I83<>""), "OK", "NG"), "-")} -> - | N83: {=IF( $C83 <= IF( INDEX($D$15:$D$26, MATCH(INDEX($B:$B, ROW()-$C83+1), $B$15:$B$26, 0)) = リスト!$O$9, 5, INDEX($D$15:$D$26, MATCH(INDEX($B:$B, ROW()-$C83+1), $B$15:$B$26, 0)) ), IF(AND( LEN(SUBSTITUTE(SUBSTITUTE($D83,CHAR(10),""),CHAR(13),""))<=1000, SUMPRODUCT(--ISNUMBER(FIND({"<";">";"&";"""";"'"}, $D83)))=0, LEN(SUBSTITUTE(SUBSTITUTE($H83,CHAR(10),""),CHAR(13),""))<=1000, SUMPRODUCT(--ISNUMBER(FIND({"<";">";"&";"""";"'"}, $H83)))=0, LEN(SUBSTITUTE(SUBSTITUTE($I83,CHAR(10),""),CHAR(13),""))<=300, SUMPRODUCT(--ISNUMBER(FIND({"<";">";"&";"""";"'"}, $I83)))=0, OR($E83="", IF(ISNUMBER($E83), AND($E83=INT($E83), $E83>=0, LEN(TEXT($E83,"0"))<=12), FALSE)), OR($F83="", IF(ISNUMBER($F83), AND($F83=INT($F83), $F83>=0, LEN(TEXT($F83,"0"))<=12), FALSE)) ), "OK", "NG"), "-")} -> - | O83: {=IF( $C83 <= IF( INDEX($D$15:$D$26, MATCH(INDEX($B:$B, ROW()-$C83+1), $B$15:$B$26, 0)) = リスト!$O$9, 5, INDEX($D$15:$D$26, MATCH(INDEX($B:$B, ROW()-$C83+1), $B$15:$B$26, 0)) ), IF(AND(ISNUMBER($E83), ISNUMBER($F83)), IF(AND( $E83 >= $F83, IF(INDEX($B:$B, ROW()-$C83+1) = $B$31, $F83 >= 100000, TRUE) ), "OK", "NG"), "-"), "-")} -> - | P83: {=IF( $C83 > IF( INDEX($D$15:$D$26, MATCH(INDEX($B:$B, ROW()-$C83+1), $B$15:$B$26, 0)) = リスト!$O$9, 5, INDEX($D$15:$D$26, MATCH(INDEX($B:$B, ROW()-$C83+1), $B$15:$B$26, 0)) ), IF(AND($D83="", $E83="", $F83="", $H83="", $I83=""), "OK", "NG"), "-")} -> OK
C84: 4 | G84: =IF(ISNUMBER($D$9),ROUNDDOWN(F84*$D$9,0),"-") -> - | L84: {=IF( $C84 <= IF( INDEX($D$15:$D$26, MATCH(INDEX($B:$B, ROW()-$C84+1), $B$15:$B$26, 0)) = リスト!$O$9, 5, INDEX($D$15:$D$26, MATCH(INDEX($B:$B, ROW()-$C84+1), $B$15:$B$26, 0)) ), IF(AND($D84<>"", $E84<>"", $F84<>""), "OK", "NG"), "-")} -> - | M84: {=IF(AND( $C84 <= IF( INDEX($D$15:$D$26, MATCH(INDEX($B:$B, ROW()-$C84+1), $B$15:$B$26, 0)) = リスト!$O$9, 5, INDEX($D$15:$D$26, MATCH(INDEX($B:$B, ROW()-$C84+1), $B$15:$B$26, 0)) ), $F84 > 0 ), IF(AND($H84<>"", $I84<>""), "OK", "NG"), "-")} -> - | N84: {=IF( $C84 <= IF( INDEX($D$15:$D$26, MATCH(INDEX($B:$B, ROW()-$C84+1), $B$15:$B$26, 0)) = リスト!$O$9, 5, INDEX($D$15:$D$26, MATCH(INDEX($B:$B, ROW()-$C84+1), $B$15:$B$26, 0)) ), IF(AND( LEN(SUBSTITUTE(SUBSTITUTE($D84,CHAR(10),""),CHAR(13),""))<=1000, SUMPRODUCT(--ISNUMBER(FIND({"<";">";"&";"""";"'"}, $D84)))=0, LEN(SUBSTITUTE(SUBSTITUTE($H84,CHAR(10),""),CHAR(13),""))<=1000, SUMPRODUCT(--ISNUMBER(FIND({"<";">";"&";"""";"'"}, $H84)))=0, LEN(SUBSTITUTE(SUBSTITUTE($I84,CHAR(10),""),CHAR(13),""))<=300, SUMPRODUCT(--ISNUMBER(FIND({"<";">";"&";"""";"'"}, $I84)))=0, OR($E84="", IF(ISNUMBER($E84), AND($E84=INT($E84), $E84>=0, LEN(TEXT($E84,"0"))<=12), FALSE)), OR($F84="", IF(ISNUMBER($F84), AND($F84=INT($F84), $F84>=0, LEN(TEXT($F84,"0"))<=12), FALSE)) ), "OK", "NG"), "-")} -> - | O84: {=IF( $C84 <= IF( INDEX($D$15:$D$26, MATCH(INDEX($B:$B, ROW()-$C84+1), $B$15:$B$26, 0)) = リスト!$O$9, 5, INDEX($D$15:$D$26, MATCH(INDEX($B:$B, ROW()-$C84+1), $B$15:$B$26, 0)) ), IF(AND(ISNUMBER($E84), ISNUMBER($F84)), IF(AND( $E84 >= $F84, IF(INDEX($B:$B, ROW()-$C84+1) = $B$31, $F84 >= 100000, TRUE) ), "OK", "NG"), "-"), "-")} -> - | P84: {=IF( $C84 > IF( INDEX($D$15:$D$26, MATCH(INDEX($B:$B, ROW()-$C84+1), $B$15:$B$26, 0)) = リスト!$O$9, 5, INDEX($D$15:$D$26, MATCH(INDEX($B:$B, ROW()-$C84+1), $B$15:$B$26, 0)) ), IF(AND($D84="", $E84="", $F84="", $H84="", $I84=""), "OK", "NG"), "-")} -> OK
C85: 5 | G85: =IF(ISNUMBER($D$9),ROUNDDOWN(F85*$D$9,0),"-") -> - | L85: {=IF( $C85 <= IF( INDEX($D$15:$D$26, MATCH(INDEX($B:$B, ROW()-$C85+1), $B$15:$B$26, 0)) = リスト!$O$9, 5, INDEX($D$15:$D$26, MATCH(INDEX($B:$B, ROW()-$C85+1), $B$15:$B$26, 0)) ), IF(AND($D85<>"", $E85<>"", $F85<>""), "OK", "NG"), "-")} -> - | M85: {=IF(AND( $C85 <= IF( INDEX($D$15:$D$26, MATCH(INDEX($B:$B, ROW()-$C85+1), $B$15:$B$26, 0)) = リスト!$O$9, 5, INDEX($D$15:$D$26, MATCH(INDEX($B:$B, ROW()-$C85+1), $B$15:$B$26, 0)) ), $F85 > 0 ), IF(AND($H85<>"", $I85<>""), "OK", "NG"), "-")} -> - | N85: {=IF( $C85 <= IF( INDEX($D$15:$D$26, MATCH(INDEX($B:$B, ROW()-$C85+1), $B$15:$B$26, 0)) = リスト!$O$9, 5, INDEX($D$15:$D$26, MATCH(INDEX($B:$B, ROW()-$C85+1), $B$15:$B$26, 0)) ), IF(AND( LEN(SUBSTITUTE(SUBSTITUTE($D85,CHAR(10),""),CHAR(13),""))<=1000, SUMPRODUCT(--ISNUMBER(FIND({"<";">";"&";"""";"'"}, $D85)))=0, LEN(SUBSTITUTE(SUBSTITUTE($H85,CHAR(10),""),CHAR(13),""))<=1000, SUMPRODUCT(--ISNUMBER(FIND({"<";">";"&";"""";"'"}, $H85)))=0, LEN(SUBSTITUTE(SUBSTITUTE($I85,CHAR(10),""),CHAR(13),""))<=300, SUMPRODUCT(--ISNUMBER(FIND({"<";">";"&";"""";"'"}, $I85)))=0, OR($E85="", IF(ISNUMBER($E85), AND($E85=INT($E85), $E85>=0, LEN(TEXT($E85,"0"))<=12), FALSE)), OR($F85="", IF(ISNUMBER($F85), AND($F85=INT($F85), $F85>=0, LEN(TEXT($F85,"0"))<=12), FALSE)) ), "OK", "NG"), "-")} -> - | O85: {=IF( $C85 <= IF( INDEX($D$15:$D$26, MATCH(INDEX($B:$B, ROW()-$C85+1), $B$15:$B$26, 0)) = リスト!$O$9, 5, INDEX($D$15:$D$26, MATCH(INDEX($B:$B, ROW()-$C85+1), $B$15:$B$26, 0)) ), IF(AND(ISNUMBER($E85), ISNUMBER($F85)), IF(AND( $E85 >= $F85, IF(INDEX($B:$B, ROW()-$C85+1) = $B$31, $F85 >= 100000, TRUE) ), "OK", "NG"), "-"), "-")} -> - | P85: {=IF( $C85 > IF( INDEX($D$15:$D$26, MATCH(INDEX($B:$B, ROW()-$C85+1), $B$15:$B$26, 0)) = リスト!$O$9, 5, INDEX($D$15:$D$26, MATCH(INDEX($B:$B, ROW()-$C85+1), $B$15:$B$26, 0)) ), IF(AND($D85="", $E85="", $F85="", $H85="", $I85=""), "OK", "NG"), "-")} -> OK
B86: 通訳・翻訳費 | C86: 1 | G86: =IF(ISNUMBER($D$9),ROUNDDOWN(F86*$D$9,0),"-") -> - | L86: {=IF( $C86 <= IF( INDEX($D$15:$D$26, MATCH(INDEX($B:$B, ROW()-$C86+1), $B$15:$B$26, 0)) = リスト!$O$9, 5, INDEX($D$15:$D$26, MATCH(INDEX($B:$B, ROW()-$C86+1), $B$15:$B$26, 0)) ), IF(AND($D86<>"", $E86<>"", $F86<>""), "OK", "NG"), "-")} -> - | M86: {=IF(AND( $C86 <= IF( INDEX($D$15:$D$26, MATCH(INDEX($B:$B, ROW()-$C86+1), $B$15:$B$26, 0)) = リスト!$O$9, 5, INDEX($D$15:$D$26, MATCH(INDEX($B:$B, ROW()-$C86+1), $B$15:$B$26, 0)) ), $F86 > 0 ), IF(AND($H86<>"", $I86<>""), "OK", "NG"), "-")} -> - | N86: {=IF( $C86 <= IF( INDEX($D$15:$D$26, MATCH(INDEX($B:$B, ROW()-$C86+1), $B$15:$B$26, 0)) = リスト!$O$9, 5, INDEX($D$15:$D$26, MATCH(INDEX($B:$B, ROW()-$C86+1), $B$15:$B$26, 0)) ), IF(AND( LEN(SUBSTITUTE(SUBSTITUTE($D86,CHAR(10),""),CHAR(13),""))<=1000, SUMPRODUCT(--ISNUMBER(FIND({"<";">";"&";"""";"'"}, $D86)))=0, LEN(SUBSTITUTE(SUBSTITUTE($H86,CHAR(10),""),CHAR(13),""))<=1000, SUMPRODUCT(--ISNUMBER(FIND({"<";">";"&";"""";"'"}, $H86)))=0, LEN(SUBSTITUTE(SUBSTITUTE($I86,CHAR(10),""),CHAR(13),""))<=300, SUMPRODUCT(--ISNUMBER(FIND({"<";">";"&";"""";"'"}, $I86)))=0, OR($E86="", IF(ISNUMBER($E86), AND($E86=INT($E86), $E86>=0, LEN(TEXT($E86,"0"))<=12), FALSE)), OR($F86="", IF(ISNUMBER($F86), AND($F86=INT($F86), $F86>=0, LEN(TEXT($F86,"0"))<=12), FALSE)) ), "OK", "NG"), "-")} -> - | O86: {=IF( $C86 <= IF( INDEX($D$15:$D$26, MATCH(INDEX($B:$B, ROW()-$C86+1), $B$15:$B$26, 0)) = リスト!$O$9, 5, INDEX($D$15:$D$26, MATCH(INDEX($B:$B, ROW()-$C86+1), $B$15:$B$26, 0)) ), IF(AND(ISNUMBER($E86), ISNUMBER($F86)), IF(AND( $E86 >= $F86, IF(INDEX($B:$B, ROW()-$C86+1) = $B$31, $F86 >= 100000, TRUE) ), "OK", "NG"), "-"), "-")} -> - | P86: {=IF( $C86 > IF( INDEX($D$15:$D$26, MATCH(INDEX($B:$B, ROW()-$C86+1), $B$15:$B$26, 0)) = リスト!$O$9, 5, INDEX($D$15:$D$26, MATCH(INDEX($B:$B, ROW()-$C86+1), $B$15:$B$26, 0)) ), IF(AND($D86="", $E86="", $F86="", $H86="", $I86=""), "OK", "NG"), "-")} -> OK
B87: 補助上限額：補助金交付申請額(税抜き)の30万円(税抜き)まで | C87: 2 | G87: =IF(ISNUMBER($D$9),ROUNDDOWN(F87*$D$9,0),"-") -> - | L87: {=IF( $C87 <= IF( INDEX($D$15:$D$26, MATCH(INDEX($B:$B, ROW()-$C87+1), $B$15:$B$26, 0)) = リスト!$O$9, 5, INDEX($D$15:$D$26, MATCH(INDEX($B:$B, ROW()-$C87+1), $B$15:$B$26, 0)) ), IF(AND($D87<>"", $E87<>"", $F87<>""), "OK", "NG"), "-")} -> - | M87: {=IF(AND( $C87 <= IF( INDEX($D$15:$D$26, MATCH(INDEX($B:$B, ROW()-$C87+1), $B$15:$B$26, 0)) = リスト!$O$9, 5, INDEX($D$15:$D$26, MATCH(INDEX($B:$B, ROW()-$C87+1), $B$15:$B$26, 0)) ), $F87 > 0 ), IF(AND($H87<>"", $I87<>""), "OK", "NG"), "-")} -> - | N87: {=IF( $C87 <= IF( INDEX($D$15:$D$26, MATCH(INDEX($B:$B, ROW()-$C87+1), $B$15:$B$26, 0)) = リスト!$O$9, 5, INDEX($D$15:$D$26, MATCH(INDEX($B:$B, ROW()-$C87+1), $B$15:$B$26, 0)) ), IF(AND( LEN(SUBSTITUTE(SUBSTITUTE($D87,CHAR(10),""),CHAR(13),""))<=1000, SUMPRODUCT(--ISNUMBER(FIND({"<";">";"&";"""";"'"}, $D87)))=0, LEN(SUBSTITUTE(SUBSTITUTE($H87,CHAR(10),""),CHAR(13),""))<=1000, SUMPRODUCT(--ISNUMBER(FIND({"<";">";"&";"""";"'"}, $H87)))=0, LEN(SUBSTITUTE(SUBSTITUTE($I87,CHAR(10),""),CHAR(13),""))<=300, SUMPRODUCT(--ISNUMBER(FIND({"<";">";"&";"""";"'"}, $I87)))=0, OR($E87="", IF(ISNUMBER($E87), AND($E87=INT($E87), $E87>=0, LEN(TEXT($E87,"0"))<=12), FALSE)), OR($F87="", IF(ISNUMBER($F87), AND($F87=INT($F87), $F87>=0, LEN(TEXT($F87,"0"))<=12), FALSE)) ), "OK", "NG"), "-")} -> - | O87: {=IF( $C87 <= IF( INDEX($D$15:$D$26, MATCH(INDEX($B:$B, ROW()-$C87+1), $B$15:$B$26, 0)) = リスト!$O$9, 5, INDEX($D$15:$D$26, MATCH(INDEX($B:$B, ROW()-$C87+1), $B$15:$B$26, 0)) ), IF(AND(ISNUMBER($E87), ISNUMBER($F87)), IF(AND( $E87 >= $F87, IF(INDEX($B:$B, ROW()-$C87+1) = $B$31, $F87 >= 100000, TRUE) ), "OK", "NG"), "-"), "-")} -> - | P87: {=IF( $C87 > IF( INDEX($D$15:$D$26, MATCH(INDEX($B:$B, ROW()-$C87+1), $B$15:$B$26, 0)) = リスト!$O$9, 5, INDEX($D$15:$D$26, MATCH(INDEX($B:$B, ROW()-$C87+1), $B$15:$B$26, 0)) ), IF(AND($D87="", $E87="", $F87="", $H87="", $I87=""), "OK", "NG"), "-")} -> OK
C88: 3 | G88: =IF(ISNUMBER($D$9),ROUNDDOWN(F88*$D$9,0),"-") -> - | L88: {=IF( $C88 <= IF( INDEX($D$15:$D$26, MATCH(INDEX($B:$B, ROW()-$C88+1), $B$15:$B$26, 0)) = リスト!$O$9, 5, INDEX($D$15:$D$26, MATCH(INDEX($B:$B, ROW()-$C88+1), $B$15:$B$26, 0)) ), IF(AND($D88<>"", $E88<>"", $F88<>""), "OK", "NG"), "-")} -> - | M88: {=IF(AND( $C88 <= IF( INDEX($D$15:$D$26, MATCH(INDEX($B:$B, ROW()-$C88+1), $B$15:$B$26, 0)) = リスト!$O$9, 5, INDEX($D$15:$D$26, MATCH(INDEX($B:$B, ROW()-$C88+1), $B$15:$B$26, 0)) ), $F88 > 0 ), IF(AND($H88<>"", $I88<>""), "OK", "NG"), "-")} -> - | N88: {=IF( $C88 <= IF( INDEX($D$15:$D$26, MATCH(INDEX($B:$B, ROW()-$C88+1), $B$15:$B$26, 0)) = リスト!$O$9, 5, INDEX($D$15:$D$26, MATCH(INDEX($B:$B, ROW()-$C88+1), $B$15:$B$26, 0)) ), IF(AND( LEN(SUBSTITUTE(SUBSTITUTE($D88,CHAR(10),""),CHAR(13),""))<=1000, SUMPRODUCT(--ISNUMBER(FIND({"<";">";"&";"""";"'"}, $D88)))=0, LEN(SUBSTITUTE(SUBSTITUTE($H88,CHAR(10),""),CHAR(13),""))<=1000, SUMPRODUCT(--ISNUMBER(FIND({"<";">";"&";"""";"'"}, $H88)))=0, LEN(SUBSTITUTE(SUBSTITUTE($I88,CHAR(10),""),CHAR(13),""))<=300, SUMPRODUCT(--ISNUMBER(FIND({"<";">";"&";"""";"'"}, $I88)))=0, OR($E88="", IF(ISNUMBER($E88), AND($E88=INT($E88), $E88>=0, LEN(TEXT($E88,"0"))<=12), FALSE)), OR($F88="", IF(ISNUMBER($F88), AND($F88=INT($F88), $F88>=0, LEN(TEXT($F88,"0"))<=12), FALSE)) ), "OK", "NG"), "-")} -> - | O88: {=IF( $C88 <= IF( INDEX($D$15:$D$26, MATCH(INDEX($B:$B, ROW()-$C88+1), $B$15:$B$26, 0)) = リスト!$O$9, 5, INDEX($D$15:$D$26, MATCH(INDEX($B:$B, ROW()-$C88+1), $B$15:$B$26, 0)) ), IF(AND(ISNUMBER($E88), ISNUMBER($F88)), IF(AND( $E88 >= $F88, IF(INDEX($B:$B, ROW()-$C88+1) = $B$31, $F88 >= 100000, TRUE) ), "OK", "NG"), "-"), "-")} -> - | P88: {=IF( $C88 > IF( INDEX($D$15:$D$26, MATCH(INDEX($B:$B, ROW()-$C88+1), $B$15:$B$26, 0)) = リスト!$O$9, 5, INDEX($D$15:$D$26, MATCH(INDEX($B:$B, ROW()-$C88+1), $B$15:$B$26, 0)) ), IF(AND($D88="", $E88="", $F88="", $H88="", $I88=""), "OK", "NG"), "-")} -> OK
C89: 4 | G89: =IF(ISNUMBER($D$9),ROUNDDOWN(F89*$D$9,0),"-") -> - | L89: {=IF( $C89 <= IF( INDEX($D$15:$D$26, MATCH(INDEX($B:$B, ROW()-$C89+1), $B$15:$B$26, 0)) = リスト!$O$9, 5, INDEX($D$15:$D$26, MATCH(INDEX($B:$B, ROW()-$C89+1), $B$15:$B$26, 0)) ), IF(AND($D89<>"", $E89<>"", $F89<>""), "OK", "NG"), "-")} -> - | M89: {=IF(AND( $C89 <= IF( INDEX($D$15:$D$26, MATCH(INDEX($B:$B, ROW()-$C89+1), $B$15:$B$26, 0)) = リスト!$O$9, 5, INDEX($D$15:$D$26, MATCH(INDEX($B:$B, ROW()-$C89+1), $B$15:$B$26, 0)) ), $F89 > 0 ), IF(AND($H89<>"", $I89<>""), "OK", "NG"), "-")} -> - | N89: {=IF( $C89 <= IF( INDEX($D$15:$D$26, MATCH(INDEX($B:$B, ROW()-$C89+1), $B$15:$B$26, 0)) = リスト!$O$9, 5, INDEX($D$15:$D$26, MATCH(INDEX($B:$B, ROW()-$C89+1), $B$15:$B$26, 0)) ), IF(AND( LEN(SUBSTITUTE(SUBSTITUTE($D89,CHAR(10),""),CHAR(13),""))<=1000, SUMPRODUCT(--ISNUMBER(FIND({"<";">";"&";"""";"'"}, $D89)))=0, LEN(SUBSTITUTE(SUBSTITUTE($H89,CHAR(10),""),CHAR(13),""))<=1000, SUMPRODUCT(--ISNUMBER(FIND({"<";">";"&";"""";"'"}, $H89)))=0, LEN(SUBSTITUTE(SUBSTITUTE($I89,CHAR(10),""),CHAR(13),""))<=300, SUMPRODUCT(--ISNUMBER(FIND({"<";">";"&";"""";"'"}, $I89)))=0, OR($E89="", IF(ISNUMBER($E89), AND($E89=INT($E89), $E89>=0, LEN(TEXT($E89,"0"))<=12), FALSE)), OR($F89="", IF(ISNUMBER($F89), AND($F89=INT($F89), $F89>=0, LEN(TEXT($F89,"0"))<=12), FALSE)) ), "OK", "NG"), "-")} -> - | O89: {=IF( $C89 <= IF( INDEX($D$15:$D$26, MATCH(INDEX($B:$B, ROW()-$C89+1), $B$15:$B$26, 0)) = リスト!$O$9, 5, INDEX($D$15:$D$26, MATCH(INDEX($B:$B, ROW()-$C89+1), $B$15:$B$26, 0)) ), IF(AND(ISNUMBER($E89), ISNUMBER($F89)), IF(AND( $E89 >= $F89, IF(INDEX($B:$B, ROW()-$C89+1) = $B$31, $F89 >= 100000, TRUE) ), "OK", "NG"), "-"), "-")} -> - | P89: {=IF( $C89 > IF( INDEX($D$15:$D$26, MATCH(INDEX($B:$B, ROW()-$C89+1), $B$15:$B$26, 0)) = リスト!$O$9, 5, INDEX($D$15:$D$26, MATCH(INDEX($B:$B, ROW()-$C89+1), $B$15:$B$26, 0)) ), IF(AND($D89="", $E89="", $F89="", $H89="", $I89=""), "OK", "NG"), "-")} -> OK
C90: 5 | G90: =IF(ISNUMBER($D$9),ROUNDDOWN(F90*$D$9,0),"-") -> - | L90: {=IF( $C90 <= IF( INDEX($D$15:$D$26, MATCH(INDEX($B:$B, ROW()-$C90+1), $B$15:$B$26, 0)) = リスト!$O$9, 5, INDEX($D$15:$D$26, MATCH(INDEX($B:$B, ROW()-$C90+1), $B$15:$B$26, 0)) ), IF(AND($D90<>"", $E90<>"", $F90<>""), "OK", "NG"), "-")} -> - | M90: {=IF(AND( $C90 <= IF( INDEX($D$15:$D$26, MATCH(INDEX($B:$B, ROW()-$C90+1), $B$15:$B$26, 0)) = リスト!$O$9, 5, INDEX($D$15:$D$26, MATCH(INDEX($B:$B, ROW()-$C90+1), $B$15:$B$26, 0)) ), $F90 > 0 ), IF(AND($H90<>"", $I90<>""), "OK", "NG"), "-")} -> - | N90: {=IF( $C90 <= IF( INDEX($D$15:$D$26, MATCH(INDEX($B:$B, ROW()-$C90+1), $B$15:$B$26, 0)) = リスト!$O$9, 5, INDEX($D$15:$D$26, MATCH(INDEX($B:$B, ROW()-$C90+1), $B$15:$B$26, 0)) ), IF(AND( LEN(SUBSTITUTE(SUBSTITUTE($D90,CHAR(10),""),CHAR(13),""))<=1000, SUMPRODUCT(--ISNUMBER(FIND({"<";">";"&";"""";"'"}, $D90)))=0, LEN(SUBSTITUTE(SUBSTITUTE($H90,CHAR(10),""),CHAR(13),""))<=1000, SUMPRODUCT(--ISNUMBER(FIND({"<";">";"&";"""";"'"}, $H90)))=0, LEN(SUBSTITUTE(SUBSTITUTE($I90,CHAR(10),""),CHAR(13),""))<=300, SUMPRODUCT(--ISNUMBER(FIND({"<";">";"&";"""";"'"}, $I90)))=0, OR($E90="", IF(ISNUMBER($E90), AND($E90=INT($E90), $E90>=0, LEN(TEXT($E90,"0"))<=12), FALSE)), OR($F90="", IF(ISNUMBER($F90), AND($F90=INT($F90), $F90>=0, LEN(TEXT($F90,"0"))<=12), FALSE)) ), "OK", "NG"), "-")} -> - | O90: {=IF( $C90 <= IF( INDEX($D$15:$D$26, MATCH(INDEX($B:$B, ROW()-$C90+1), $B$15:$B$26, 0)) = リスト!$O$9, 5, INDEX($D$15:$D$26, MATCH(INDEX($B:$B, ROW()-$C90+1), $B$15:$B$26, 0)) ), IF(AND(ISNUMBER($E90), ISNUMBER($F90)), IF(AND( $E90 >= $F90, IF(INDEX($B:$B, ROW()-$C90+1) = $B$31, $F90 >= 100000, TRUE) ), "OK", "NG"), "-"), "-")} -> - | P90: {=IF( $C90 > IF( INDEX($D$15:$D$26, MATCH(INDEX($B:$B, ROW()-$C90+1), $B$15:$B$26, 0)) = リスト!$O$9, 5, INDEX($D$15:$D$26, MATCH(INDEX($B:$B, ROW()-$C90+1), $B$15:$B$26, 0)) ), IF(AND($D90="", $E90="", $F90="", $H90="", $I90=""), "OK", "NG"), "-")} -> OK

Sheet 資金調達表
B2: 補助事業全体に要する経費調達 | F2: 補助金を受けるまでの資金(補助金交付申請額の内訳) | J2: 提出可否
B3: 区分 | C3: 事業に要する経費(円) | D3: 資金の調達先 | F3: 区分 | G3: 事業に要する経費(円) | H3: 資金の調達先 | J3: =IF(COUNTIF(L4:P8,"NG")>0,"NG","OK") -> NG | L3: 必須チェック | N3: 形式チェック | P3: 数値チェック
B4: 自己資金 | F4: 自己資金 | J4: =IF($J$3="NG","※「はじめに」シートの3.②.❸をご確認の上、入力内容に誤りがないかをご確認ください。","") -> ※「はじめに」シートの3.②.❸をご確認の上、入力内容に誤りがないかをご確認ください。 | L4: =IF(C4="", "NG", "OK") -> NG | M4: =IF(G4="", "NG", "OK") -> NG | N4: =IF( OR($C4="", IF(ISNUMBER($C4), AND($C4=INT($C4), $C4>=0, LEN(TEXT($C4,"0"))<=12), FALSE)), "OK", "NG") -> OK | O4: =IF( OR($G4="", IF(ISNUMBER($G4), AND($G4=INT($G4), $G4>=0, LEN(TEXT($G4,"0"))<=12), FALSE)), "OK", "NG") -> OK | P4: =IF($C$5=補助対象予定経費!$G$27,"OK","NG") -> OK
B5: 補助金交付申請額 | C5: =G7 -> 0 | F5: 借入金 | L5: - | M5: =IF(OR(G5="", G5=0), "OK", IF(H5="", "NG", "OK")) -> OK | N5: =IF( OR($C5="", IF(ISNUMBER($C5), AND($C5=INT($C5), $C5>=0, LEN(TEXT($C5,"0"))<=12), FALSE)), "OK", "NG") -> OK | O5: {=IF(AND( OR($G5="", IF(ISNUMBER($G5), AND($G5=INT($G5), $G5>=0, LEN(TEXT($G5,"0"))<=12), FALSE)), LEN(SUBSTITUTE(SUBSTITUTE($H5,CHAR(10),""),CHAR(13),""))<=1000, SUMPRODUCT(--ISNUMBER(FIND({"<";">";"&";"""";"'"}, $H5)))=0 ), "OK", "NG")} -> OK
B6: 借入金 | F6: その他 | L6: =IF(OR(C6="", C6=0), "OK", IF(D6="", "NG", "OK")) -> OK | M6: =IF(OR(G6="", G6=0), "OK", IF(H6="", "NG", "OK")) -> OK | N6: {=IF(AND( OR($C6="", IF(ISNUMBER($C6), AND($C6=INT($C6), $C6>=0, LEN(TEXT($C6,"0"))<=12), FALSE)), LEN(SUBSTITUTE(SUBSTITUTE($D6,CHAR(10),""),CHAR(13),""))<=1000, SUMPRODUCT(--ISNUMBER(FIND({"<";">";"&";"""";"'"}, $D6)))=0 ), "OK", "NG")} -> OK | O6: {=IF(AND( OR($G6="", IF(ISNUMBER($G6), AND($G6=INT($G6), $G6>=0, LEN(TEXT($G6,"0"))<=12), FALSE)), LEN(SUBSTITUTE(SUBSTITUTE($H6,CHAR(10),""),CHAR(13),""))<=1000, SUMPRODUCT(--ISNUMBER(FIND({"<";">";"&";"""";"'"}, $H6)))=0 ), "OK", "NG")} -> OK
B7: その他 | F7: 合計額 | G7: =SUM(G4:G6) -> 0 | L7: =IF(OR(C7="", C7=0), "OK", IF(D7="", "NG", "OK")) -> OK | M7: - | N7: {=IF(AND( OR($C7="", IF(ISNUMBER($C7), AND($C7=INT($C7), $C7>=0, LEN(TEXT($C7,"0"))<=12), FALSE)), LEN(SUBSTITUTE(SUBSTITUTE($D7,CHAR(10),""),CHAR(13),""))<=1000, SUMPRODUCT(--ISNUMBER(FIND({"<";">";"&";"""";"'"}, $D7)))=0 ), "OK", "NG")} -> OK | O7: =IF( OR($G7="", IF(ISNUMBER($G7), AND($G7=INT($G7), $G7>=0, LEN(TEXT($G7,"0"))<=12), FALSE)), "OK", "NG") -> OK
B8: 合計額 | C8: =SUM(C4:C7) -> 0 | L8: - | N8: =IF( OR($C8="", IF(ISNUMBER($C8), AND($C8=INT($C8), $C8>=0, LEN(TEXT($C8,"0"))<=12), FALSE)), "OK", "NG") -> OK

Sheet 【解説・入力例】補助対象予定経費
M1: 必須チェック | N1: 形式チェック | O1: 不要箇所 チェック
C2: 補助対象事業枠 | E2: 革新的新製品・サービス枠 | M2: =IF(E2="","NG","OK") -> OK | N2: - | O2: -
C3: 従業員数 | E3: 18 | M3: =IF(E3="","NG","OK") -> OK | N3: =IFERROR(IF(AND( ISNUMBER(E3),E3=INT(E3),E3>0,LEN(TEXT(E3,"0"))<=3), "OK","NG"),"NG" ) -> OK | O3: -
C4: 従業員数(レンジ) | E4: =IF(OR($E$2="", NOT(ISNUMBER($E3))), "", IF($E$2=リスト!$A$3, IF($E3>=51, リスト!$F$6, IF($E3>=21, リスト!$F$5, IF($E3>=6, リスト!$F$4, IF($E3>=1, リスト!$F$3, "")))), IF(OR($E$2=リスト!$A$4, $E$2=リスト!$A$5), IF($E3>=101, リスト!$G$6, IF($E3>=51, リスト!$G$5, IF($E3>=21, リスト!$G$4, IF($E3>=1, リスト!$G$3, "")))), ""))) -> 6～20人 | M4: - | N4: =IF($E$2=リスト!$A$3, IF(OR($E4="", COUNTIF(リスト!$F$3:$F$6,$E4)>0), "OK", "NG"), IF(OR($E$2=リスト!$A$4, $E$2=リスト!$A$5), IF(OR($E4="", COUNTIF(リスト!$G$3:$G$6,$E4)>0), "OK", "NG"), "-")) -> OK | O4: -
C5: 対象事業者の選択 | E5: 小規模企業者・小規模事業者 | M5: =IF(E5="","NG","OK") -> OK | N5: - | O5: =IF(OR($E$2=リスト!$A$4, $E$2=リスト!$A$5), IF($E5=リスト!$C$4, "NG", "OK"), "-") -> -
C6: 賃上げ特例要件適用有無 | E6: 適用する | K6: 提出可否 | M6: =IF(OR( AND($E$2=リスト!$A$3, $E$5<>リスト!$B$4, OR($E$7=リスト!$D$3, $E$7="")), $E$2=リスト!$A$4, AND($E$2=リスト!$A$5, $E$5<>リスト!$B$4) ), IF(E6="","NG","OK"),"-") -> OK | N6: - | O6: =IF(OR( AND($E$2=リスト!$A$3, OR($E$5=リスト!$B$4, $E7=リスト!$D$4)), AND($E$2=リスト!$A$5, $E$5=リスト!$B$4) ), IF($E6=リスト!$D$4, "NG", "OK"), "-") -> -
C7: 地域別最低賃金引上げ特例要件適用有無 | K7: =IF(COUNTIF(M2:O11, "NG") + COUNTIF(M31:Q90, "NG") + COUNTIF(M15:R27, "NG") > 0, "NG", "OK") -> OK | M7: =IF(OR( AND($E$2=リスト!$A$3, $E$5<>リスト!$B$3, $E$5<>リスト!$B$4, OR($E$6=リスト!$D$3, $E$6="")), $E$2=リスト!$A$4 ), IF(E7="","NG","OK"),"-") -> - | N7: - | O7: =IF(OR( AND($E$2=リスト!$A$3, OR($E$5=リスト!$B$3, $E$5=リスト!$B$4, $E$6=リスト!$D$4)), $E$2=リスト!$A$5 ), IF($E$7=リスト!$D$4, "NG", "OK"), "-") -> OK
C8: 事業計画期間１年当たりの 補助事業で新たに製造等する製品等の 売上高見込み額(税抜き)(円) | E8: 14000000 | K8: =IF($K$7="NG","※「はじめに」シートのXXをご確認の上、入力内容に誤りがないかをご確認ください。","") | M8: =IF(E8="","NG","OK") -> OK | N8: =IF($E8="", "OK", IF(ISNUMBER($E8), IF(AND($E8=INT($E8), $E8>=0, LEN(TEXT($E8,"0"))<=12), "OK", "NG"), "NG")) -> OK | O8: -
C9: 補助率 | E9: =IF($E$2="","", IF($E$2=リスト!$A$3, IF(OR($E$5=リスト!$B$3, $E$5=リスト!$B$4, $E$7=リスト!$D$4), リスト!$E$4, リスト!$E$3), IF($E$2=リスト!$A$4, IF($E$7=リスト!$D$4, リスト!$E$4, リスト!$E$3), IF($E$2=リスト!$A$5, リスト!$E$4, リスト!$E$3 )))) -> 0.66666667 | M9: - | N9: - | O9: -
C10: 補助下限額 | E10: =IF($E$2<>"", IF($E$2=リスト!$A$3, リスト!$I$3, リスト!$L$3),"") -> 1000000 | M10: - | N10: - | O10: -
C11: 補助上限額 | E11: =IF(OR($E$2="",$E$4=""),"", IFERROR( IF($E$2=リスト!$A$3, IF(OR($E$6=リスト!$D$3,$E$6=""), INDEX(リスト!$J$3:$J$6,MATCH($E$4,リスト!$F$3:$F$6,0)), IF($E$6=リスト!$D$4, INDEX(リスト!$K$3:$K$6,MATCH($E$4,リスト!$F$3:$F$6,0)), "")), IF(OR($E$2=リスト!$A$4,$E$2=リスト!$A$5), IF(OR($E$6=リスト!$D$3,$E$6=""), INDEX(リスト!$M$3:$M$6,MATCH($E$4,リスト!$G$3:$G$6,0)), IF($E$6=リスト!$D$4, INDEX(リスト!$N$3:$N$6,MATCH($E$4,リスト!$G$3:$G$6,0)), "")), "")), "")) -> 12500000 | M11: - | N11: - | O11: -
E13: 概要
C14: 補助対象経費区分 | E14: 品目数 | F14: 合計 (A 事業に要する経費(円)) | G14: 合計 (B 補助対象経費(円)) | H14: 合計 (C 補助金交付申請額(円)) | I14: 積算基礎 補助対象経費(概要) | J14: 積算基礎 補助対象外経費 | M14: 必須チェック | O14: 経費区分 チェック | P14: 形式チェック | Q14: 数値チェック | R14: 不要箇所 チェック
C15: 機械装置・システム構築費 | E15: 3 | F15: =SUM(F31:F35) -> 12650000 | G15: =SUM(G31:G35) -> 11500000 | H15: =SUM(H31:H35) -> 7666665 | I15: 急速凍結設備(トンネルフリーザー)1台 7,000,000円、低温乾燥設備1台 2,500,000円、生産管理システム構築一式 2,000,000円。いずれも冷凍水産惣菜の新規製造ラインに専ら使用する設備であり、合計11,500,000円(税抜)を補助対象経費として計上。 | J15: 消費税相当額1,150,000円。設備の年間保守契約料および消耗品費は補助対象外のため計上していない。 | M15: =IF( IF($E$2=リスト!$A$3, NOT(OR($C15=$C$16, $C15=$C$25, $C15=$C$26)), IF($E$2=リスト!$A$4, NOT(OR($C15=$C$25, $C15=$C$26)), IF($E$2=リスト!$A$5, TRUE, FALSE))), IF($E15<>"", "OK", "NG"), "-") -> OK | N15: =IF($G15>0, IF(OR($I15="", $J15=""), "NG", "OK"), "-") -> OK | O15: =IF( IF($E$2=リスト!$A$3, $C15=$C$15, IF(OR($E$2=リスト!$A$4, $E$2=リスト!$A$5), OR($C15=$C$15, $C15=$C$16), FALSE)), IF( IF($E$2=リスト!$A$3, AND($E$15<>"", $E$15<>0), IF(OR($E$2=リスト!$A$4, $E$2=リスト!$A$5), OR(AND($E$15<>"", $E$15<>0), AND($E$16<>"", $E$16<>0)), FALSE)), "OK", "NG"), "-") -> OK | P15: {=IF(AND( LEN(SUBSTITUTE(SUBSTITUTE($I15,CHAR(10),""),CHAR(13),""))<=1000, SUMPRODUCT(--ISNUMBER(FIND({"<";">";"&";"""";"'"}, $I15)))=0, LEN(SUBSTITUTE(SUBSTITUTE($J15,CHAR(10),""),CHAR(13),""))<=1000, SUMPRODUCT(--ISNUMBER(FIND({"<";">";"&";"""";"'"}, $J15)))=0 ), "OK", "NG")} -> OK | Q15: - | R15: =IF( OR( IF($E$2=リスト!$A$3, OR($C15=$C$16, $C15=$C$25, $C15=$C$26), IF($E$2=リスト!$A$4, OR($C15=$C$25, $C15=$C$26), FALSE)), $G15=0 ), IF(OR( AND(IF($E$2=リスト!$A$3, OR($C15=$C$16, $C15=$C$25, $C15=$C$26), IF($E$2=リスト!$A$4, OR($C15=$C$25, $C15=$C$26), FALSE)), OR(AND($E15<>"", $E15<>0), $I15<>"", $J15<>"")), AND($G15=0, $I15<>""), AND($F15=0, $J15<>"") ), "NG", "OK"), "-") -> -
C16: 建物費 | F16: =SUM(F36:F40) -> 0 | G16: =SUM(G36:G40) -> 0 | H16: =SUM(H36:H40) -> 0 | M16: =IF( IF($E$2=リスト!$A$3, NOT(OR($C16=$C$16, $C16=$C$25, $C16=$C$26)), IF($E$2=リスト!$A$4, NOT(OR($C16=$C$25, $C16=$C$26)), IF($E$2=リスト!$A$5, TRUE, FALSE))), IF($E16<>"", "OK", "NG"), "-") -> - | N16: =IF($G16>0, IF(OR($I16="", $J16=""), "NG", "OK"), "-") -> - | O16: =IF( IF($E$2=リスト!$A$3, $C16=$C$15, IF(OR($E$2=リスト!$A$4, $E$2=リスト!$A$5), OR($C16=$C$15, $C16=$C$16), FALSE)), IF( IF($E$2=リスト!$A$3, AND($E$15<>"", $E$15<>0), IF(OR($E$2=リスト!$A$4, $E$2=リスト!$A$5), OR(AND($E$15<>"", $E$15<>0), AND($E$16<>"", $E$16<>0)), FALSE)), "OK", "NG"), "-") -> - | P16: {=IF(AND( LEN(SUBSTITUTE(SUBSTITUTE($I16,CHAR(10),""),CHAR(13),""))<=1000, SUMPRODUCT(--ISNUMBER(FIND({"<";">";"&";"""";"'"}, $I16)))=0, LEN(SUBSTITUTE(SUBSTITUTE($J16,CHAR(10),""),CHAR(13),""))<=1000, SUMPRODUCT(--ISNUMBER(FIND({"<";">";"&";"""";"'"}, $J16)))=0 ), "OK", "NG")} -> OK | Q16: - | R16: =IF( OR( IF($E$2=リスト!$A$3, OR($C16=$C$16, $C16=$C$25, $C16=$C$26), IF($E$2=リスト!$A$4, OR($C16=$C$25, $C16=$C$26), FALSE)), $G16=0 ), IF(OR( AND(IF($E$2=リスト!$A$3, OR($C16=$C$16, $C16=$C$25, $C16=$C$26), IF($E$2=リスト!$A$4, OR($C16=$C$25, $C16=$C$26), FALSE)), OR(AND($E16<>"", $E16<>0), $I16<>"", $J16<>"")), AND($G16=0, $I16<>""), AND($F16=0, $J16<>"") ), "NG", "OK"), "-") -> OK
C17: 運搬費 | E17: 1 | F17: =SUM(F41:F45) -> 220000 | G17: =SUM(G41:G45) -> 200000 | H17: =SUM(H41:H45) -> 133333 | I17: 試作品およびサンプル品の量販店バイヤー向け配送費 200,000円(税抜)。冷凍便20件×10,000円。 | J17: 消費税相当額20,000円。既存商品の通常出荷にかかる運送費は補助対象外のため計上していない。 | M17: =IF( IF($E$2=リスト!$A$3, NOT(OR($C17=$C$16, $C17=$C$25, $C17=$C$26)), IF($E$2=リスト!$A$4, NOT(OR($C17=$C$25, $C17=$C$26)), IF($E$2=リスト!$A$5, TRUE, FALSE))), IF($E17<>"", "OK", "NG"), "-") -> OK | N17: =IF($G17>0, IF(OR($I17="", $J17=""), "NG", "OK"), "-") -> OK | O17: =IF( IF($E$2=リスト!$A$3, $C17=$C$15, IF(OR($E$2=リスト!$A$4, $E$2=リスト!$A$5), OR($C17=$C$15, $C17=$C$16), FALSE)), IF( IF($E$2=リスト!$A$3, AND($E$15<>"", $E$15<>0), IF(OR($E$2=リスト!$A$4, $E$2=リスト!$A$5), OR(AND($E$15<>"", $E$15<>0), AND($E$16<>"", $E$16<>0)), FALSE)), "OK", "NG"), "-") -> - | P17: {=IF(AND( LEN(SUBSTITUTE(SUBSTITUTE($I17,CHAR(10),""),CHAR(13),""))<=1000, SUMPRODUCT(--ISNUMBER(FIND({"<";">";"&";"""";"'"}, $I17)))=0, LEN(SUBSTITUTE(SUBSTITUTE($J17,CHAR(10),""),CHAR(13),""))<=1000, SUMPRODUCT(--ISNUMBER(FIND({"<";">";"&";"""";"'"}, $J17)))=0 ), "OK", "NG")} -> OK | Q17: - | R17: =IF( OR( IF($E$2=リスト!$A$3, OR($C17=$C$16, $C17=$C$25, $C17=$C$26), IF($E$2=リスト!$A$4, OR($C17=$C$25, $C17=$C$26), FALSE)), $G17=0 ), IF(OR( AND(IF($E$2=リスト!$A$3, OR($C17=$C$16, $C17=$C$25, $C17=$C$26), IF($E$2=リスト!$A$4, OR($C17=$C$25, $C17=$C$26), FALSE)), OR(AND($E17<>"", $E17<>0), $I17<>"", $J17<>"")), AND($G17=0, $I17<>""), AND($F17=0, $J17<>"") ), "NG", "OK"), "-") -> -
C18: 技術導入費 | E18: 0 | F18: =SUM(F46:F50) -> 0 | G18: =SUM(G46:G50) -> 0 | H18: =SUM(H46:H50) -> 0 | M18: =IF( IF($E$2=リスト!$A$3, NOT(OR($C18=$C$16, $C18=$C$25, $C18=$C$26)), IF($E$2=リスト!$A$4, NOT(OR($C18=$C$25, $C18=$C$26)), IF($E$2=リスト!$A$5, TRUE, FALSE))), IF($E18<>"", "OK", "NG"), "-") -> OK | N18: =IF($G18>0, IF(OR($I18="", $J18=""), "NG", "OK"), "-") -> - | O18: =IF( IF($E$2=リスト!$A$3, $C18=$C$15, IF(OR($E$2=リスト!$A$4, $E$2=リスト!$A$5), OR($C18=$C$15, $C18=$C$16), FALSE)), IF( IF($E$2=リスト!$A$3, AND($E$15<>"", $E$15<>0), IF(OR($E$2=リスト!$A$4, $E$2=リスト!$A$5), OR(AND($E$15<>"", $E$15<>0), AND($E$16<>"", $E$16<>0)), FALSE)), "OK", "NG"), "-") -> - | P18: {=IF(AND( LEN(SUBSTITUTE(SUBSTITUTE($I18,CHAR(10),""),CHAR(13),""))<=1000, SUMPRODUCT(--ISNUMBER(FIND({"<";">";"&";"""";"'"}, $I18)))=0, LEN(SUBSTITUTE(SUBSTITUTE($J18,CHAR(10),""),CHAR(13),""))<=1000, SUMPRODUCT(--ISNUMBER(FIND({"<";">";"&";"""";"'"}, $J18)))=0 ), "OK", "NG")} -> OK | Q18: =IF(ISNUMBER($E$9), IF($H18 > ($H$27-$H18)/(3*$E$9-1), "NG", "OK"), "-") -> OK | R18: =IF( OR( IF($E$2=リスト!$A$3, OR($C18=$C$16, $C18=$C$25, $C18=$C$26), IF($E$2=リスト!$A$4, OR($C18=$C$25, $C18=$C$26), FALSE)), $G18=0 ), IF(OR( AND(IF($E$2=リスト!$A$3, OR($C18=$C$16, $C18=$C$25, $C18=$C$26), IF($E$2=リスト!$A$4, OR($C18=$C$25, $C18=$C$26), FALSE)), OR(AND($E18<>"", $E18<>0), $I18<>"", $J18<>"")), AND($G18=0, $I18<>""), AND($F18=0, $J18<>"") ), "NG", "OK"), "-") -> OK
C19: 知的財産権等関連経費 | E19: 1 | F19: =SUM(F51:F55) -> 880000 | G19: =SUM(G51:G55) -> 800000 | H19: =SUM(H51:H55) -> 533333 | I19: 新製法(低温乾燥と急速凍結の組合せ)に関する特許出願費用 800,000円(税抜)。弁理士手数料600,000円、出願関連費用200,000円。 | J19: 消費税相当額80,000円。特許登録後の維持年金は補助対象外のため計上していない。 | M19: =IF( IF($E$2=リスト!$A$3, NOT(OR($C19=$C$16, $C19=$C$25, $C19=$C$26)), IF($E$2=リスト!$A$4, NOT(OR($C19=$C$25, $C19=$C$26)), IF($E$2=リスト!$A$5, TRUE, FALSE))), IF($E19<>"", "OK", "NG"), "-") -> OK | N19: =IF($G19>0, IF(OR($I19="", $J19=""), "NG", "OK"), "-") -> OK | O19: =IF( IF($E$2=リスト!$A$3, $C19=$C$15, IF(OR($E$2=リスト!$A$4, $E$2=リスト!$A$5), OR($C19=$C$15, $C19=$C$16), FALSE)), IF( IF($E$2=リスト!$A$3, AND($E$15<>"", $E$15<>0), IF(OR($E$2=リスト!$A$4, $E$2=リスト!$A$5), OR(AND($E$15<>"", $E$15<>0), AND($E$16<>"", $E$16<>0)), FALSE)), "OK", "NG"), "-") -> - | P19: {=IF(AND( LEN(SUBSTITUTE(SUBSTITUTE($I19,CHAR(10),""),CHAR(13),""))<=1000, SUMPRODUCT(--ISNUMBER(FIND({"<";">";"&";"""";"'"}, $I19)))=0, LEN(SUBSTITUTE(SUBSTITUTE($J19,CHAR(10),""),CHAR(13),""))<=1000, SUMPRODUCT(--ISNUMBER(FIND({"<";">";"&";"""";"'"}, $J19)))=0 ), "OK", "NG")} -> OK | Q19: =IF(ISNUMBER($E$9), IF($H19 > ($H$27-$H19)/(3*$E$9-1), "NG", "OK"), "-") -> OK | R19: =IF( OR( IF($E$2=リスト!$A$3, OR($C19=$C$16, $C19=$C$25, $C19=$C$26), IF($E$2=リスト!$A$4, OR($C19=$C$25, $C19=$C$26), FALSE)), $G19=0 ), IF(OR( AND(IF($E$2=リスト!$A$3, OR($C19=$C$16, $C19=$C$25, $C19=$C$26), IF($E$2=リスト!$A$4, OR($C19=$C$25, $C19=$C$26), FALSE)), OR(AND($E19<>"", $E19<>0), $I19<>"", $J19<>"")), AND($G19=0, $I19<>""), AND($F19=0, $J19<>"") ), "NG", "OK"), "-") -> -
C20: 外注費 | E20: 0 | F20: =SUM(F56:F60) -> 0 | G20: =SUM(G56:G60) -> 0 | H20: =SUM(H56:H60) -> 0 | M20: =IF( IF($E$2=リスト!$A$3, NOT(OR($C20=$C$16, $C20=$C$25, $C20=$C$26)), IF($E$2=リスト!$A$4, NOT(OR($C20=$C$25, $C20=$C$26)), IF($E$2=リスト!$A$5, TRUE, FALSE))), IF($E20<>"", "OK", "NG"), "-") -> OK | N20: =IF($G20>0, IF(OR($I20="", $J20=""), "NG", "OK"), "-") -> - | O20: =IF( IF($E$2=リスト!$A$3, $C20=$C$15, IF(OR($E$2=リスト!$A$4, $E$2=リスト!$A$5), OR($C20=$C$15, $C20=$C$16), FALSE)), IF( IF($E$2=リスト!$A$3, AND($E$15<>"", $E$15<>0), IF(OR($E$2=リスト!$A$4, $E$2=リスト!$A$5), OR(AND($E$15<>"", $E$15<>0), AND($E$16<>"", $E$16<>0)), FALSE)), "OK", "NG"), "-") -> - | P20: {=IF(AND( LEN(SUBSTITUTE(SUBSTITUTE($I20,CHAR(10),""),CHAR(13),""))<=1000, SUMPRODUCT(--ISNUMBER(FIND({"<";">";"&";"""";"'"}, $I20)))=0, LEN(SUBSTITUTE(SUBSTITUTE($J20,CHAR(10),""),CHAR(13),""))<=1000, SUMPRODUCT(--ISNUMBER(FIND({"<";">";"&";"""";"'"}, $J20)))=0 ), "OK", "NG")} -> OK | Q20: =IF(ISNUMBER($E$9), IF($H20 > ($H$27-$H20)/(4*$E$9-1), "NG", "OK"), "-") -> OK | R20: =IF( OR( IF($E$2=リスト!$A$3, OR($C20=$C$16, $C20=$C$25, $C20=$C$26), IF($E$2=リスト!$A$4, OR($C20=$C$25, $C20=$C$26), FALSE)), $G20=0 ), IF(OR( AND(IF($E$2=リスト!$A$3, OR($C20=$C$16, $C20=$C$25, $C20=$C$26), IF($E$2=リスト!$A$4, OR($C20=$C$25, $C20=$C$26), FALSE)), OR(AND($E20<>"", $E20<>0), $I20<>"", $J20<>"")), AND($G20=0, $I20<>""), AND($F20=0, $J20<>"") ), "NG", "OK"), "-") -> OK
C21: 専門家経費 | E21: 1 | F21: =SUM(F61:F65) -> 1100000 | G21: =SUM(G61:G65) -> 1000000 | H21: =SUM(H61:H65) -> 666666 | I21: 食品開発およびHACCP対応にかかる技術指導 1,000,000円(税抜)。専門家1名×10回×100,000円。 | J21: 消費税相当額100,000円。専門家の旅費は自社負担とし補助対象外のため計上していない。 | M21: =IF( IF($E$2=リスト!$A$3, NOT(OR($C21=$C$16, $C21=$C$25, $C21=$C$26)), IF($E$2=リスト!$A$4, NOT(OR($C21=$C$25, $C21=$C$26)), IF($E$2=リスト!$A$5, TRUE, FALSE))), IF($E21<>"", "OK", "NG"), "-") -> OK | N21: =IF($G21>0, IF(OR($I21="", $J21=""), "NG", "OK"), "-") -> OK | O21: =IF( IF($E$2=リスト!$A$3, $C21=$C$15, IF(OR($E$2=リスト!$A$4, $E$2=リスト!$A$5), OR($C21=$C$15, $C21=$C$16), FALSE)), IF( IF($E$2=リスト!$A$3, AND($E$15<>"", $E$15<>0), IF(OR($E$2=リスト!$A$4, $E$2=リスト!$A$5), OR(AND($E$15<>"", $E$15<>0), AND($E$16<>"", $E$16<>0)), FALSE)), "OK", "NG"), "-") -> - | P21: {=IF(AND( LEN(SUBSTITUTE(SUBSTITUTE($I21,CHAR(10),""),CHAR(13),""))<=1000, SUMPRODUCT(--ISNUMBER(FIND({"<";">";"&";"""";"'"}, $I21)))=0, LEN(SUBSTITUTE(SUBSTITUTE($J21,CHAR(10),""),CHAR(13),""))<=1000, SUMPRODUCT(--ISNUMBER(FIND({"<";">";"&";"""";"'"}, $J21)))=0 ), "OK", "NG")} -> OK | Q21: =IF(ISNUMBER($E$9), IF($H21 > ($H$27-$H21)/(5*$E$9-1), "NG", "OK"), "-") -> OK | R21: =IF( OR( IF($E$2=リスト!$A$3, OR($C21=$C$16, $C21=$C$25, $C21=$C$26), IF($E$2=リスト!$A$4, OR($C21=$C$25, $C21=$C$26), FALSE)), $G21=0 ), IF(OR( AND(IF($E$2=リスト!$A$3, OR($C21=$C$16, $C21=$C$25, $C21=$C$26), IF($E$2=リスト!$A$4, OR($C21=$C$25, $C21=$C$26), FALSE)), OR(AND($E21<>"", $E21<>0), $I21<>"", $J21<>"")), AND($G21=0, $I21<>""), AND($F21=0, $J21<>"") ), "NG", "OK"), "-") -> -
C22: クラウドサービス利用費 | E22: 0 | F22: =SUM(F66:F70) -> 0 | G22: =SUM(G66:G70) -> 0 | H22: =SUM(H66:H70) -> 0 | M22: =IF( IF($E$2=リスト!$A$3, NOT(OR($C22=$C$16, $C22=$C$25, $C22=$C$26)), IF($E$2=リスト!$A$4, NOT(OR($C22=$C$25, $C22=$C$26)), IF($E$2=リスト!$A$5, TRUE, FALSE))), IF($E22<>"", "OK", "NG"), "-") -> OK | N22: =IF($G22>0, IF(OR($I22="", $J22=""), "NG", "OK"), "-") -> - | O22: =IF( IF($E$2=リスト!$A$3, $C22=$C$15, IF(OR($E$2=リスト!$A$4, $E$2=リスト!$A$5), OR($C22=$C$15, $C22=$C$16), FALSE)), IF( IF($E$2=リスト!$A$3, AND($E$15<>"", $E$15<>0), IF(OR($E$2=リスト!$A$4, $E$2=リスト!$A$5), OR(AND($E$15<>"", $E$15<>0), AND($E$16<>"", $E$16<>0)), FALSE)), "OK", "NG"), "-") -> - | P22: {=IF(AND( LEN(SUBSTITUTE(SUBSTITUTE($I22,CHAR(10),""),CHAR(13),""))<=1000, SUMPRODUCT(--ISNUMBER(FIND({"<";">";"&";"""";"'"}, $I22)))=0, LEN(SUBSTITUTE(SUBSTITUTE($J22,CHAR(10),""),CHAR(13),""))<=1000, SUMPRODUCT(--ISNUMBER(FIND({"<";">";"&";"""";"'"}, $J22)))=0 ), "OK", "NG")} -> OK | Q22: - | R22: =IF( OR( IF($E$2=リスト!$A$3, OR($C22=$C$16, $C22=$C$25, $C22=$C$26), IF($E$2=リスト!$A$4, OR($C22=$C$25, $C22=$C$26), FALSE)), $G22=0 ), IF(OR( AND(IF($E$2=リスト!$A$3, OR($C22=$C$16, $C22=$C$25, $C22=$C$26), IF($E$2=リスト!$A$4, OR($C22=$C$25, $C22=$C$26), FALSE)), OR(AND($E22<>"", $E22<>0), $I22<>"", $J22<>"")), AND($G22=0, $I22<>""), AND($F22=0, $J22<>"") ), "NG", "OK"), "-") -> OK
C23: 原材料費 | E23: 1 | F23: =SUM(F71:F75) -> 550000 | G23: =SUM(G71:G75) -> 500000 | H23: =SUM(H71:H75) -> 333333 | I23: 試作用原材料費 500,000円(税抜)。生鮮魚500kg×800円、調味料および包装資材一式100,000円。 | J23: 消費税相当額50,000円。量産開始後に使用する原材料は補助対象外のため計上していない。 | M23: =IF( IF($E$2=リスト!$A$3, NOT(OR($C23=$C$16, $C23=$C$25, $C23=$C$26)), IF($E$2=リスト!$A$4, NOT(OR($C23=$C$25, $C23=$C$26)), IF($E$2=リスト!$A$5, TRUE, FALSE))), IF($E23<>"", "OK", "NG"), "-") -> OK | N23: =IF($G23>0, IF(OR($I23="", $J23=""), "NG", "OK"), "-") -> OK | O23: =IF( IF($E$2=リスト!$A$3, $C23=$C$15, IF(OR($E$2=リスト!$A$4, $E$2=リスト!$A$5), OR($C23=$C$15, $C23=$C$16), FALSE)), IF( IF($E$2=リスト!$A$3, AND($E$15<>"", $E$15<>0), IF(OR($E$2=リスト!$A$4, $E$2=リスト!$A$5), OR(AND($E$15<>"", $E$15<>0), AND($E$16<>"", $E$16<>0)), FALSE)), "OK", "NG"), "-") -> - | P23: {=IF(AND( LEN(SUBSTITUTE(SUBSTITUTE($I23,CHAR(10),""),CHAR(13),""))<=1000, SUMPRODUCT(--ISNUMBER(FIND({"<";">";"&";"""";"'"}, $I23)))=0, LEN(SUBSTITUTE(SUBSTITUTE($J23,CHAR(10),""),CHAR(13),""))<=1000, SUMPRODUCT(--ISNUMBER(FIND({"<";">";"&";"""";"'"}, $J23)))=0 ), "OK", "NG")} -> OK | Q23: - | R23: =IF( OR( IF($E$2=リスト!$A$3, OR($C23=$C$16, $C23=$C$25, $C23=$C$26), IF($E$2=リスト!$A$4, OR($C23=$C$25, $C23=$C$26), FALSE)), $G23=0 ), IF(OR( AND(IF($E$2=リスト!$A$3, OR($C23=$C$16, $C23=$C$25, $C23=$C$26), IF($E$2=リスト!$A$4, OR($C23=$C$25, $C23=$C$26), FALSE)), OR(AND($E23<>"", $E23<>0), $I23<>"", $J23<>"")), AND($G23=0, $I23<>""), AND($F23=0, $J23<>"") ), "NG", "OK"), "-") -> -
C24: 広告宣伝・販売促進費 | E24: 1 | F24: =SUM(F76:F80) -> 1100000 | G24: =SUM(G76:G80) -> 1000000 | H24: =SUM(H76:H80) -> 666666 | I24: 新製品の展示会出展料および販促物制作費 1,000,000円(税抜)。食品見本市出展料600,000円、カタログおよびPOP制作費400,000円。 | J24: 消費税相当額100,000円。展示会への出張旅費は補助対象外のため計上していない。 | M24: =IF( IF($E$2=リスト!$A$3, NOT(OR($C24=$C$16, $C24=$C$25, $C24=$C$26)), IF($E$2=リスト!$A$4, NOT(OR($C24=$C$25, $C24=$C$26)), IF($E$2=リスト!$A$5, TRUE, FALSE))), IF($E24<>"", "OK", "NG"), "-") -> OK | N24: =IF($G24>0, IF(OR($I24="", $J24=""), "NG", "OK"), "-") -> OK | O24: =IF( IF($E$2=リスト!$A$3, $C24=$C$15, IF(OR($E$2=リスト!$A$4, $E$2=リスト!$A$5), OR($C24=$C$15, $C24=$C$16), FALSE)), IF( IF($E$2=リスト!$A$3, AND($E$15<>"", $E$15<>0), IF(OR($E$2=リスト!$A$4, $E$2=リスト!$A$5), OR(AND($E$15<>"", $E$15<>0), AND($E$16<>"", $E$16<>0)), FALSE)), "OK", "NG"), "-") -> - | P24: {=IF(AND( LEN(SUBSTITUTE(SUBSTITUTE($I24,CHAR(10),""),CHAR(13),""))<=1000, SUMPRODUCT(--ISNUMBER(FIND({"<";">";"&";"""";"'"}, $I24)))=0, LEN(SUBSTITUTE(SUBSTITUTE($J24,CHAR(10),""),CHAR(13),""))<=1000, SUMPRODUCT(--ISNUMBER(FIND({"<";">";"&";"""";"'"}, $J24)))=0 ), "OK", "NG")} -> OK | Q24: =IF(ISNUMBER($E$8), IF($H24 > $E$8*0.05, "NG", "OK"), "-") -> OK | R24: =IF( OR( IF($E$2=リスト!$A$3, OR($C24=$C$16, $C24=$C$25, $C24=$C$26), IF($E$2=リスト!$A$4, OR($C24=$C$25, $C24=$C$26), FALSE)), $G24=0 ), IF(OR( AND(IF($E$2=リスト!$A$3, OR($C24=$C$16, $C24=$C$25, $C24=$C$26), IF($E$2=リスト!$A$4, OR($C24=$C$25, $C24=$C$26), FALSE)), OR(AND($E24<>"", $E24<>0), $I24<>"", $J24<>"")), AND($G24=0, $I24<>""), AND($F24=0, $J24<>"") ), "NG", "OK"), "-") -> -
C25: 海外旅費 | F25: =SUM(F81:F85) -> 0 | G25: =SUM(G81:G85) -> 0 | H25: =SUM(H81:H85) -> 0 | M25: =IF( IF($E$2=リスト!$A$3, NOT(OR($C25=$C$16, $C25=$C$25, $C25=$C$26)), IF($E$2=リスト!$A$4, NOT(OR($C25=$C$25, $C25=$C$26)), IF($E$2=リスト!$A$5, TRUE, FALSE))), IF($E25<>"", "OK", "NG"), "-") -> - | N25: =IF($G25>0, IF(OR($I25="", $J25=""), "NG", "OK"), "-") -> - | O25: =IF( IF($E$2=リスト!$A$3, $C25=$C$15, IF(OR($E$2=リスト!$A$4, $E$2=リスト!$A$5), OR($C25=$C$15, $C25=$C$16), FALSE)), IF( IF($E$2=リスト!$A$3, AND($E$15<>"", $E$15<>0), IF(OR($E$2=リスト!$A$4, $E$2=リスト!$A$5), OR(AND($E$15<>"", $E$15<>0), AND($E$16<>"", $E$16<>0)), FALSE)), "OK", "NG"), "-") -> - | P25: {=IF(AND( LEN(SUBSTITUTE(SUBSTITUTE($I25,CHAR(10),""),CHAR(13),""))<=1000, SUMPRODUCT(--ISNUMBER(FIND({"<";">";"&";"""";"'"}, $I25)))=0, LEN(SUBSTITUTE(SUBSTITUTE($J25,CHAR(10),""),CHAR(13),""))<=1000, SUMPRODUCT(--ISNUMBER(FIND({"<";">";"&";"""";"'"}, $J25)))=0 ), "OK", "NG")} -> OK | Q25: =IF(ISNUMBER($E$9), IF($H25 > ($H$27-$H25)/(5*$E$9-1), "NG", "OK"), "-") -> OK | R25: =IF( OR( IF($E$2=リスト!$A$3, OR($C25=$C$16, $C25=$C$25, $C25=$C$26), IF($E$2=リスト!$A$4, OR($C25=$C$25, $C25=$C$26), FALSE)), $G25=0 ), IF(OR( AND(IF($E$2=リスト!$A$3, OR($C25=$C$16, $C25=$C$25, $C25=$C$26), IF($E$2=リスト!$A$4, OR($C25=$C$25, $C25=$C$26), FALSE)), OR(AND($E25<>"", $E25<>0), $I25<>"", $J25<>"")), AND($G25=0, $I25<>""), AND($F25=0, $J25<>"") ), "NG", "OK"), "-") -> OK
C26: 通訳・翻訳費 | F26: =SUM(F86:F90) -> 0 | G26: =SUM(G86:G90) -> 0 | H26: =SUM(H86:H90) -> 0 | M26: =IF( IF($E$2=リスト!$A$3, NOT(OR($C26=$C$16, $C26=$C$25, $C26=$C$26)), IF($E$2=リスト!$A$4, NOT(OR($C26=$C$25, $C26=$C$26)), IF($E$2=リスト!$A$5, TRUE, FALSE))), IF($E26<>"", "OK", "NG"), "-") -> - | N26: =IF($G26>0, IF(OR($I26="", $J26=""), "NG", "OK"), "-") -> - | O26: =IF( IF($E$2=リスト!$A$3, $C26=$C$15, IF(OR($E$2=リスト!$A$4, $E$2=リスト!$A$5), OR($C26=$C$15, $C26=$C$16), FALSE)), IF( IF($E$2=リスト!$A$3, AND($E$15<>"", $E$15<>0), IF(OR($E$2=リスト!$A$4, $E$2=リスト!$A$5), OR(AND($E$15<>"", $E$15<>0), AND($E$16<>"", $E$16<>0)), FALSE)), "OK", "NG"), "-") -> - | P26: {=IF(AND( LEN(SUBSTITUTE(SUBSTITUTE($I26,CHAR(10),""),CHAR(13),""))<=1000, SUMPRODUCT(--ISNUMBER(FIND({"<";">";"&";"""";"'"}, $I26)))=0, LEN(SUBSTITUTE(SUBSTITUTE($J26,CHAR(10),""),CHAR(13),""))<=1000, SUMPRODUCT(--ISNUMBER(FIND({"<";">";"&";"""";"'"}, $J26)))=0 ), "OK", "NG")} -> OK | Q26: =IF($H26 > 300000, "NG", "OK") -> OK | R26: =IF( OR( IF($E$2=リスト!$A$3, OR($C26=$C$16, $C26=$C$25, $C26=$C$26), IF($E$2=リスト!$A$4, OR($C26=$C$25, $C26=$C$26), FALSE)), $G26=0 ), IF(OR( AND(IF($E$2=リスト!$A$3, OR($C26=$C$16, $C26=$C$25, $C26=$C$26), IF($E$2=リスト!$A$4, OR($C26=$C$25, $C26=$C$26), FALSE)), OR(AND($E26<>"", $E26<>0), $I26<>"", $J26<>"")), AND($G26=0, $I26<>""), AND($F26=0, $J26<>"") ), "NG", "OK"), "-") -> OK
C27: 合計 | F27: =SUM(F15:F26) -> 16500000 | G27: =SUM(G15:G26) -> 15000000 | H27: =SUM(H15:H26) -> 9999996 | M27: - | N27: - | O27: =IF( IF($E$2=リスト!$A$3, $C27=$C$15, IF(OR($E$2=リスト!$A$4, $E$2=リスト!$A$5), OR($C27=$C$15, $C27=$C$16), FALSE)), IF( IF($E$2=リスト!$A$3, AND($E$15<>"", $E$15<>0), IF(OR($E$2=リスト!$A$4, $E$2=リスト!$A$5), OR(AND($E$15<>"", $E$15<>0), AND($E$16<>"", $E$16<>0)), FALSE)), "OK", "NG"), "-") -> - | P27: - | Q27: =IF(AND(ISNUMBER($E$10), ISNUMBER($E$11)), IF(OR( $H$27 < $E$10, $H$27 > $E$11 ), "NG", "OK"), "-") -> OK | R27: -
E29: 詳細
C30: 補助対象経費区分 | D30: No | E30: 名称 | F30: A 事業に要する経費(税込み)(円) | G30: B 補助対象経費(税抜き)(円) | H30: C 補助金交付申請額(円) | I30: 積算基礎 補助対象経費 | J30: 補助対象経費の必要性 | K30: 内訳に含まれる経費の種類 | M30: 必須チェック | O30: 形式チェック | P30: 数値チェック | Q30: 不要箇所 チェック
C31: 機械装置・システム構築費 | D31: 1 | E31: 急速凍結設備(トンネルフリーザー) | F31: 7700000 | G31: 7000000 | H31: =IF(ISNUMBER($E$9),ROUNDDOWN(G31*$E$9,0),"-") -> 4666666 | I31: トンネルフリーザー1台×7,000,000円(税抜)。見積書のとおり。 | J31: 水揚げ直後の鮮度と食感を保つためには、マイナス35度以下で一気に凍結する専用設備が不可欠である。既存の緩慢凍結設備では氷結晶が大きくなり、解凍時の身崩れとドリップが避けられず、本事業で目指す店舗品質の再現ができないため導入が必要である。 | K31: 機械装置のみ | M31: {=IF( $D31 <= IF( INDEX($E$15:$E$26, MATCH(INDEX($C:$C, ROW()-$D31+1), $C$15:$C$26, 0)) = リスト!$O$9, 5, INDEX($E$15:$E$26, MATCH(INDEX($C:$C, ROW()-$D31+1), $C$15:$C$26, 0)) ), IF(AND($E31<>"", $F31<>"", $G31<>""), "OK", "NG"), "-")} -> OK | N31: {=IF(AND( $D31 <= IF( INDEX($E$15:$E$26, MATCH(INDEX($C:$C, ROW()-$D31+1), $C$15:$C$26, 0)) = リスト!$O$9, 5, INDEX($E$15:$E$26, MATCH(INDEX($C:$C, ROW()-$D31+1), $C$15:$C$26, 0)) ), $G31 > 0 ), IF(AND($I31<>"", $J31<>"", $K31<>""), "OK", "NG"), "-")} -> OK | O31: {=IF( $D31 <= IF( INDEX($E$15:$E$26, MATCH(INDEX($C:$C, ROW()-$D31+1), $C$15:$C$26, 0)) = リスト!$O$9, 5, INDEX($E$15:$E$26, MATCH(INDEX($C:$C, ROW()-$D31+1), $C$15:$C$26, 0)) ), IF(AND( LEN(SUBSTITUTE(SUBSTITUTE($E31,CHAR(10),""),CHAR(13),""))<=1000, SUMPRODUCT(--ISNUMBER(FIND({"<";">";"&";"""";"'"}, $E31)))=0, LEN(SUBSTITUTE(SUBSTITUTE($I31,CHAR(10),""),CHAR(13),""))<=1000, SUMPRODUCT(--ISNUMBER(FIND({"<";">";"&";"""";"'"}, $I31)))=0, LEN(SUBSTITUTE(SUBSTITUTE($J31,CHAR(10),""),CHAR(13),""))<=300, SUMPRODUCT(--ISNUMBER(FIND({"<";">";"&";"""";"'"}, $J31)))=0, OR($F31="", IF(ISNUMBER($F31), AND($F31=INT($F31), $F31>=0, LEN(TEXT($F31,"0"))<=12), FALSE)), OR($G31="", IF(ISNUMBER($G31), AND($G31=INT($G31), $G31>=0, LEN(TEXT($G31,"0"))<=12), FALSE)) ), "OK", "NG"), "-")} -> OK | P31: {=IF( $D31 <= IF( INDEX($E$15:$E$26, MATCH(INDEX($C:$C, ROW()-$D31+1), $C$15:$C$26, 0)) = リスト!$O$9, 5, INDEX($E$15:$E$26, MATCH(INDEX($C:$C, ROW()-$D31+1), $C$15:$C$26, 0)) ), IF(AND(ISNUMBER($F31), ISNUMBER($G31)), IF(AND( $F31 >= $G31, IF(INDEX($C:$C, ROW()-$D31+1) = $C$31, $G31 >= 100000, TRUE) ), "OK", "NG"), "-"), "-")} -> OK | Q31: {=IF( $D31 > IF( INDEX($E$15:$E$26, MATCH(INDEX($C:$C, ROW()-$D31+1), $C$15:$C$26, 0)) = リスト!$O$9, 5, INDEX($E$15:$E$26, MATCH(INDEX($C:$C, ROW()-$D31+1), $C$15:$C$26, 0)) ), IF(AND($E31="", $F31="", $G31="", $I31="", $J31="", $K31=""), "OK", "NG"), "-")} -> -
D32: 2 | E32: 低温乾燥設備 | F32: 2750000 | G32: 2500000 | H32: =IF(ISNUMBER($E$9),ROUNDDOWN(G32*$E$9,0),"-") -> 1666666 | I32: 低温乾燥機1台×2,500,000円(税抜)。見積書のとおり。 | J32: 素材の風味と旨味を損なわずに水分量を精密に調整する低温乾燥工程が新製品の要となる。現有の乾燥設備は温度制御の精度が低く、新製法に必要な条件を満たせないため、専用設備の導入が必要である。 | K32: 機械装置のみ | M32: {=IF( $D32 <= IF( INDEX($E$15:$E$26, MATCH(INDEX($C:$C, ROW()-$D32+1), $C$15:$C$26, 0)) = リスト!$O$9, 5, INDEX($E$15:$E$26, MATCH(INDEX($C:$C, ROW()-$D32+1), $C$15:$C$26, 0)) ), IF(AND($E32<>"", $F32<>"", $G32<>""), "OK", "NG"), "-")} -> OK | N32: {=IF(AND( $D32 <= IF( INDEX($E$15:$E$26, MATCH(INDEX($C:$C, ROW()-$D32+1), $C$15:$C$26, 0)) = リスト!$O$9, 5, INDEX($E$15:$E$26, MATCH(INDEX($C:$C, ROW()-$D32+1), $C$15:$C$26, 0)) ), $G32 > 0 ), IF(AND($I32<>"", $J32<>"", $K32<>""), "OK", "NG"), "-")} -> OK | O32: {=IF( $D32 <= IF( INDEX($E$15:$E$26, MATCH(INDEX($C:$C, ROW()-$D32+1), $C$15:$C$26, 0)) = リスト!$O$9, 5, INDEX($E$15:$E$26, MATCH(INDEX($C:$C, ROW()-$D32+1), $C$15:$C$26, 0)) ), IF(AND( LEN(SUBSTITUTE(SUBSTITUTE($E32,CHAR(10),""),CHAR(13),""))<=1000, SUMPRODUCT(--ISNUMBER(FIND({"<";">";"&";"""";"'"}, $E32)))=0, LEN(SUBSTITUTE(SUBSTITUTE($I32,CHAR(10),""),CHAR(13),""))<=1000, SUMPRODUCT(--ISNUMBER(FIND({"<";">";"&";"""";"'"}, $I32)))=0, LEN(SUBSTITUTE(SUBSTITUTE($J32,CHAR(10),""),CHAR(13),""))<=300, SUMPRODUCT(--ISNUMBER(FIND({"<";">";"&";"""";"'"}, $J32)))=0, OR($F32="", IF(ISNUMBER($F32), AND($F32=INT($F32), $F32>=0, LEN(TEXT($F32,"0"))<=12), FALSE)), OR($G32="", IF(ISNUMBER($G32), AND($G32=INT($G32), $G32>=0, LEN(TEXT($G32,"0"))<=12), FALSE)) ), "OK", "NG"), "-")} -> OK | P32: {=IF( $D32 <= IF( INDEX($E$15:$E$26, MATCH(INDEX($C:$C, ROW()-$D32+1), $C$15:$C$26, 0)) = リスト!$O$9, 5, INDEX($E$15:$E$26, MATCH(INDEX($C:$C, ROW()-$D32+1), $C$15:$C$26, 0)) ), IF(AND(ISNUMBER($F32), ISNUMBER($G32)), IF(AND( $F32 >= $G32, IF(INDEX($C:$C, ROW()-$D32+1) = $C$31, $G32 >= 100000, TRUE) ), "OK", "NG"), "-"), "-")} -> OK | Q32: {=IF( $D32 > IF( INDEX($E$15:$E$26, MATCH(INDEX($C:$C, ROW()-$D32+1), $C$15:$C$26, 0)) = リスト!$O$9, 5, INDEX($E$15:$E$26, MATCH(INDEX($C:$C, ROW()-$D32+1), $C$15:$C$26, 0)) ), IF(AND($E32="", $F32="", $G32="", $I32="", $J32="", $K32=""), "OK", "NG"), "-")} -> -
D33: 3 | E33: 生産管理システム構築一式 | F33: 2200000 | G33: 2000000 | H33: =IF(ISNUMBER($E$9),ROUNDDOWN(G33*$E$9,0),"-") -> 1333333 | I33: 生産管理システム構築一式×2,000,000円(税抜)。要件定義、開発、導入支援を含む。 | J33: 新ラインの製造ロット、温度履歴、原材料の受入から出荷までの情報を一元管理し、冷凍調理済み惣菜に求められる衛生管理と品質保証を確実に行うために必要である。現行は紙帳票による管理であり、新製品の品質要求水準に対応できない。 | K33: システム構築のみ | M33: {=IF( $D33 <= IF( INDEX($E$15:$E$26, MATCH(INDEX($C:$C, ROW()-$D33+1), $C$15:$C$26, 0)) = リスト!$O$9, 5, INDEX($E$15:$E$26, MATCH(INDEX($C:$C, ROW()-$D33+1), $C$15:$C$26, 0)) ), IF(AND($E33<>"", $F33<>"", $G33<>""), "OK", "NG"), "-")} -> OK | N33: {=IF(AND( $D33 <= IF( INDEX($E$15:$E$26, MATCH(INDEX($C:$C, ROW()-$D33+1), $C$15:$C$26, 0)) = リスト!$O$9, 5, INDEX($E$15:$E$26, MATCH(INDEX($C:$C, ROW()-$D33+1), $C$15:$C$26, 0)) ), $G33 > 0 ), IF(AND($I33<>"", $J33<>"", $K33<>""), "OK", "NG"), "-")} -> OK | O33: {=IF( $D33 <= IF( INDEX($E$15:$E$26, MATCH(INDEX($C:$C, ROW()-$D33+1), $C$15:$C$26, 0)) = リスト!$O$9, 5, INDEX($E$15:$E$26, MATCH(INDEX($C:$C, ROW()-$D33+1), $C$15:$C$26, 0)) ), IF(AND( LEN(SUBSTITUTE(SUBSTITUTE($E33,CHAR(10),""),CHAR(13),""))<=1000, SUMPRODUCT(--ISNUMBER(FIND({"<";">";"&";"""";"'"}, $E33)))=0, LEN(SUBSTITUTE(SUBSTITUTE($I33,CHAR(10),""),CHAR(13),""))<=1000, SUMPRODUCT(--ISNUMBER(FIND({"<";">";"&";"""";"'"}, $I33)))=0, LEN(SUBSTITUTE(SUBSTITUTE($J33,CHAR(10),""),CHAR(13),""))<=300, SUMPRODUCT(--ISNUMBER(FIND({"<";">";"&";"""";"'"}, $J33)))=0, OR($F33="", IF(ISNUMBER($F33), AND($F33=INT($F33), $F33>=0, LEN(TEXT($F33,"0"))<=12), FALSE)), OR($G33="", IF(ISNUMBER($G33), AND($G33=INT($G33), $G33>=0, LEN(TEXT($G33,"0"))<=12), FALSE)) ), "OK", "NG"), "-")} -> OK | P33: {=IF( $D33 <= IF( INDEX($E$15:$E$26, MATCH(INDEX($C:$C, ROW()-$D33+1), $C$15:$C$26, 0)) = リスト!$O$9, 5, INDEX($E$15:$E$26, MATCH(INDEX($C:$C, ROW()-$D33+1), $C$15:$C$26, 0)) ), IF(AND(ISNUMBER($F33), ISNUMBER($G33)), IF(AND( $F33 >= $G33, IF(INDEX($C:$C, ROW()-$D33+1) = $C$31, $G33 >= 100000, TRUE) ), "OK", "NG"), "-"), "-")} -> OK | Q33: {=IF( $D33 > IF( INDEX($E$15:$E$26, MATCH(INDEX($C:$C, ROW()-$D33+1), $C$15:$C$26, 0)) = リスト!$O$9, 5, INDEX($E$15:$E$26, MATCH(INDEX($C:$C, ROW()-$D33+1), $C$15:$C$26, 0)) ), IF(AND($E33="", $F33="", $G33="", $I33="", $J33="", $K33=""), "OK", "NG"), "-")} -> -
D34: 4 | H34: =IF(ISNUMBER($E$9),ROUNDDOWN(G34*$E$9,0),"-") -> 0 | M34: {=IF( $D34 <= IF( INDEX($E$15:$E$26, MATCH(INDEX($C:$C, ROW()-$D34+1), $C$15:$C$26, 0)) = リスト!$O$9, 5, INDEX($E$15:$E$26, MATCH(INDEX($C:$C, ROW()-$D34+1), $C$15:$C$26, 0)) ), IF(AND($E34<>"", $F34<>"", $G34<>""), "OK", "NG"), "-")} -> - | N34: {=IF(AND( $D34 <= IF( INDEX($E$15:$E$26, MATCH(INDEX($C:$C, ROW()-$D34+1), $C$15:$C$26, 0)) = リスト!$O$9, 5, INDEX($E$15:$E$26, MATCH(INDEX($C:$C, ROW()-$D34+1), $C$15:$C$26, 0)) ), $G34 > 0 ), IF(AND($I34<>"", $J34<>"", $K34<>""), "OK", "NG"), "-")} -> - | O34: {=IF( $D34 <= IF( INDEX($E$15:$E$26, MATCH(INDEX($C:$C, ROW()-$D34+1), $C$15:$C$26, 0)) = リスト!$O$9, 5, INDEX($E$15:$E$26, MATCH(INDEX($C:$C, ROW()-$D34+1), $C$15:$C$26, 0)) ), IF(AND( LEN(SUBSTITUTE(SUBSTITUTE($E34,CHAR(10),""),CHAR(13),""))<=1000, SUMPRODUCT(--ISNUMBER(FIND({"<";">";"&";"""";"'"}, $E34)))=0, LEN(SUBSTITUTE(SUBSTITUTE($I34,CHAR(10),""),CHAR(13),""))<=1000, SUMPRODUCT(--ISNUMBER(FIND({"<";">";"&";"""";"'"}, $I34)))=0, LEN(SUBSTITUTE(SUBSTITUTE($J34,CHAR(10),""),CHAR(13),""))<=300, SUMPRODUCT(--ISNUMBER(FIND({"<";">";"&";"""";"'"}, $J34)))=0, OR($F34="", IF(ISNUMBER($F34), AND($F34=INT($F34), $F34>=0, LEN(TEXT($F34,"0"))<=12), FALSE)), OR($G34="", IF(ISNUMBER($G34), AND($G34=INT($G34), $G34>=0, LEN(TEXT($G34,"0"))<=12), FALSE)) ), "OK", "NG"), "-")} -> - | P34: {=IF( $D34 <= IF( INDEX($E$15:$E$26, MATCH(INDEX($C:$C, ROW()-$D34+1), $C$15:$C$26, 0)) = リスト!$O$9, 5, INDEX($E$15:$E$26, MATCH(INDEX($C:$C, ROW()-$D34+1), $C$15:$C$26, 0)) ), IF(AND(ISNUMBER($F34), ISNUMBER($G34)), IF(AND( $F34 >= $G34, IF(INDEX($C:$C, ROW()-$D34+1) = $C$31, $G34 >= 100000, TRUE) ), "OK", "NG"), "-"), "-")} -> - | Q34: {=IF( $D34 > IF( INDEX($E$15:$E$26, MATCH(INDEX($C:$C, ROW()-$D34+1), $C$15:$C$26, 0)) = リスト!$O$9, 5, INDEX($E$15:$E$26, MATCH(INDEX($C:$C, ROW()-$D34+1), $C$15:$C$26, 0)) ), IF(AND($E34="", $F34="", $G34="", $I34="", $J34="", $K34=""), "OK", "NG"), "-")} -> OK
D35: 5 | H35: =IF(ISNUMBER($E$9),ROUNDDOWN(G35*$E$9,0),"-") -> 0 | M35: {=IF( $D35 <= IF( INDEX($E$15:$E$26, MATCH(INDEX($C:$C, ROW()-$D35+1), $C$15:$C$26, 0)) = リスト!$O$9, 5, INDEX($E$15:$E$26, MATCH(INDEX($C:$C, ROW()-$D35+1), $C$15:$C$26, 0)) ), IF(AND($E35<>"", $F35<>"", $G35<>""), "OK", "NG"), "-")} -> - | N35: {=IF(AND( $D35 <= IF( INDEX($E$15:$E$26, MATCH(INDEX($C:$C, ROW()-$D35+1), $C$15:$C$26, 0)) = リスト!$O$9, 5, INDEX($E$15:$E$26, MATCH(INDEX($C:$C, ROW()-$D35+1), $C$15:$C$26, 0)) ), $G35 > 0 ), IF(AND($I35<>"", $J35<>"", $K35<>""), "OK", "NG"), "-")} -> - | O35: {=IF( $D35 <= IF( INDEX($E$15:$E$26, MATCH(INDEX($C:$C, ROW()-$D35+1), $C$15:$C$26, 0)) = リスト!$O$9, 5, INDEX($E$15:$E$26, MATCH(INDEX($C:$C, ROW()-$D35+1), $C$15:$C$26, 0)) ), IF(AND( LEN(SUBSTITUTE(SUBSTITUTE($E35,CHAR(10),""),CHAR(13),""))<=1000, SUMPRODUCT(--ISNUMBER(FIND({"<";">";"&";"""";"'"}, $E35)))=0, LEN(SUBSTITUTE(SUBSTITUTE($I35,CHAR(10),""),CHAR(13),""))<=1000, SUMPRODUCT(--ISNUMBER(FIND({"<";">";"&";"""";"'"}, $I35)))=0, LEN(SUBSTITUTE(SUBSTITUTE($J35,CHAR(10),""),CHAR(13),""))<=300, SUMPRODUCT(--ISNUMBER(FIND({"<";">";"&";"""";"'"}, $J35)))=0, OR($F35="", IF(ISNUMBER($F35), AND($F35=INT($F35), $F35>=0, LEN(TEXT($F35,"0"))<=12), FALSE)), OR($G35="", IF(ISNUMBER($G35), AND($G35=INT($G35), $G35>=0, LEN(TEXT($G35,"0"))<=12), FALSE)) ), "OK", "NG"), "-")} -> - | P35: {=IF( $D35 <= IF( INDEX($E$15:$E$26, MATCH(INDEX($C:$C, ROW()-$D35+1), $C$15:$C$26, 0)) = リスト!$O$9, 5, INDEX($E$15:$E$26, MATCH(INDEX($C:$C, ROW()-$D35+1), $C$15:$C$26, 0)) ), IF(AND(ISNUMBER($F35), ISNUMBER($G35)), IF(AND( $F35 >= $G35, IF(INDEX($C:$C, ROW()-$D35+1) = $C$31, $G35 >= 100000, TRUE) ), "OK", "NG"), "-"), "-")} -> - | Q35: {=IF( $D35 > IF( INDEX($E$15:$E$26, MATCH(INDEX($C:$C, ROW()-$D35+1), $C$15:$C$26, 0)) = リスト!$O$9, 5, INDEX($E$15:$E$26, MATCH(INDEX($C:$C, ROW()-$D35+1), $C$15:$C$26, 0)) ), IF(AND($E35="", $F35="", $G35="", $I35="", $J35="", $K35=""), "OK", "NG"), "-")} -> OK
C36: 建物費 | D36: 1 | H36: =IF(ISNUMBER($E$9),ROUNDDOWN(G36*$E$9,0),"-") -> 0 | M36: {=IF( $D36 <= IF( INDEX($E$15:$E$26, MATCH(INDEX($C:$C, ROW()-$D36+1), $C$15:$C$26, 0)) = リスト!$O$9, 5, INDEX($E$15:$E$26, MATCH(INDEX($C:$C, ROW()-$D36+1), $C$15:$C$26, 0)) ), IF(AND($E36<>"", $F36<>"", $G36<>""), "OK", "NG"), "-")} -> - | N36: {=IF(AND( $D36 <= IF( INDEX($E$15:$E$26, MATCH(INDEX($C:$C, ROW()-$D36+1), $C$15:$C$26, 0)) = リスト!$O$9, 5, INDEX($E$15:$E$26, MATCH(INDEX($C:$C, ROW()-$D36+1), $C$15:$C$26, 0)) ), $G36 > 0 ), IF(AND($I36<>"", $J36<>""), "OK", "NG"), "-")} -> - | O36: {=IF( $D36 <= IF( INDEX($E$15:$E$26, MATCH(INDEX($C:$C, ROW()-$D36+1), $C$15:$C$26, 0)) = リスト!$O$9, 5, INDEX($E$15:$E$26, MATCH(INDEX($C:$C, ROW()-$D36+1), $C$15:$C$26, 0)) ), IF(AND( LEN(SUBSTITUTE(SUBSTITUTE($E36,CHAR(10),""),CHAR(13),""))<=1000, SUMPRODUCT(--ISNUMBER(FIND({"<";">";"&";"""";"'"}, $E36)))=0, LEN(SUBSTITUTE(SUBSTITUTE($I36,CHAR(10),""),CHAR(13),""))<=1000, SUMPRODUCT(--ISNUMBER(FIND({"<";">";"&";"""";"'"}, $I36)))=0, LEN(SUBSTITUTE(SUBSTITUTE($J36,CHAR(10),""),CHAR(13),""))<=300, SUMPRODUCT(--ISNUMBER(FIND({"<";">";"&";"""";"'"}, $J36)))=0, OR($F36="", IF(ISNUMBER($F36), AND($F36=INT($F36), $F36>=0, LEN(TEXT($F36,"0"))<=12), FALSE)), OR($G36="", IF(ISNUMBER($G36), AND($G36=INT($G36), $G36>=0, LEN(TEXT($G36,"0"))<=12), FALSE)) ), "OK", "NG"), "-")} -> - | P36: {=IF( $D36 <= IF( INDEX($E$15:$E$26, MATCH(INDEX($C:$C, ROW()-$D36+1), $C$15:$C$26, 0)) = リスト!$O$9, 5, INDEX($E$15:$E$26, MATCH(INDEX($C:$C, ROW()-$D36+1), $C$15:$C$26, 0)) ), IF(AND(ISNUMBER($F36), ISNUMBER($G36)), IF(AND( $F36 >= $G36, IF(INDEX($C:$C, ROW()-$D36+1) = $C$31, $G36 >= 100000, TRUE) ), "OK", "NG"), "-"), "-")} -> - | Q36: {=IF( $D36 > IF( INDEX($E$15:$E$26, MATCH(INDEX($C:$C, ROW()-$D36+1), $C$15:$C$26, 0)) = リスト!$O$9, 5, INDEX($E$15:$E$26, MATCH(INDEX($C:$C, ROW()-$D36+1), $C$15:$C$26, 0)) ), IF(AND($E36="", $F36="", $G36="", $I36="", $J36=""), "OK", "NG"), "-")} -> OK
D37: 2 | H37: =IF(ISNUMBER($E$9),ROUNDDOWN(G37*$E$9,0),"-") -> 0 | M37: {=IF( $D37 <= IF( INDEX($E$15:$E$26, MATCH(INDEX($C:$C, ROW()-$D37+1), $C$15:$C$26, 0)) = リスト!$O$9, 5, INDEX($E$15:$E$26, MATCH(INDEX($C:$C, ROW()-$D37+1), $C$15:$C$26, 0)) ), IF(AND($E37<>"", $F37<>"", $G37<>""), "OK", "NG"), "-")} -> - | N37: {=IF(AND( $D37 <= IF( INDEX($E$15:$E$26, MATCH(INDEX($C:$C, ROW()-$D37+1), $C$15:$C$26, 0)) = リスト!$O$9, 5, INDEX($E$15:$E$26, MATCH(INDEX($C:$C, ROW()-$D37+1), $C$15:$C$26, 0)) ), $G37 > 0 ), IF(AND($I37<>"", $J37<>""), "OK", "NG"), "-")} -> - | O37: {=IF( $D37 <= IF( INDEX($E$15:$E$26, MATCH(INDEX($C:$C, ROW()-$D37+1), $C$15:$C$26, 0)) = リスト!$O$9, 5, INDEX($E$15:$E$26, MATCH(INDEX($C:$C, ROW()-$D37+1), $C$15:$C$26, 0)) ), IF(AND( LEN(SUBSTITUTE(SUBSTITUTE($E37,CHAR(10),""),CHAR(13),""))<=1000, SUMPRODUCT(--ISNUMBER(FIND({"<";">";"&";"""";"'"}, $E37)))=0, LEN(SUBSTITUTE(SUBSTITUTE($I37,CHAR(10),""),CHAR(13),""))<=1000, SUMPRODUCT(--ISNUMBER(FIND({"<";">";"&";"""";"'"}, $I37)))=0, LEN(SUBSTITUTE(SUBSTITUTE($J37,CHAR(10),""),CHAR(13),""))<=300, SUMPRODUCT(--ISNUMBER(FIND({"<";">";"&";"""";"'"}, $J37)))=0, OR($F37="", IF(ISNUMBER($F37), AND($F37=INT($F37), $F37>=0, LEN(TEXT($F37,"0"))<=12), FALSE)), OR($G37="", IF(ISNUMBER($G37), AND($G37=INT($G37), $G37>=0, LEN(TEXT($G37,"0"))<=12), FALSE)) ), "OK", "NG"), "-")} -> - | P37: {=IF( $D37 <= IF( INDEX($E$15:$E$26, MATCH(INDEX($C:$C, ROW()-$D37+1), $C$15:$C$26, 0)) = リスト!$O$9, 5, INDEX($E$15:$E$26, MATCH(INDEX($C:$C, ROW()-$D37+1), $C$15:$C$26, 0)) ), IF(AND(ISNUMBER($F37), ISNUMBER($G37)), IF(AND( $F37 >= $G37, IF(INDEX($C:$C, ROW()-$D37+1) = $C$31, $G37 >= 100000, TRUE) ), "OK", "NG"), "-"), "-")} -> - | Q37: {=IF( $D37 > IF( INDEX($E$15:$E$26, MATCH(INDEX($C:$C, ROW()-$D37+1), $C$15:$C$26, 0)) = リスト!$O$9, 5, INDEX($E$15:$E$26, MATCH(INDEX($C:$C, ROW()-$D37+1), $C$15:$C$26, 0)) ), IF(AND($E37="", $F37="", $G37="", $I37="", $J37=""), "OK", "NG"), "-")} -> OK
D38: 3 | H38: =IF(ISNUMBER($E$9),ROUNDDOWN(G38*$E$9,0),"-") -> 0 | M38: {=IF( $D38 <= IF( INDEX($E$15:$E$26, MATCH(INDEX($C:$C, ROW()-$D38+1), $C$15:$C$26, 0)) = リスト!$O$9, 5, INDEX($E$15:$E$26, MATCH(INDEX($C:$C, ROW()-$D38+1), $C$15:$C$26, 0)) ), IF(AND($E38<>"", $F38<>"", $G38<>""), "OK", "NG"), "-")} -> - | N38: {=IF(AND( $D38 <= IF( INDEX($E$15:$E$26, MATCH(INDEX($C:$C, ROW()-$D38+1), $C$15:$C$26, 0)) = リスト!$O$9, 5, INDEX($E$15:$E$26, MATCH(INDEX($C:$C, ROW()-$D38+1), $C$15:$C$26, 0)) ), $G38 > 0 ), IF(AND($I38<>"", $J38<>""), "OK", "NG"), "-")} -> - | O38: {=IF( $D38 <= IF( INDEX($E$15:$E$26, MATCH(INDEX($C:$C, ROW()-$D38+1), $C$15:$C$26, 0)) = リスト!$O$9, 5, INDEX($E$15:$E$26, MATCH(INDEX($C:$C, ROW()-$D38+1), $C$15:$C$26, 0)) ), IF(AND( LEN(SUBSTITUTE(SUBSTITUTE($E38,CHAR(10),""),CHAR(13),""))<=1000, SUMPRODUCT(--ISNUMBER(FIND({"<";">";"&";"""";"'"}, $E38)))=0, LEN(SUBSTITUTE(SUBSTITUTE($I38,CHAR(10),""),CHAR(13),""))<=1000, SUMPRODUCT(--ISNUMBER(FIND({"<";">";"&";"""";"'"}, $I38)))=0, LEN(SUBSTITUTE(SUBSTITUTE($J38,CHAR(10),""),CHAR(13),""))<=300, SUMPRODUCT(--ISNUMBER(FIND({"<";">";"&";"""";"'"}, $J38)))=0, OR($F38="", IF(ISNUMBER($F38), AND($F38=INT($F38), $F38>=0, LEN(TEXT($F38,"0"))<=12), FALSE)), OR($G38="", IF(ISNUMBER($G38), AND($G38=INT($G38), $G38>=0, LEN(TEXT($G38,"0"))<=12), FALSE)) ), "OK", "NG"), "-")} -> - | P38: {=IF( $D38 <= IF( INDEX($E$15:$E$26, MATCH(INDEX($C:$C, ROW()-$D38+1), $C$15:$C$26, 0)) = リスト!$O$9, 5, INDEX($E$15:$E$26, MATCH(INDEX($C:$C, ROW()-$D38+1), $C$15:$C$26, 0)) ), IF(AND(ISNUMBER($F38), ISNUMBER($G38)), IF(AND( $F38 >= $G38, IF(INDEX($C:$C, ROW()-$D38+1) = $C$31, $G38 >= 100000, TRUE) ), "OK", "NG"), "-"), "-")} -> - | Q38: {=IF( $D38 > IF( INDEX($E$15:$E$26, MATCH(INDEX($C:$C, ROW()-$D38+1), $C$15:$C$26, 0)) = リスト!$O$9, 5, INDEX($E$15:$E$26, MATCH(INDEX($C:$C, ROW()-$D38+1), $C$15:$C$26, 0)) ), IF(AND($E38="", $F38="", $G38="", $I38="", $J38=""), "OK", "NG"), "-")} -> OK
D39: 4 | H39: =IF(ISNUMBER($E$9),ROUNDDOWN(G39*$E$9,0),"-") -> 0 | M39: {=IF( $D39 <= IF( INDEX($E$15:$E$26, MATCH(INDEX($C:$C, ROW()-$D39+1), $C$15:$C$26, 0)) = リスト!$O$9, 5, INDEX($E$15:$E$26, MATCH(INDEX($C:$C, ROW()-$D39+1), $C$15:$C$26, 0)) ), IF(AND($E39<>"", $F39<>"", $G39<>""), "OK", "NG"), "-")} -> - | N39: {=IF(AND( $D39 <= IF( INDEX($E$15:$E$26, MATCH(INDEX($C:$C, ROW()-$D39+1), $C$15:$C$26, 0)) = リスト!$O$9, 5, INDEX($E$15:$E$26, MATCH(INDEX($C:$C, ROW()-$D39+1), $C$15:$C$26, 0)) ), $G39 > 0 ), IF(AND($I39<>"", $J39<>""), "OK", "NG"), "-")} -> - | O39: {=IF( $D39 <= IF( INDEX($E$15:$E$26, MATCH(INDEX($C:$C, ROW()-$D39+1), $C$15:$C$26, 0)) = リスト!$O$9, 5, INDEX($E$15:$E$26, MATCH(INDEX($C:$C, ROW()-$D39+1), $C$15:$C$26, 0)) ), IF(AND( LEN(SUBSTITUTE(SUBSTITUTE($E39,CHAR(10),""),CHAR(13),""))<=1000, SUMPRODUCT(--ISNUMBER(FIND({"<";">";"&";"""";"'"}, $E39)))=0, LEN(SUBSTITUTE(SUBSTITUTE($I39,CHAR(10),""),CHAR(13),""))<=1000, SUMPRODUCT(--ISNUMBER(FIND({"<";">";"&";"""";"'"}, $I39)))=0, LEN(SUBSTITUTE(SUBSTITUTE($J39,CHAR(10),""),CHAR(13),""))<=300, SUMPRODUCT(--ISNUMBER(FIND({"<";">";"&";"""";"'"}, $J39)))=0, OR($F39="", IF(ISNUMBER($F39), AND($F39=INT($F39), $F39>=0, LEN(TEXT($F39,"0"))<=12), FALSE)), OR($G39="", IF(ISNUMBER($G39), AND($G39=INT($G39), $G39>=0, LEN(TEXT($G39,"0"))<=12), FALSE)) ), "OK", "NG"), "-")} -> - | P39: {=IF( $D39 <= IF( INDEX($E$15:$E$26, MATCH(INDEX($C:$C, ROW()-$D39+1), $C$15:$C$26, 0)) = リスト!$O$9, 5, INDEX($E$15:$E$26, MATCH(INDEX($C:$C, ROW()-$D39+1), $C$15:$C$26, 0)) ), IF(AND(ISNUMBER($F39), ISNUMBER($G39)), IF(AND( $F39 >= $G39, IF(INDEX($C:$C, ROW()-$D39+1) = $C$31, $G39 >= 100000, TRUE) ), "OK", "NG"), "-"), "-")} -> - | Q39: {=IF( $D39 > IF( INDEX($E$15:$E$26, MATCH(INDEX($C:$C, ROW()-$D39+1), $C$15:$C$26, 0)) = リスト!$O$9, 5, INDEX($E$15:$E$26, MATCH(INDEX($C:$C, ROW()-$D39+1), $C$15:$C$26, 0)) ), IF(AND($E39="", $F39="", $G39="", $I39="", $J39=""), "OK", "NG"), "-")} -> OK
D40: 5 | H40: =IF(ISNUMBER($E$9),ROUNDDOWN(G40*$E$9,0),"-") -> 0 | M40: {=IF( $D40 <= IF( INDEX($E$15:$E$26, MATCH(INDEX($C:$C, ROW()-$D40+1), $C$15:$C$26, 0)) = リスト!$O$9, 5, INDEX($E$15:$E$26, MATCH(INDEX($C:$C, ROW()-$D40+1), $C$15:$C$26, 0)) ), IF(AND($E40<>"", $F40<>"", $G40<>""), "OK", "NG"), "-")} -> - | N40: {=IF(AND( $D40 <= IF( INDEX($E$15:$E$26, MATCH(INDEX($C:$C, ROW()-$D40+1), $C$15:$C$26, 0)) = リスト!$O$9, 5, INDEX($E$15:$E$26, MATCH(INDEX($C:$C, ROW()-$D40+1), $C$15:$C$26, 0)) ), $G40 > 0 ), IF(AND($I40<>"", $J40<>""), "OK", "NG"), "-")} -> - | O40: {=IF( $D40 <= IF( INDEX($E$15:$E$26, MATCH(INDEX($C:$C, ROW()-$D40+1), $C$15:$C$26, 0)) = リスト!$O$9, 5, INDEX($E$15:$E$26, MATCH(INDEX($C:$C, ROW()-$D40+1), $C$15:$C$26, 0)) ), IF(AND( LEN(SUBSTITUTE(SUBSTITUTE($E40,CHAR(10),""),CHAR(13),""))<=1000, SUMPRODUCT(--ISNUMBER(FIND({"<";">";"&";"""";"'"}, $E40)))=0, LEN(SUBSTITUTE(SUBSTITUTE($I40,CHAR(10),""),CHAR(13),""))<=1000, SUMPRODUCT(--ISNUMBER(FIND({"<";">";"&";"""";"'"}, $I40)))=0, LEN(SUBSTITUTE(SUBSTITUTE($J40,CHAR(10),""),CHAR(13),""))<=300, SUMPRODUCT(--ISNUMBER(FIND({"<";">";"&";"""";"'"}, $J40)))=0, OR($F40="", IF(ISNUMBER($F40), AND($F40=INT($F40), $F40>=0, LEN(TEXT($F40,"0"))<=12), FALSE)), OR($G40="", IF(ISNUMBER($G40), AND($G40=INT($G40), $G40>=0, LEN(TEXT($G40,"0"))<=12), FALSE)) ), "OK", "NG"), "-")} -> - | P40: {=IF( $D40 <= IF( INDEX($E$15:$E$26, MATCH(INDEX($C:$C, ROW()-$D40+1), $C$15:$C$26, 0)) = リスト!$O$9, 5, INDEX($E$15:$E$26, MATCH(INDEX($C:$C, ROW()-$D40+1), $C$15:$C$26, 0)) ), IF(AND(ISNUMBER($F40), ISNUMBER($G40)), IF(AND( $F40 >= $G40, IF(INDEX($C:$C, ROW()-$D40+1) = $C$31, $G40 >= 100000, TRUE) ), "OK", "NG"), "-"), "-")} -> - | Q40: {=IF( $D40 > IF( INDEX($E$15:$E$26, MATCH(INDEX($C:$C, ROW()-$D40+1), $C$15:$C$26, 0)) = リスト!$O$9, 5, INDEX($E$15:$E$26, MATCH(INDEX($C:$C, ROW()-$D40+1), $C$15:$C$26, 0)) ), IF(AND($E40="", $F40="", $G40="", $I40="", $J40=""), "OK", "NG"), "-")} -> OK
C41: 運搬費 | D41: 1 | E41: 試作品・サンプル品の配送費 | F41: 220000 | G41: 200000 | H41: =IF(ISNUMBER($E$9),ROUNDDOWN(G41*$E$9,0),"-") -> 133333 | I41: 冷凍便20件×10,000円 計200,000円(税抜)。 | J41: 量販店バイヤーへの試食提案にあたり、冷凍状態を維持したまま試作品を全国の取引先へ配送する必要がある。常温便では品質が保てず、新製品の価値を正しく評価してもらえないため計上する。 | M41: {=IF( $D41 <= IF( INDEX($E$15:$E$26, MATCH(INDEX($C:$C, ROW()-$D41+1), $C$15:$C$26, 0)) = リスト!$O$9, 5, INDEX($E$15:$E$26, MATCH(INDEX($C:$C, ROW()-$D41+1), $C$15:$C$26, 0)) ), IF(AND($E41<>"", $F41<>"", $G41<>""), "OK", "NG"), "-")} -> OK | N41: {=IF(AND( $D41 <= IF( INDEX($E$15:$E$26, MATCH(INDEX($C:$C, ROW()-$D41+1), $C$15:$C$26, 0)) = リスト!$O$9, 5, INDEX($E$15:$E$26, MATCH(INDEX($C:$C, ROW()-$D41+1), $C$15:$C$26, 0)) ), $G41 > 0 ), IF(AND($I41<>"", $J41<>""), "OK", "NG"), "-")} -> OK | O41: {=IF( $D41 <= IF( INDEX($E$15:$E$26, MATCH(INDEX($C:$C, ROW()-$D41+1), $C$15:$C$26, 0)) = リスト!$O$9, 5, INDEX($E$15:$E$26, MATCH(INDEX($C:$C, ROW()-$D41+1), $C$15:$C$26, 0)) ), IF(AND( LEN(SUBSTITUTE(SUBSTITUTE($E41,CHAR(10),""),CHAR(13),""))<=1000, SUMPRODUCT(--ISNUMBER(FIND({"<";">";"&";"""";"'"}, $E41)))=0, LEN(SUBSTITUTE(SUBSTITUTE($I41,CHAR(10),""),CHAR(13),""))<=1000, SUMPRODUCT(--ISNUMBER(FIND({"<";">";"&";"""";"'"}, $I41)))=0, LEN(SUBSTITUTE(SUBSTITUTE($J41,CHAR(10),""),CHAR(13),""))<=300, SUMPRODUCT(--ISNUMBER(FIND({"<";">";"&";"""";"'"}, $J41)))=0, OR($F41="", IF(ISNUMBER($F41), AND($F41=INT($F41), $F41>=0, LEN(TEXT($F41,"0"))<=12), FALSE)), OR($G41="", IF(ISNUMBER($G41), AND($G41=INT($G41), $G41>=0, LEN(TEXT($G41,"0"))<=12), FALSE)) ), "OK", "NG"), "-")} -> OK | P41: {=IF( $D41 <= IF( INDEX($E$15:$E$26, MATCH(INDEX($C:$C, ROW()-$D41+1), $C$15:$C$26, 0)) = リスト!$O$9, 5, INDEX($E$15:$E$26, MATCH(INDEX($C:$C, ROW()-$D41+1), $C$15:$C$26, 0)) ), IF(AND(ISNUMBER($F41), ISNUMBER($G41)), IF(AND( $F41 >= $G41, IF(INDEX($C:$C, ROW()-$D41+1) = $C$31, $G41 >= 100000, TRUE) ), "OK", "NG"), "-"), "-")} -> OK | Q41: {=IF( $D41 > IF( INDEX($E$15:$E$26, MATCH(INDEX($C:$C, ROW()-$D41+1), $C$15:$C$26, 0)) = リスト!$O$9, 5, INDEX($E$15:$E$26, MATCH(INDEX($C:$C, ROW()-$D41+1), $C$15:$C$26, 0)) ), IF(AND($E41="", $F41="", $G41="", $I41="", $J41=""), "OK", "NG"), "-")} -> -
D42: 2 | H42: =IF(ISNUMBER($E$9),ROUNDDOWN(G42*$E$9,0),"-") -> 0 | M42: {=IF( $D42 <= IF( INDEX($E$15:$E$26, MATCH(INDEX($C:$C, ROW()-$D42+1), $C$15:$C$26, 0)) = リスト!$O$9, 5, INDEX($E$15:$E$26, MATCH(INDEX($C:$C, ROW()-$D42+1), $C$15:$C$26, 0)) ), IF(AND($E42<>"", $F42<>"", $G42<>""), "OK", "NG"), "-")} -> - | N42: {=IF(AND( $D42 <= IF( INDEX($E$15:$E$26, MATCH(INDEX($C:$C, ROW()-$D42+1), $C$15:$C$26, 0)) = リスト!$O$9, 5, INDEX($E$15:$E$26, MATCH(INDEX($C:$C, ROW()-$D42+1), $C$15:$C$26, 0)) ), $G42 > 0 ), IF(AND($I42<>"", $J42<>""), "OK", "NG"), "-")} -> - | O42: {=IF( $D42 <= IF( INDEX($E$15:$E$26, MATCH(INDEX($C:$C, ROW()-$D42+1), $C$15:$C$26, 0)) = リスト!$O$9, 5, INDEX($E$15:$E$26, MATCH(INDEX($C:$C, ROW()-$D42+1), $C$15:$C$26, 0)) ), IF(AND( LEN(SUBSTITUTE(SUBSTITUTE($E42,CHAR(10),""),CHAR(13),""))<=1000, SUMPRODUCT(--ISNUMBER(FIND({"<";">";"&";"""";"'"}, $E42)))=0, LEN(SUBSTITUTE(SUBSTITUTE($I42,CHAR(10),""),CHAR(13),""))<=1000, SUMPRODUCT(--ISNUMBER(FIND({"<";">";"&";"""";"'"}, $I42)))=0, LEN(SUBSTITUTE(SUBSTITUTE($J42,CHAR(10),""),CHAR(13),""))<=300, SUMPRODUCT(--ISNUMBER(FIND({"<";">";"&";"""";"'"}, $J42)))=0, OR($F42="", IF(ISNUMBER($F42), AND($F42=INT($F42), $F42>=0, LEN(TEXT($F42,"0"))<=12), FALSE)), OR($G42="", IF(ISNUMBER($G42), AND($G42=INT($G42), $G42>=0, LEN(TEXT($G42,"0"))<=12), FALSE)) ), "OK", "NG"), "-")} -> - | P42: {=IF( $D42 <= IF( INDEX($E$15:$E$26, MATCH(INDEX($C:$C, ROW()-$D42+1), $C$15:$C$26, 0)) = リスト!$O$9, 5, INDEX($E$15:$E$26, MATCH(INDEX($C:$C, ROW()-$D42+1), $C$15:$C$26, 0)) ), IF(AND(ISNUMBER($F42), ISNUMBER($G42)), IF(AND( $F42 >= $G42, IF(INDEX($C:$C, ROW()-$D42+1) = $C$31, $G42 >= 100000, TRUE) ), "OK", "NG"), "-"), "-")} -> - | Q42: {=IF( $D42 > IF( INDEX($E$15:$E$26, MATCH(INDEX($C:$C, ROW()-$D42+1), $C$15:$C$26, 0)) = リスト!$O$9, 5, INDEX($E$15:$E$26, MATCH(INDEX($C:$C, ROW()-$D42+1), $C$15:$C$26, 0)) ), IF(AND($E42="", $F42="", $G42="", $I42="", $J42=""), "OK", "NG"), "-")} -> OK
D43: 3 | H43: =IF(ISNUMBER($E$9),ROUNDDOWN(G43*$E$9,0),"-") -> 0 | M43: {=IF( $D43 <= IF( INDEX($E$15:$E$26, MATCH(INDEX($C:$C, ROW()-$D43+1), $C$15:$C$26, 0)) = リスト!$O$9, 5, INDEX($E$15:$E$26, MATCH(INDEX($C:$C, ROW()-$D43+1), $C$15:$C$26, 0)) ), IF(AND($E43<>"", $F43<>"", $G43<>""), "OK", "NG"), "-")} -> - | N43: {=IF(AND( $D43 <= IF( INDEX($E$15:$E$26, MATCH(INDEX($C:$C, ROW()-$D43+1), $C$15:$C$26, 0)) = リスト!$O$9, 5, INDEX($E$15:$E$26, MATCH(INDEX($C:$C, ROW()-$D43+1), $C$15:$C$26, 0)) ), $G43 > 0 ), IF(AND($I43<>"", $J43<>""), "OK", "NG"), "-")} -> - | O43: {=IF( $D43 <= IF( INDEX($E$15:$E$26, MATCH(INDEX($C:$C, ROW()-$D43+1), $C$15:$C$26, 0)) = リスト!$O$9, 5, INDEX($E$15:$E$26, MATCH(INDEX($C:$C, ROW()-$D43+1), $C$15:$C$26, 0)) ), IF(AND( LEN(SUBSTITUTE(SUBSTITUTE($E43,CHAR(10),""),CHAR(13),""))<=1000, SUMPRODUCT(--ISNUMBER(FIND({"<";">";"&";"""";"'"}, $E43)))=0, LEN(SUBSTITUTE(SUBSTITUTE($I43,CHAR(10),""),CHAR(13),""))<=1000, SUMPRODUCT(--ISNUMBER(FIND({"<";">";"&";"""";"'"}, $I43)))=0, LEN(SUBSTITUTE(SUBSTITUTE($J43,CHAR(10),""),CHAR(13),""))<=300, SUMPRODUCT(--ISNUMBER(FIND({"<";">";"&";"""";"'"}, $J43)))=0, OR($F43="", IF(ISNUMBER($F43), AND($F43=INT($F43), $F43>=0, LEN(TEXT($F43,"0"))<=12), FALSE)), OR($G43="", IF(ISNUMBER($G43), AND($G43=INT($G43), $G43>=0, LEN(TEXT($G43,"0"))<=12), FALSE)) ), "OK", "NG"), "-")} -> - | P43: {=IF( $D43 <= IF( INDEX($E$15:$E$26, MATCH(INDEX($C:$C, ROW()-$D43+1), $C$15:$C$26, 0)) = リスト!$O$9, 5, INDEX($E$15:$E$26, MATCH(INDEX($C:$C, ROW()-$D43+1), $C$15:$C$26, 0)) ), IF(AND(ISNUMBER($F43), ISNUMBER($G43)), IF(AND( $F43 >= $G43, IF(INDEX($C:$C, ROW()-$D43+1) = $C$31, $G43 >= 100000, TRUE) ), "OK", "NG"), "-"), "-")} -> - | Q43: {=IF( $D43 > IF( INDEX($E$15:$E$26, MATCH(INDEX($C:$C, ROW()-$D43+1), $C$15:$C$26, 0)) = リスト!$O$9, 5, INDEX($E$15:$E$26, MATCH(INDEX($C:$C, ROW()-$D43+1), $C$15:$C$26, 0)) ), IF(AND($E43="", $F43="", $G43="", $I43="", $J43=""), "OK", "NG"), "-")} -> OK
D44: 4 | H44: =IF(ISNUMBER($E$9),ROUNDDOWN(G44*$E$9,0),"-") -> 0 | M44: {=IF( $D44 <= IF( INDEX($E$15:$E$26, MATCH(INDEX($C:$C, ROW()-$D44+1), $C$15:$C$26, 0)) = リスト!$O$9, 5, INDEX($E$15:$E$26, MATCH(INDEX($C:$C, ROW()-$D44+1), $C$15:$C$26, 0)) ), IF(AND($E44<>"", $F44<>"", $G44<>""), "OK", "NG"), "-")} -> - | N44: {=IF(AND( $D44 <= IF( INDEX($E$15:$E$26, MATCH(INDEX($C:$C, ROW()-$D44+1), $C$15:$C$26, 0)) = リスト!$O$9, 5, INDEX($E$15:$E$26, MATCH(INDEX($C:$C, ROW()-$D44+1), $C$15:$C$26, 0)) ), $G44 > 0 ), IF(AND($I44<>"", $J44<>""), "OK", "NG"), "-")} -> - | O44: {=IF( $D44 <= IF( INDEX($E$15:$E$26, MATCH(INDEX($C:$C, ROW()-$D44+1), $C$15:$C$26, 0)) = リスト!$O$9, 5, INDEX($E$15:$E$26, MATCH(INDEX($C:$C, ROW()-$D44+1), $C$15:$C$26, 0)) ), IF(AND( LEN(SUBSTITUTE(SUBSTITUTE($E44,CHAR(10),""),CHAR(13),""))<=1000, SUMPRODUCT(--ISNUMBER(FIND({"<";">";"&";"""";"'"}, $E44)))=0, LEN(SUBSTITUTE(SUBSTITUTE($I44,CHAR(10),""),CHAR(13),""))<=1000, SUMPRODUCT(--ISNUMBER(FIND({"<";">";"&";"""";"'"}, $I44)))=0, LEN(SUBSTITUTE(SUBSTITUTE($J44,CHAR(10),""),CHAR(13),""))<=300, SUMPRODUCT(--ISNUMBER(FIND({"<";">";"&";"""";"'"}, $J44)))=0, OR($F44="", IF(ISNUMBER($F44), AND($F44=INT($F44), $F44>=0, LEN(TEXT($F44,"0"))<=12), FALSE)), OR($G44="", IF(ISNUMBER($G44), AND($G44=INT($G44), $G44>=0, LEN(TEXT($G44,"0"))<=12), FALSE)) ), "OK", "NG"), "-")} -> - | P44: {=IF( $D44 <= IF( INDEX($E$15:$E$26, MATCH(INDEX($C:$C, ROW()-$D44+1), $C$15:$C$26, 0)) = リスト!$O$9, 5, INDEX($E$15:$E$26, MATCH(INDEX($C:$C, ROW()-$D44+1), $C$15:$C$26, 0)) ), IF(AND(ISNUMBER($F44), ISNUMBER($G44)), IF(AND( $F44 >= $G44, IF(INDEX($C:$C, ROW()-$D44+1) = $C$31, $G44 >= 100000, TRUE) ), "OK", "NG"), "-"), "-")} -> - | Q44: {=IF( $D44 > IF( INDEX($E$15:$E$26, MATCH(INDEX($C:$C, ROW()-$D44+1), $C$15:$C$26, 0)) = リスト!$O$9, 5, INDEX($E$15:$E$26, MATCH(INDEX($C:$C, ROW()-$D44+1), $C$15:$C$26, 0)) ), IF(AND($E44="", $F44="", $G44="", $I44="", $J44=""), "OK", "NG"), "-")} -> OK
D45: 5 | H45: =IF(ISNUMBER($E$9),ROUNDDOWN(G45*$E$9,0),"-") -> 0 | M45: {=IF( $D45 <= IF( INDEX($E$15:$E$26, MATCH(INDEX($C:$C, ROW()-$D45+1), $C$15:$C$26, 0)) = リスト!$O$9, 5, INDEX($E$15:$E$26, MATCH(INDEX($C:$C, ROW()-$D45+1), $C$15:$C$26, 0)) ), IF(AND($E45<>"", $F45<>"", $G45<>""), "OK", "NG"), "-")} -> - | N45: {=IF(AND( $D45 <= IF( INDEX($E$15:$E$26, MATCH(INDEX($C:$C, ROW()-$D45+1), $C$15:$C$26, 0)) = リスト!$O$9, 5, INDEX($E$15:$E$26, MATCH(INDEX($C:$C, ROW()-$D45+1), $C$15:$C$26, 0)) ), $G45 > 0 ), IF(AND($I45<>"", $J45<>""), "OK", "NG"), "-")} -> - | O45: {=IF( $D45 <= IF( INDEX($E$15:$E$26, MATCH(INDEX($C:$C, ROW()-$D45+1), $C$15:$C$26, 0)) = リスト!$O$9, 5, INDEX($E$15:$E$26, MATCH(INDEX($C:$C, ROW()-$D45+1), $C$15:$C$26, 0)) ), IF(AND( LEN(SUBSTITUTE(SUBSTITUTE($E45,CHAR(10),""),CHAR(13),""))<=1000, SUMPRODUCT(--ISNUMBER(FIND({"<";">";"&";"""";"'"}, $E45)))=0, LEN(SUBSTITUTE(SUBSTITUTE($I45,CHAR(10),""),CHAR(13),""))<=1000, SUMPRODUCT(--ISNUMBER(FIND({"<";">";"&";"""";"'"}, $I45)))=0, LEN(SUBSTITUTE(SUBSTITUTE($J45,CHAR(10),""),CHAR(13),""))<=300, SUMPRODUCT(--ISNUMBER(FIND({"<";">";"&";"""";"'"}, $J45)))=0, OR($F45="", IF(ISNUMBER($F45), AND($F45=INT($F45), $F45>=0, LEN(TEXT($F45,"0"))<=12), FALSE)), OR($G45="", IF(ISNUMBER($G45), AND($G45=INT($G45), $G45>=0, LEN(TEXT($G45,"0"))<=12), FALSE)) ), "OK", "NG"), "-")} -> - | P45: {=IF( $D45 <= IF( INDEX($E$15:$E$26, MATCH(INDEX($C:$C, ROW()-$D45+1), $C$15:$C$26, 0)) = リスト!$O$9, 5, INDEX($E$15:$E$26, MATCH(INDEX($C:$C, ROW()-$D45+1), $C$15:$C$26, 0)) ), IF(AND(ISNUMBER($F45), ISNUMBER($G45)), IF(AND( $F45 >= $G45, IF(INDEX($C:$C, ROW()-$D45+1) = $C$31, $G45 >= 100000, TRUE) ), "OK", "NG"), "-"), "-")} -> - | Q45: {=IF( $D45 > IF( INDEX($E$15:$E$26, MATCH(INDEX($C:$C, ROW()-$D45+1), $C$15:$C$26, 0)) = リスト!$O$9, 5, INDEX($E$15:$E$26, MATCH(INDEX($C:$C, ROW()-$D45+1), $C$15:$C$26, 0)) ), IF(AND($E45="", $F45="", $G45="", $I45="", $J45=""), "OK", "NG"), "-")} -> OK
C46: 技術導入費 | D46: 1 | H46: =IF(ISNUMBER($E$9),ROUNDDOWN(G46*$E$9,0),"-") -> 0 | M46: {=IF( $D46 <= IF( INDEX($E$15:$E$26, MATCH(INDEX($C:$C, ROW()-$D46+1), $C$15:$C$26, 0)) = リスト!$O$9, 5, INDEX($E$15:$E$26, MATCH(INDEX($C:$C, ROW()-$D46+1), $C$15:$C$26, 0)) ), IF(AND($E46<>"", $F46<>"", $G46<>""), "OK", "NG"), "-")} -> - | N46: {=IF(AND( $D46 <= IF( INDEX($E$15:$E$26, MATCH(INDEX($C:$C, ROW()-$D46+1), $C$15:$C$26, 0)) = リスト!$O$9, 5, INDEX($E$15:$E$26, MATCH(INDEX($C:$C, ROW()-$D46+1), $C$15:$C$26, 0)) ), $G46 > 0 ), IF(AND($I46<>"", $J46<>""), "OK", "NG"), "-")} -> - | O46: {=IF( $D46 <= IF( INDEX($E$15:$E$26, MATCH(INDEX($C:$C, ROW()-$D46+1), $C$15:$C$26, 0)) = リスト!$O$9, 5, INDEX($E$15:$E$26, MATCH(INDEX($C:$C, ROW()-$D46+1), $C$15:$C$26, 0)) ), IF(AND( LEN(SUBSTITUTE(SUBSTITUTE($E46,CHAR(10),""),CHAR(13),""))<=1000, SUMPRODUCT(--ISNUMBER(FIND({"<";">";"&";"""";"'"}, $E46)))=0, LEN(SUBSTITUTE(SUBSTITUTE($I46,CHAR(10),""),CHAR(13),""))<=1000, SUMPRODUCT(--ISNUMBER(FIND({"<";">";"&";"""";"'"}, $I46)))=0, LEN(SUBSTITUTE(SUBSTITUTE($J46,CHAR(10),""),CHAR(13),""))<=300, SUMPRODUCT(--ISNUMBER(FIND({"<";">";"&";"""";"'"}, $J46)))=0, OR($F46="", IF(ISNUMBER($F46), AND($F46=INT($F46), $F46>=0, LEN(TEXT($F46,"0"))<=12), FALSE)), OR($G46="", IF(ISNUMBER($G46), AND($G46=INT($G46), $G46>=0, LEN(TEXT($G46,"0"))<=12), FALSE)) ), "OK", "NG"), "-")} -> - | P46: {=IF( $D46 <= IF( INDEX($E$15:$E$26, MATCH(INDEX($C:$C, ROW()-$D46+1), $C$15:$C$26, 0)) = リスト!$O$9, 5, INDEX($E$15:$E$26, MATCH(INDEX($C:$C, ROW()-$D46+1), $C$15:$C$26, 0)) ), IF(AND(ISNUMBER($F46), ISNUMBER($G46)), IF(AND( $F46 >= $G46, IF(INDEX($C:$C, ROW()-$D46+1) = $C$31, $G46 >= 100000, TRUE) ), "OK", "NG"), "-"), "-")} -> - | Q46: {=IF( $D46 > IF( INDEX($E$15:$E$26, MATCH(INDEX($C:$C, ROW()-$D46+1), $C$15:$C$26, 0)) = リスト!$O$9, 5, INDEX($E$15:$E$26, MATCH(INDEX($C:$C, ROW()-$D46+1), $C$15:$C$26, 0)) ), IF(AND($E46="", $F46="", $G46="", $I46="", $J46=""), "OK", "NG"), "-")} -> OK
